 Dungeon Crawl Stone Soup version 0.20-a0-386-g2d247ea (console) character file.

95632 Lightli the Intangible (level 15, 244/244 HPs) *WIZ*
             Began as a Djinni Ice Elementalist on June 13, 2016.
             Quit the game in a volcano on May 6, 2017.
             The game lasted 00:28:44 (2805 turns).

Lightli the Intangible (Djinni Ice Elementalist)    Turns: 2805, Time: 00:28:45

Health: 244/244    AC: 61    Str: 30    XL:     15   Next: 66%
Magic:  0/0        EV: 45    Int: 125   God:    No God 0 (0)
Gold:   146        SH:  4    Dex: 125   Spells: 52/68 levels left

rFire  + + +     SeeInvis +     k - +9 quick blade (elec)
rCold  + + +     Gourm    .     j - +23 crystal plate armour {rC+ rF+}
rNeg   + + +     Faith    .     (no shield)
rPois  +         Spirit   .     (helmet restricted)
rElec  +         Reflect  .     (no cloak)
rCorr  .         Harm     .     (no gloves)
MR     ++++.     Clarity  +     (boots unavailable)
Stlth  ++++++++++               (no amulet)
                                (no ring)
                                (no ring)

@: finesse, flying, very slightly contaminated
A: fire immunity, cold vulnerability, antennae 2, claws 2, fangs 3, tentacle
spike 3, icy blue scales 1, large bone plates 1, molten scales 1, camouflage 2,
see invisible, agile 2, blink, clarity, clever 2, cold resistance 3, fire
resistance 3, high mp 3, magic resistance 3, negative energy resistance 3, sense
surroundings 3, poison resistance, regeneration 3, robust 3, shaggy fur 3,
electricity resistance, strong 2, wild magic 3, acidic bite
a: Blink


You were in a volcano.
You were not hungry.

You visited 3 branches of the dungeon, and saw 6 of its levels.
You visited the Abyss 2 times.
You also visited: Volcano (2 times) and Wizlab.

You collected 146 gold pieces.

Inventory:

Hand Weapons
 k - a +9 quick blade of electrocution (weapon)
 s - the +10 dark maul {crush} (Your wizardly powers created it in the Ecumenical Temple) It inflicts extra damage upon your enemies.
Armour
 j - a +23 crystal plate armour of resistance (worn)
Jewellery
 l - a +6 ring of evasion
 m - a +5 ring of evasion
 n - a +5 ring of evasion
 o - a +5 ring of evasion
 p - a +5 ring of evasion
 q - the ring of Shaolin {EV+8} (Your wizardly powers created it on level 5 of the Dungeon) [ring of evasion] It affects your evasion (+8).
Scrolls
 d - 3 scrolls of identify
 e - a scroll of remove curse
 h - 2 scrolls of enchant armour
Potions
 c - a potion of lignification
 f - 3 potions of curing
 g - a potion of heal wounds
 t - a potion of might {unknown}
Books
 a - a book of Frost

   Spells                             Type                      Level
   a - Freeze                         Ice                          1
   b - Throw Frost                    Conjuration/Ice              2
   c - Ozocubu's Armour               Charms/Ice                   3
   d - Throw Icicle                   Conjuration/Ice              4
   e - Summon Ice Beast               Ice/Summoning                4
Comestibles
 b - 2 bread rations
 i - a meat ration
 r - a slice of pizza


   Skills:
 O Level 27 Fighting
 O Level 27 Short Blades
 O Level 27 Long Blades
 O Level 27 Axes
 O Level 27 Maces & Flails
 O Level 27 Polearms
 O Level 27 Staves
 O Level 27 Slings
 O Level 27 Bows
 O Level 27 Crossbows
 O Level 27 Throwing
 O Level 27 Armour
 O Level 27 Dodging
 + Level 26.9 Stealth
 O Level 27 Shields
 O Level 27 Unarmed Combat
 O Level 27 Spellcasting
 O Level 27 Conjurations
 O Level 27 Hexes
 O Level 27 Charms
 O Level 27 Summonings
 O Level 27 Necromancy
 O Level 27 Translocations
 O Level 27 Transmutations
 O Level 27 Fire Magic
 O Level 27 Ice Magic
 O Level 27 Air Magic
 O Level 27 Earth Magic
 O Level 27 Poison Magic
   Level 26.9 Invocations
 O Level 27 Evocations


You had 52 spell levels left.
You knew the following spells:

 Your Spells              Type           Power        Failure   Level  Hunger
a - Freeze                Ice            25 (25)      1%          1    0
b - Dragon's Call         Summ           200 (200)    1%          9    0
c - Haste                 Chrm           100 (100)    1%          6    0


Dungeon Overview and Level Annotations

Branches:
Dungeon (6/15)             Temple (1/1) D:4

Altars:
Dithmenos
Xom
Yredelemnul
The Shining One

Annotations:
D:5 Lernaean hydra


Innate Abilities, Weirdness & Mutations

You are immune to all types of fire, even holy and hellish.
You are vulnerable to cold.
You need no food.
You have no legs.
You have a pair of antennae on your head.
You have very sharp fingernails.
You have razor-sharp teeth.
One of your tentacles bears a large vicious spike.
You are partially covered in icy blue scales. (AC +2)
You are partially covered in large bone plates. (SH +4)
You are partially covered in molten scales. (AC +2)
Your skin blends seamlessly with your surroundings (Stealth++).
You have supernaturally acute eyesight. (SInv)
You are very agile. (Dex +4)
You can translocate small distances at will.
You possess an exceptional clarity of mind.
Your mind is very acute. (Int +4)
Your flesh is almost immune to the effects of cold. (rC+++)
Your flesh is almost immune to the effects of heat. (rF+++)
You have a greatly increased reservoir of magic. (+30% MP)
You are extremely resistant to the effects of hostile enchantments. (MR+++)
You are immune to negative energy. (rN+++)
You passively map a large area around you.
Your system is resistant to poisons. (rPois)
You regenerate.
You are extremely robust. (+30% HP)
Your thick and shaggy fur keeps you warm. (AC +3, rC+)
You are resistant to electric shocks. (rElec)
Your muscles are very strong. (Str +4)
Your spells are much harder to cast, but much more powerful.
You have acidic saliva.


Message History

You now have 146 gold pieces (gained 14).
You feel less vulnerable to fire.
Done exploring.
Done exploring.
Done exploring.
You see here a robe.
You see here 12 arrows.
There is a large open door here.
There is a rocky tunnel leading out of this place here.
Saving game... please wait.
Welcome back, Lightli the Djinni Ice Elementalist.
Press ? for a list of commands and other information.
Unknown command.
Are you sure you want to abandon this character and quit the game? (Confirm with "yes".)
Okay, then.
Unknown command.
Saving game... please wait.
Welcome back, Lightli the Djinni Ice Elementalist.
Press ? for a list of commands and other information.
Are you sure you want to abandon this character and quit the game? (Confirm with "yes".)

§≈≈≈≈≈≈≈≈≈≈≈≈.#......#.#......#.≈
§≈≈≈≈≈≈≈≈≈≈≈≈.#.)[(#.#.#.#∆∆..#.≈
§≈≈≈≈≈≈≈≈≈≈≈≈.#..[†#.#.#.#∆∆∆.#.≈
≈≈≈≈≈≈≈≈≈≈≈§≈.#..).#.#.#.#∆∆∆.#.≈
≈≈≈≈≈≈≈≈≈≈≈≈≈.######.#.#.######.≈
≈≈≈≈≈≈≈≈≈≈≈≈≈.#......#.#......#.≈
≈≈≈≈≈≈≈≈≈≈≈≈≈.###''###'###++###.≈
≈≈≈≈≈≈≈≈≈≈≈≈≈.#....#..)..#....#..
≈≈≈≈≈≈≈≈≈≈≈≈≈.#.@..#.8_8.#..∩.#.≈
≈≈≈≈≈≈≈≈≈≈≈≈≈.#....'.†...+....#.≈
≈≈≈≈≈≈≈≈≈≈≈≈≈.#################.≈
≈≈≈≈≈≈≈≈≈≈≈≈.≈..................≈
.≈≈≈≈≈≈≈≈≈..≈≈.≈≈≈≈≈≈≈≈≈≈≈≈≈≈≈≈≈≈
..≈≈≈≈≈≈..≈≈≈≈≈≈≈≈≈≈≈≈≈≈≈≈≈≈≈≈≈≈≈
.≈≈≈≈≈..≈≈≈≈≈≈≈≈≈≈≈≈≈≈≈≈≈≈≈≈≈≈≈≈≈
...≈..≈≈≈≈≈≈≈≈≈≈≈≈≈≈≈≈≈≈≈≈≈≈≈≈≈≈≈
....≈≈≈≈≈≈≈≈≈≈≈≈≈≈≈≈≈≈≈≈≈≈≈≈≈≈≈≈≈


There were no monsters in sight!

Vanquished Creatures
  A test spawner (Temple)
  Cerebov (Temple)
  A Hellbinder (WizLab)
  A tentacled monstrosity (Zot:5)
  An Ice Fiend (Temple)
  2 Orb Guardians (Zot:5)
  A balrug (WizLab)
  A reaper (WizLab)
  A deep elf demonologist (WizLab)
  A blizzard demon (WizLab)
  4 hell beasts (WizLab)
  A hell knight (Volcano)
  2 manticores (Volcano)
  A molten gargoyle (Volcano)
  2 orange demons (WizLab)
  A toenail golem (Volcano)
  A hellion (WizLab)
  A kobold demonologist (WizLab)
  2 ice devils (WizLab)
  A tormentor (WizLab)
  A red devil (WizLab)
  A slime creature (D:5)
  A ynoxinul (WizLab)
  Eustachio (D:4)
  A fire elemental (Volcano)
  The ghost of minmay the Conjurer, an amateur OpVM (D:4)
  An ice beast (D:5)
  Blork the orc (D:4)
  A howler monkey (D:4)
  A bullfrog zombie (D:4)
  A jelly (D:5)
  An orc wizard (D:4)
  A hound skeleton (D:5)
  2 adders (D:4)
  An ufetubus (WizLab)
  An ooze (D:1)
  An adder skeleton (D:4)
  2 dart slugs (D:1)
  A leopard gecko (D:4)
  9 orcs
  2 bats (D:1)
  3 giant cockroaches
  2 goblins (D:1)
  3 hobgoblins (D:1)
  7 jackals (D:5)
  3 frilled lizards
  3 kobolds (D:1)
  A leopard gecko skeleton (D:4)
  6 rats
87 creatures vanquished.

Vanquished Creatures (collateral kills)
  7 Orb Guardians (Zot:5)
  A storm dragon (Zot:5)
  A black draconian (Zot:5)
  A fire dragon (Zot:5)
  A moth of wrath (Zot:5)
  A lava snake (Volcano)
12 creatures vanquished.

Grand Total: 99 creatures vanquished

Notes
Turn   | Place    | Note
-------+----------+-------------------------------------------
     0 | D:1      | Lightli the Octopode Ice Elementalist began the quest for the Orb.
     0 | D:1      | Reached XP level 1. HP: 11/11 MP: 3/3
     0 | D:1      | Entered wizard mode.
     0 | D:1      | Reached XP level 2. HP: 17/17 MP: 5/5
     0 | D:1      | XOM: mild Chrm miscast
     0 | D:1      | XOM: potion effect (brilliance)
     0 | D:1      | XOM: potion effect (invisibility)
     0 | D:1      | XOM: potion effect (agility)
     0 | D:1      | XOM: potion effect (brilliance)
     0 | D:1      | XOM: potion effect (invisibility)
     0 | D:1      | XOM: potion effect (brilliance)
     0 | D:1      | XOM: potion effect (berserk rage)
     0 | D:1      | XOM: potion effect (invisibility)
     0 | D:1      | XOM: potion effect (haste)
     0 | D:1      | XOM: potion effect (invisibility)
     0 | D:1      | XOM: potion effect (invisibility)
     0 | D:1      | XOM: potion effect (brilliance)
     0 | D:1      | XOM: potion effect (agility)
     0 | D:1      | XOM: potion effect (might)
     0 | D:1      | XOM: potion effect (agility)
     0 | D:1      | XOM: potion effect (might)
     0 | D:1      | XOM: potion effect (haste)
     0 | D:1      | XOM: potion effect (invisibility)
     0 | D:1      | XOM: potion effect (haste)
     0 | D:1      | XOM: potion effect (haste)
     0 | D:1      | XOM: potion effect (invisibility)
     0 | D:1      | XOM: potion effect (might)
     0 | D:1      | XOM: potion effect (agility)
     0 | D:1      | XOM: potion effect (might)
     0 | D:1      | XOM: potion effect (haste)
     0 | D:1      | XOM: potion effect (agility)
     0 | D:1      | XOM: potion effect (invisibility)
     0 | D:1      | XOM: potion effect (brilliance)
     0 | D:1      | XOM: potion effect (brilliance)
     0 | D:1      | XOM: potion effect (might)
     0 | D:1      | XOM: potion effect (might)
     0 | D:1      | XOM: potion effect (agility)
     0 | D:1      | XOM: potion effect (invisibility)
     0 | D:1      | XOM: potion effect (invisibility)
     0 | D:1      | XOM: potion effect (invisibility)
     0 | D:1      | XOM: potion effect (might)
     0 | D:1      | XOM: potion effect (brilliance)
     0 | D:1      | XOM: potion effect (invisibility)
     0 | D:1      | XOM: potion effect (might)
     0 | D:1      | XOM: potion effect (might)
     0 | D:1      | XOM: potion effect (might)
     0 | D:1      | XOM: potion effect (brilliance)
     0 | D:1      | XOM: potion effect (invisibility)
     0 | D:1      | XOM: potion effect (invisibility)
     0 | D:1      | XOM: potion effect (might)
     0 | D:1      | XOM: potion effect (invisibility)
     0 | D:1      | XOM: potion effect (haste)
     0 | D:1      | XOM: potion effect (haste)
     0 | D:1      | XOM: potion effect (brilliance)
     0 | D:1      | XOM: potion effect (haste)
     0 | D:1      | XOM: potion effect (haste)
     0 | D:1      | XOM: potion effect (haste)
     0 | D:1      | XOM: potion effect (brilliance)
     0 | D:1      | XOM: potion effect (agility)
     0 | D:1      | XOM: potion effect (brilliance)
     0 | D:1      | XOM: potion effect (haste)
     0 | D:1      | XOM: potion effect (might)
     0 | D:1      | XOM: potion effect (experience)
     0 | D:1      | Reached skill level 5 in Stealth
     0 | D:1      | Reached XP level 3. HP: 26/26 MP: 6/8
     0 | D:1      | XOM: potion effect (magic)
     0 | D:1      | XOM: potion effect (haste)
     0 | D:1      | XOM: potion effect (brilliance)
     0 | D:1      | XOM: potion effect (agility)
     0 | D:1      | XOM: potion effect (haste)
     0 | D:1      | XOM: potion effect (haste)
     0 | D:1      | XOM: potion effect (agility)
     0 | D:1      | XOM: potion effect (might)
     0 | D:1      | XOM: potion effect (agility)
     0 | D:1      | XOM: potion effect (brilliance)
     0 | D:1      | XOM: potion effect (brilliance)
     0 | D:1      | XOM: potion effect (agility)
     0 | D:1      | XOM: potion effect (haste)
     0 | D:1      | XOM: potion effect (agility)
     0 | D:1      | XOM: potion effect (haste)
     0 | D:1      | XOM: potion effect (brilliance)
     0 | D:1      | XOM: potion effect (agility)
     0 | D:1      | XOM: potion effect (haste)
     0 | D:1      | XOM: potion effect (agility)
     0 | D:1      | XOM: potion effect (agility)
     0 | D:1      | XOM: potion effect (haste)
     0 | D:1      | XOM: potion effect (haste)
     0 | D:1      | XOM: potion effect (haste)
     0 | D:1      | XOM: potion effect (might)
     0 | D:1      | XOM: potion effect (agility)
     0 | D:1      | XOM: potion effect (might)
     0 | D:1      | XOM: potion effect (haste)
     0 | D:1      | XOM: potion effect (might)
     0 | D:1      | XOM: potion effect (might)
     0 | D:1      | XOM: potion effect (might)
     0 | D:1      | XOM: potion effect (agility)
     0 | D:1      | XOM: potion effect (agility)
     0 | D:1      | XOM: potion effect (brilliance)
     0 | D:1      | XOM: potion effect (agility)
     0 | D:1      | XOM: potion effect (might)
     0 | D:1      | XOM: potion effect (might)
     0 | D:1      | XOM: potion effect (brilliance)
     0 | D:1      | XOM: potion effect (agility)
     0 | D:1      | XOM: potion effect (haste)
     0 | D:1      | XOM: potion effect (haste)
     0 | D:1      | XOM: potion effect (might)
     0 | D:1      | XOM: potion effect (might)
     0 | D:1      | XOM: potion effect (agility)
    25 | D:1      | Gained mutation: You are frail. (-10% HP) [mutagenic glow]
    26 | D:1      | Gained mutation: You are partially covered in rough black scales. (AC +2, Dex -1) [wizard power]
    26 | D:1      | Gained mutation: You are clumsy. (Dex -2) [wizard power]
    26 | D:1      | Gained mutation: Your body sometimes deteriorates upon taking damage. [wizard power]
    26 | D:1      | Gained mutation: You are partially covered in iridescent scales. (AC +2) [wizard power]
    26 | D:1      | Lost mutation: You are frail. (-10% HP) [wizard power]
    26 | D:1      | Gained mutation: Scrolls take you a little longer to read. [wizard power]
    26 | D:1      | Gained mutation: Potions are less effective at restoring your health. [wizard power]
    26 | D:1      | Gained mutation: You are very clumsy. (Dex -4) [wizard power]
    26 | D:1      | Lost mutation: Scrolls take you a little longer to read. [wizard power]
    26 | D:1      | Lost mutation: You are very clumsy. (Dex -4) [wizard power]
    26 | D:1      | Gained mutation: You are resistant to hostile enchantments. (MR+) [wizard power]
    26 | D:1      | Gained mutation: Your body often deteriorates upon taking damage. [wizard power]
    26 | D:1      | Lost mutation: Your body often deteriorates upon taking damage. [wizard power]
    26 | D:1      | Gained mutation: Your body often deteriorates upon taking damage. [wizard power]
    26 | D:1      | Gained mutation: You are frail. (-10% HP) [wizard power]
    26 | D:1      | Gained mutation: Your magical capacity is low. (-10% MP) [wizard power]
    26 | D:1      | Lost mutation: You are resistant to hostile enchantments. (MR+) [wizard power]
    26 | D:1      | Lost mutation: Your body often deteriorates upon taking damage. [wizard power]
    26 | D:1      | Gained mutation: You evolve. [wizard power]
    26 | D:1      | Lost mutation: Your magical capacity is low. (-10% MP) [wizard power]
    26 | D:1      | Lost mutation: You are frail. (-10% HP) [wizard power]
    26 | D:1      | Gained mutation: You are resistant to hostile enchantments. (MR+) [wizard power]
    26 | D:1      | Gained mutation: Scrolls take you a little longer to read. [wizard power]
    26 | D:1      | Lost mutation: Potions are less effective at restoring your health. [wizard power]
    26 | D:1      | Lost mutation: Your body sometimes deteriorates upon taking damage. [wizard power]
    26 | D:1      | Gained mutation: Your body sometimes deteriorates upon taking damage. [wizard power]
    26 | D:1      | Gained mutation: You possess an exceptional clarity of mind. [wizard power]
    26 | D:1      | Lost mutation: Your body sometimes deteriorates upon taking damage. [wizard power]
    26 | D:1      | Gained mutation: You are very clumsy. (Dex -4) [wizard power]
    26 | D:1      | Gained mutation: You are dopey. (Int -2) [wizard power]
    26 | D:1      | Gained mutation: Scrolls take you longer to read. [wizard power]
    26 | D:1      | Lost mutation: You evolve. [wizard power]
    26 | D:1      | Gained mutation: Your pliable body absorbs attacks. (AC +2, EV +2) [wizard power]
    26 | D:1      | Lost mutation: You are very clumsy. (Dex -4) [wizard power]
    26 | D:1      | Gained mutation: You are very dopey. (Int -4) [wizard power]
    26 | D:1      | Lost mutation: You are partially covered in rough black scales. (AC +2, Dex -1) [wizard power]
    26 | D:1      | Lost mutation: Your pliable body absorbs attacks. (AC +2, EV +2) [wizard power]
    26 | D:1      | Gained mutation: Scrolls take you much longer to read. [wizard power]
    26 | D:1      | Lost mutation: You are very dopey. (Int -4) [wizard power]
    26 | D:1      | Gained mutation: Your body sometimes deteriorates upon taking damage. [wizard power]
    26 | D:1      | Gained mutation: One of your tentacles bears a spike. [wizard power]
    26 | D:1      | Lost mutation: You are partially covered in iridescent scales. (AC +2) [wizard power]
    26 | D:1      | Lost mutation: Scrolls take you much longer to read. [wizard power]
    26 | D:1      | Gained mutation: You are very dopey. (Int -4) [wizard power]
    26 | D:1      | Gained mutation: You are frail. (-10% HP) [wizard power]
    26 | D:1      | Lost mutation: You are very dopey. (Int -4) [wizard power]
    26 | D:1      | Lost mutation: You are dopey. (Int -2) [wizard power]
    26 | D:1      | Gained mutation: You occasionally shout uncontrollably at your foes. [wizard power]
    26 | D:1      | Lost mutation: One of your tentacles bears a spike. [wizard power]
    26 | D:1      | Lost mutation: You occasionally shout uncontrollably at your foes. [wizard power]
    26 | D:1      | Lost mutation: Your body sometimes deteriorates upon taking damage. [wizard power]
    26 | D:1      | Gained mutation: Your flesh is cold resistant. (rC+) [wizard power]
    26 | D:1      | Lost mutation: You possess an exceptional clarity of mind. [wizard power]
    26 | D:1      | Gained mutation: Your spells are a little harder to cast, but a little more powerful. [wizard power]
    26 | D:1      | Lost mutation: You are frail. (-10% HP) [wizard power]
    26 | D:1      | Gained mutation: You are weak. (Str -2) [wizard power]
    26 | D:1      | Gained mutation: Your body sometimes deteriorates upon taking damage. [wizard power]
    26 | D:1      | Gained mutation: You are dopey. (Int -2) [wizard power]
    26 | D:1      | Lost mutation: Scrolls take you longer to read. [wizard power]
    26 | D:1      | Gained mutation: You are partially covered in iridescent scales. (AC +2) [wizard power]
    26 | D:1      | Lost mutation: You are resistant to hostile enchantments. (MR+) [wizard power]
    26 | D:1      | Lost mutation: Scrolls take you a little longer to read. [wizard power]
    26 | D:1      | Lost mutation: You are dopey. (Int -2) [wizard power]
    26 | D:1      | Gained mutation: Scrolls take you a little longer to read. [wizard power]
    26 | D:1      | Lost mutation: Scrolls take you a little longer to read. [wizard power]
    26 | D:1      | Gained mutation: You are very clumsy. (Dex -4) [wizard power]
    26 | D:1      | Lost mutation: Your body sometimes deteriorates upon taking damage. [wizard power]
    26 | D:1      | Gained mutation: Scrolls take you a little longer to read. [wizard power]
    26 | D:1      | Lost mutation: Your spells are a little harder to cast, but a little more powerful. [wizard power]
    26 | D:1      | Lost mutation: You are weak. (Str -2) [wizard power]
    26 | D:1      | Gained mutation: You are frail. (-10% HP) [wizard power]
    26 | D:1      | Gained mutation: Scrolls take you longer to read. [wizard power]
    26 | D:1      | Lost mutation: You are very clumsy. (Dex -4) [wizard power]
    26 | D:1      | Lost mutation: You are frail. (-10% HP) [wizard power]
    26 | D:1      | Gained mutation: You are very clumsy. (Dex -4) [wizard power]
    26 | D:1      | Gained mutation: Your spells are a little easier to cast, but a little less powerful. [wizard power]
    26 | D:1      | Lost mutation: You are partially covered in iridescent scales. (AC +2) [wizard power]
    26 | D:1      | Gained mutation: Scrolls take you much longer to read. [wizard power]
    26 | D:1      | Gained mutation: You are frail. (-10% HP) [wizard power]
    26 | D:1      | Gained mutation: You are very frail. (-20% HP) [wizard power]
    26 | D:1      | Lost mutation: Your flesh is cold resistant. (rC+) [wizard power]
    26 | D:1      | Gained mutation: You are weak. (Str -2) [wizard power]
    26 | D:1      | Gained mutation: You have a pair of small antennae on your head. [wizard power]
    26 | D:1      | Lost mutation: Scrolls take you much longer to read. [wizard power]
    26 | D:1      | Lost mutation: You are very frail. (-20% HP) [wizard power]
    26 | D:1      | Lost mutation: Your spells are a little easier to cast, but a little less powerful. [wizard power]
    26 | D:1      | Gained mutation: You are dopey. (Int -2) [wizard power]
    26 | D:1      | Gained mutation: You are somewhat resistant to further mutation. [wizard power]
    26 | D:1      | Gained mutation: Scrolls take you much longer to read. [wizard power]
    26 | D:1      | Gained mutation: One of your tentacles bears a spike. [wizard power]
    26 | D:1      | Lost mutation: Scrolls take you much longer to read. [wizard power]
    26 | D:1      | Lost mutation: You are frail. (-10% HP) [wizard power]
    26 | D:1      | Lost mutation: You are weak. (Str -2) [wizard power]
    26 | D:1      | Lost mutation: One of your tentacles bears a spike. [wizard power]
    26 | D:1      | Lost mutation: You are dopey. (Int -2) [wizard power]
    26 | D:1      | Lost mutation: You are very clumsy. (Dex -4) [wizard power]
    26 | D:1      | Gained mutation: You evolve. [wizard power]
    26 | D:1      | Lost mutation: You are clumsy. (Dex -2) [wizard power]
    26 | D:1      | Gained mutation: Your flesh is heat resistant. (rF+) [wizard power]
    26 | D:1      | Gained mutation: You rapidly evolve. [wizard power]
    26 | D:1      | Gained mutation: Your mind is acute. (Int +2) [wizard power]
    26 | D:1      | Gained mutation: You are robust. (+10% HP) [wizard power]
    26 | D:1      | Gained mutation: Your muscles are strong. (Str +2) [wizard power]
    26 | D:1      | Gained mutation: You have a pair of antennae on your head. [wizard power]
    26 | D:1      | Gained mutation: You possess an exceptional clarity of mind. [wizard power]
    26 | D:1      | Gained mutation: Your mind is very acute. (Int +4) [wizard power]
    26 | D:1      | Lost mutation: You rapidly evolve. [wizard power]
    26 | D:1      | Lost mutation: You evolve. [wizard power]
    26 | D:1      | Gained mutation: You are somewhat resistant to further mutation. [wizard power]
    26 | D:1      | Gained mutation: Your system is resistant to poisons. (rPois) [wizard power]
    26 | D:1      | Gained mutation: One of your tentacles bears a spike. [wizard power]
    26 | D:1      | Gained mutation: You are covered in fur. (AC +1) [wizard power]
    26 | D:1      | Gained mutation: Your flesh is cold resistant. (rC+) [wizard power]
    26 | D:1      | Gained mutation: You have a beak for a mouth. [wizard power]
    26 | D:1      | Gained mutation: You can translocate small distances at will. [wizard power]
    26 | D:1      | Gained mutation: Your spells are a little harder to cast, but a little more powerful. [wizard power]
    26 | D:1      | Gained mutation: You are partially covered in molten scales. (AC +2) [wizard power]
    26 | D:1      | Gained mutation: Your spells are harder to cast, but more powerful. [wizard power]
    26 | D:1      | Gained mutation: You have a pair of large antennae on your head. (SInv) [wizard power]
    26 | D:1      | Gained mutation: You are partially covered in large bone plates. (SH +4) [wizard power]
    26 | D:1      | Gained mutation: Your flesh is very heat resistant. (rF++) [wizard power]
    26 | D:1      | Gained mutation: One of your tentacles bears a nasty spike. [wizard power]
    26 | D:1      | Gained mutation: You are agile. (Dex +2) [wizard power]
    26 | D:1      | Gained mutation: Your muscles are very strong. (Str +4) [wizard power]
    26 | D:1      | Gained mutation: You are very robust. (+20% HP) [wizard power]
    26 | D:1      | Gained mutation: You have an increased reservoir of magic. (+10% MP) [wizard power]
    26 | D:1      | Gained mutation: You are resistant to electric shocks. (rElec) [wizard power]
    26 | D:1      | Gained mutation: You are resistant to hostile enchantments. (MR+) [wizard power]
    26 | D:1      | Gained mutation: You are very agile. (Dex +4) [wizard power]
    26 | D:1      | Gained mutation: You are partially covered in icy blue scales. (AC +2) [wizard power]
    26 | D:1      | Gained mutation: You are somewhat resistant to both further mutation and mutation removal. [wizard power]
    26 | D:1      | Lost mutation: You are somewhat resistant to both further mutation and mutation removal. [wizard power]
    26 | D:1      | Lost mutation: You are somewhat resistant to further mutation. [wizard power]
    26 | D:1      | Gained mutation: You evolve. [wizard power]
    26 | D:1      | Gained mutation: Your flesh is very cold resistant. (rC++) [wizard power]
    26 | D:1      | Gained mutation: You rapidly evolve. [wizard power]
    26 | D:1      | Gained mutation: One of your tentacles bears a large vicious spike. [wizard power]
    26 | D:1      | Lost mutation: Scrolls take you longer to read. [wizard power]
    26 | D:1      | Lost mutation: Scrolls take you a little longer to read. [wizard power]
    26 | D:1      | Gained mutation: You have supernaturally acute eyesight. (SInv) [wizard power]
    26 | D:1      | Gained mutation: You passively map a small area around you. [wizard power]
    26 | D:1      | Gained mutation: Your natural rate of healing is unusually fast. [wizard power]
    26 | D:1      | Gained mutation: Your flesh is almost immune to the effects of heat. (rF+++) [wizard power]
    26 | D:1      | Lost mutation: You rapidly evolve. [wizard power]
    26 | D:1      | Lost mutation: You evolve. [wizard power]
    26 | D:1      | Gained mutation: You are somewhat resistant to further mutation. [wizard power]
    26 | D:1      | Lost mutation: You are somewhat resistant to further mutation. [wizard power]
    26 | D:1      | Gained mutation: You evolve. [wizard power]
    26 | D:1      | Gained mutation: You are extremely robust. (+30% HP) [wizard power]
    26 | D:1      | Gained mutation: Your spells are much harder to cast, but much more powerful. [wizard power]
    26 | D:1      | Gained mutation: Your flesh is almost immune to the effects of cold. (rC+++) [wizard power]
    26 | D:1      | Lost mutation: You evolve. [wizard power]
    26 | D:1      | Gained mutation: You are somewhat resistant to further mutation. [wizard power]
    26 | D:1      | Gained mutation: You heal very quickly. [wizard power]
    26 | D:1      | Lost mutation: You have a beak for a mouth. [wizard power]
    26 | D:1      | Gained mutation: You have very sharp teeth. [wizard power]
    26 | D:1      | Lost mutation: You are somewhat resistant to further mutation. [wizard power]
    26 | D:1      | Gained mutation: You evolve. [wizard power]
    26 | D:1      | Lost mutation: You evolve. [wizard power]
    26 | D:1      | Gained mutation: You are somewhat resistant to further mutation. [wizard power]
    26 | D:1      | Gained mutation: You regenerate. [wizard power]
    26 | D:1      | Gained mutation: You are somewhat resistant to both further mutation and mutation removal. [wizard power]
    26 | D:1      | Gained mutation: You are highly resistant to hostile enchantments. (MR++) [wizard power]
    26 | D:1      | Gained mutation: You are almost entirely resistant to further mutation and mutation removal. [wizard power]
    26 | D:1      | Gained mutation: You are covered in thick fur. (AC +2) [wizard power]
    26 | D:1      | Gained mutation: You are extremely resistant to the effects of hostile enchantments. (MR+++) [wizard power]
    26 | D:1      | Lost mutation: You are almost entirely resistant to further mutation and mutation removal. [wizard power]
    26 | D:1      | Lost mutation: You are somewhat resistant to both further mutation and mutation removal. [wizard power]
    26 | D:1      | Lost mutation: You are somewhat resistant to further mutation. [wizard power]
    26 | D:1      | Gained mutation: You evolve. [wizard power]
    26 | D:1      | Gained mutation: Your thick and shaggy fur keeps you warm. (AC +3, rC+) [wizard power]
    26 | D:1      | Gained mutation: You rapidly evolve. [wizard power]
    26 | D:1      | Gained mutation: Your skin blends seamlessly with your surroundings (Stealth++). [wizard power]
    26 | D:1      | Lost mutation: You have very sharp teeth. [wizard power]
    26 | D:1      | Gained mutation: You have a beak for a mouth. [wizard power]
    26 | D:1      | Lost mutation: You rapidly evolve. [wizard power]
    26 | D:1      | Lost mutation: You evolve. [wizard power]
    26 | D:1      | Gained mutation: You are somewhat resistant to further mutation. [wizard power]
    26 | D:1      | Gained mutation: You passively map the area around you. [wizard power]
    26 | D:1      | Gained mutation: You are somewhat resistant to both further mutation and mutation removal. [wizard power]
    26 | D:1      | Gained mutation: You passively map a large area around you. [wizard power]
    26 | D:1      | Gained mutation: You are almost entirely resistant to further mutation and mutation removal. [wizard power]
    26 | D:1      | Lost mutation: You are almost entirely resistant to further mutation and mutation removal. [wizard power]
    26 | D:1      | Lost mutation: You are somewhat resistant to both further mutation and mutation removal. [wizard power]
    26 | D:1      | Lost mutation: You are somewhat resistant to further mutation. [wizard power]
    26 | D:1      | Gained mutation: You evolve. [wizard power]
    26 | D:1      | Gained mutation: You rapidly evolve. [wizard power]
    26 | D:1      | Lost mutation: You rapidly evolve. [wizard power]
    26 | D:1      | Lost mutation: You evolve. [wizard power]
    26 | D:1      | Gained mutation: You are somewhat resistant to further mutation. [wizard power]
    26 | D:1      | Gained mutation: You have a considerably increased reservoir of magic. (+20% MP) [wizard power]
    26 | D:1      | Lost mutation: You are somewhat resistant to further mutation. [wizard power]
    26 | D:1      | Gained mutation: You evolve. [wizard power]
    26 | D:1      | Lost mutation: You evolve. [wizard power]
    26 | D:1      | Gained mutation: You are somewhat resistant to further mutation. [wizard power]
    26 | D:1      | Lost mutation: You are somewhat resistant to further mutation. [wizard power]
    26 | D:1      | Gained mutation: You evolve. [wizard power]
    26 | D:1      | Gained mutation: You rapidly evolve. [wizard power]
    26 | D:1      | Lost mutation: You rapidly evolve. [wizard power]
    26 | D:1      | Lost mutation: You evolve. [wizard power]
    26 | D:1      | Gained mutation: You are somewhat resistant to further mutation. [wizard power]
    26 | D:1      | Lost mutation: You are somewhat resistant to further mutation. [wizard power]
    26 | D:1      | Gained mutation: You evolve. [wizard power]
    26 | D:1      | Gained mutation: You rapidly evolve. [wizard power]
    26 | D:1      | Lost mutation: You rapidly evolve. [wizard power]
    26 | D:1      | Lost mutation: You evolve. [wizard power]
    26 | D:1      | Gained mutation: You are somewhat resistant to further mutation. [wizard power]
    26 | D:1      | Lost mutation: You are somewhat resistant to further mutation. [wizard power]
    26 | D:1      | Gained mutation: You evolve. [wizard power]
    26 | D:1      | Gained mutation: Your skin perfectly mimics your surroundings (Stealth+++). [wizard power]
    26 | D:1      | Gained mutation: You rapidly evolve. [wizard power]
    26 | D:1      | Lost mutation: You have a beak for a mouth. [wizard power]
    26 | D:1      | Gained mutation: You have very sharp teeth. [wizard power]
    26 | D:1      | Gained mutation: You have a greatly increased reservoir of magic. (+30% MP) [wizard power]
    26 | D:1      | Lost mutation: You have very sharp teeth. [wizard power]
    26 | D:1      | Gained mutation: You have a beak for a mouth. [wizard power]
    26 | D:1      | Lost mutation: You have a beak for a mouth. [wizard power]
    26 | D:1      | Gained mutation: You have very sharp teeth. [wizard power]
    26 | D:1      | Lost mutation: You rapidly evolve. [wizard power]
    26 | D:1      | Lost mutation: You evolve. [wizard power]
    26 | D:1      | Gained mutation: You are somewhat resistant to further mutation. [wizard power]
    26 | D:1      | Gained mutation: You are somewhat resistant to both further mutation and mutation removal. [wizard power]
    26 | D:1      | Lost mutation: You are somewhat resistant to both further mutation and mutation removal. [wizard power]
    26 | D:1      | Lost mutation: You are somewhat resistant to further mutation. [wizard power]
    26 | D:1      | Gained mutation: You evolve. [wizard power]
    26 | D:1      | Lost mutation: You evolve. [wizard power]
    26 | D:1      | Gained mutation: You are somewhat resistant to further mutation. [wizard power]
    26 | D:1      | Gained mutation: You are somewhat resistant to both further mutation and mutation removal. [wizard power]
    26 | D:1      | Lost mutation: You are somewhat resistant to both further mutation and mutation removal. [wizard power]
    26 | D:1      | Lost mutation: You are somewhat resistant to further mutation. [wizard power]
    26 | D:1      | Gained mutation: You evolve. [wizard power]
    26 | D:1      | Gained mutation: You have extremely sharp teeth. [wizard power]
    26 | D:1      | Gained mutation: You rapidly evolve. [wizard power]
    26 | D:1      | Lost mutation: You rapidly evolve. [wizard power]
    26 | D:1      | Lost mutation: You evolve. [wizard power]
    26 | D:1      | Gained mutation: You are somewhat resistant to further mutation. [wizard power]
    26 | D:1      | Gained mutation: You are somewhat resistant to both further mutation and mutation removal. [wizard power]
    26 | D:1      | Lost mutation: You are somewhat resistant to both further mutation and mutation removal. [wizard power]
    26 | D:1      | Lost mutation: You are somewhat resistant to further mutation. [wizard power]
    26 | D:1      | Gained mutation: You evolve. [wizard power]
    26 | D:1      | Gained mutation: You have razor-sharp teeth. [wizard power]
    26 | D:1      | Lost mutation: You evolve. [wizard power]
    26 | D:1      | Gained mutation: You are somewhat resistant to further mutation. [wizard power]
    26 | D:1      | Gained mutation: You are somewhat resistant to both further mutation and mutation removal. [wizard power]
    26 | D:1      | Gained mutation: You are almost entirely resistant to further mutation and mutation removal. [wizard power]
    26 | D:1      | Lost mutation: You have razor-sharp teeth. [wizard power]
    26 | D:1      | Lost mutation: You have extremely sharp teeth. [wizard power]
    26 | D:1      | Lost mutation: You have very sharp teeth. [wizard power]
    26 | D:1      | Gained mutation: You have a beak for a mouth. [wizard power]
    26 | D:1      | Lost mutation: You are almost entirely resistant to further mutation and mutation removal. [wizard power]
    26 | D:1      | Lost mutation: You are somewhat resistant to both further mutation and mutation removal. [wizard power]
    26 | D:1      | Lost mutation: You are somewhat resistant to further mutation. [wizard power]
    26 | D:1      | Gained mutation: You evolve. [wizard power]
    26 | D:1      | Lost mutation: You have a beak for a mouth. [wizard power]
    26 | D:1      | Gained mutation: You have very sharp teeth. [wizard power]
    26 | D:1      | Gained mutation: You have extremely sharp teeth. [wizard power]
    26 | D:1      | Lost mutation: You evolve. [wizard power]
    26 | D:1      | Gained mutation: You are somewhat resistant to further mutation. [wizard power]
    26 | D:1      | Lost mutation: You are somewhat resistant to further mutation. [wizard power]
    26 | D:1      | Gained mutation: You evolve. [wizard power]
    26 | D:1      | Gained mutation: You rapidly evolve. [wizard power]
    26 | D:1      | Lost mutation: You rapidly evolve. [wizard power]
    26 | D:1      | Lost mutation: You evolve. [wizard power]
    26 | D:1      | Gained mutation: You are somewhat resistant to further mutation. [wizard power]
    26 | D:1      | Gained mutation: You are somewhat resistant to both further mutation and mutation removal. [wizard power]
    26 | D:1      | Gained mutation: You are almost entirely resistant to further mutation and mutation removal. [wizard power]
    26 | D:1      | Lost mutation: You are almost entirely resistant to further mutation and mutation removal. [wizard power]
    26 | D:1      | Lost mutation: You are somewhat resistant to both further mutation and mutation removal. [wizard power]
    26 | D:1      | Lost mutation: You are somewhat resistant to further mutation. [wizard power]
    26 | D:1      | Gained mutation: You evolve. [wizard power]
    26 | D:1      | Lost mutation: You evolve. [wizard power]
    26 | D:1      | Gained mutation: You are somewhat resistant to further mutation. [wizard power]
    26 | D:1      | Gained mutation: You have razor-sharp teeth. [wizard power]
    26 | D:1      | Gained mutation: You are somewhat resistant to both further mutation and mutation removal. [wizard power]
    26 | D:1      | Lost mutation: You have razor-sharp teeth. [wizard power]
    26 | D:1      | Lost mutation: You have extremely sharp teeth. [wizard power]
    26 | D:1      | Lost mutation: You have very sharp teeth. [wizard power]
    26 | D:1      | Gained mutation: You have a beak for a mouth. [wizard power]
    26 | D:1      | Lost mutation: You are somewhat resistant to both further mutation and mutation removal. [wizard power]
    26 | D:1      | Lost mutation: You are somewhat resistant to further mutation. [wizard power]
    26 | D:1      | Gained mutation: You evolve. [wizard power]
    26 | D:1      | Lost mutation: You evolve. [wizard power]
    26 | D:1      | Gained mutation: You are somewhat resistant to further mutation. [wizard power]
    26 | D:1      | Gained mutation: You are somewhat resistant to both further mutation and mutation removal. [wizard power]
    26 | D:1      | Lost mutation: You are somewhat resistant to both further mutation and mutation removal. [wizard power]
    26 | D:1      | Lost mutation: You are somewhat resistant to further mutation. [wizard power]
    26 | D:1      | Gained mutation: You evolve. [wizard power]
    26 | D:1      | Lost mutation: You evolve. [wizard power]
    26 | D:1      | Gained mutation: You are somewhat resistant to further mutation. [wizard power]
    26 | D:1      | Lost mutation: You have a beak for a mouth. [wizard power]
    26 | D:1      | Gained mutation: You have very sharp teeth. [wizard power]
    26 | D:1      | Gained mutation: You are somewhat resistant to both further mutation and mutation removal. [wizard power]
    26 | D:1      | Gained mutation: You have extremely sharp teeth. [wizard power]
    26 | D:1      | Lost mutation: You are somewhat resistant to both further mutation and mutation removal. [wizard power]
    26 | D:1      | Lost mutation: You are somewhat resistant to further mutation. [wizard power]
    26 | D:1      | Gained mutation: You evolve. [wizard power]
    26 | D:1      | Gained mutation: You rapidly evolve. [wizard power]
    26 | D:1      | Lost mutation: You rapidly evolve. [wizard power]
    26 | D:1      | Lost mutation: You evolve. [wizard power]
    26 | D:1      | Gained mutation: You are somewhat resistant to further mutation. [wizard power]
    26 | D:1      | Lost mutation: You are somewhat resistant to further mutation. [wizard power]
    26 | D:1      | Gained mutation: You evolve. [wizard power]
    26 | D:1      | Gained mutation: You rapidly evolve. [wizard power]
    26 | D:1      | Lost mutation: You have extremely sharp teeth. [wizard power]
    26 | D:1      | Lost mutation: You have very sharp teeth. [wizard power]
    26 | D:1      | Gained mutation: You have a beak for a mouth. [wizard power]
    26 | D:1      | Lost mutation: You rapidly evolve. [wizard power]
    26 | D:1      | Lost mutation: You evolve. [wizard power]
    26 | D:1      | Gained mutation: You are somewhat resistant to further mutation. [wizard power]
    26 | D:1      | Gained mutation: You are somewhat resistant to both further mutation and mutation removal. [wizard power]
    26 | D:1      | Gained mutation: You are almost entirely resistant to further mutation and mutation removal. [wizard power]
    26 | D:1      | Lost mutation: You are almost entirely resistant to further mutation and mutation removal. [wizard power]
    26 | D:1      | Lost mutation: You are somewhat resistant to both further mutation and mutation removal. [wizard power]
    26 | D:1      | Lost mutation: You are somewhat resistant to further mutation. [wizard power]
    26 | D:1      | Gained mutation: You evolve. [wizard power]
    26 | D:1      | Lost mutation: You evolve. [wizard power]
    26 | D:1      | Gained mutation: You are somewhat resistant to further mutation. [wizard power]
    26 | D:1      | Gained mutation: You are somewhat resistant to both further mutation and mutation removal. [wizard power]
    26 | D:1      | Gained mutation: You are almost entirely resistant to further mutation and mutation removal. [wizard power]
    26 | D:1      | Lost mutation: You have a beak for a mouth. [wizard power]
    26 | D:1      | Gained mutation: You have very sharp teeth. [wizard power]
    26 | D:1      | Lost mutation: You are almost entirely resistant to further mutation and mutation removal. [wizard power]
    26 | D:1      | Lost mutation: You are somewhat resistant to both further mutation and mutation removal. [wizard power]
    26 | D:1      | Lost mutation: You are somewhat resistant to further mutation. [wizard power]
    26 | D:1      | Gained mutation: You evolve. [wizard power]
    26 | D:1      | Lost mutation: You evolve. [wizard power]
    26 | D:1      | Gained mutation: You are somewhat resistant to further mutation. [wizard power]
    26 | D:1      | Gained mutation: You are somewhat resistant to both further mutation and mutation removal. [wizard power]
    26 | D:1      | Lost mutation: You are somewhat resistant to both further mutation and mutation removal. [wizard power]
    26 | D:1      | Lost mutation: You are somewhat resistant to further mutation. [wizard power]
    26 | D:1      | Gained mutation: You evolve. [wizard power]
    26 | D:1      | Gained mutation: You have extremely sharp teeth. [wizard power]
    26 | D:1      | Lost mutation: You evolve. [wizard power]
    26 | D:1      | Gained mutation: You are somewhat resistant to further mutation. [wizard power]
    26 | D:1      | Lost mutation: You are somewhat resistant to further mutation. [wizard power]
    26 | D:1      | Gained mutation: You evolve. [wizard power]
    26 | D:1      | Lost mutation: You have extremely sharp teeth. [wizard power]
    26 | D:1      | Lost mutation: You have very sharp teeth. [wizard power]
    26 | D:1      | Gained mutation: You have a beak for a mouth. [wizard power]
    26 | D:1      | Gained mutation: You rapidly evolve. [wizard power]
    26 | D:1      | Lost mutation: You have a beak for a mouth. [wizard power]
    26 | D:1      | Gained mutation: You have very sharp teeth. [wizard power]
    26 | D:1      | Gained mutation: You have extremely sharp teeth. [wizard power]
    26 | D:1      | Lost mutation: You rapidly evolve. [wizard power]
    26 | D:1      | Lost mutation: You evolve. [wizard power]
    26 | D:1      | Gained mutation: You are somewhat resistant to further mutation. [wizard power]
    26 | D:1      | Gained mutation: You are somewhat resistant to both further mutation and mutation removal. [wizard power]
    26 | D:1      | Gained mutation: You are almost entirely resistant to further mutation and mutation removal. [wizard power]
    26 | D:1      | Lost mutation: You are almost entirely resistant to further mutation and mutation removal. [wizard power]
    26 | D:1      | Lost mutation: You are somewhat resistant to both further mutation and mutation removal. [wizard power]
    26 | D:1      | Lost mutation: You are somewhat resistant to further mutation. [wizard power]
    26 | D:1      | Gained mutation: You evolve. [wizard power]
    26 | D:1      | Lost mutation: You have extremely sharp teeth. [wizard power]
    26 | D:1      | Lost mutation: You have very sharp teeth. [wizard power]
    26 | D:1      | Gained mutation: You have a beak for a mouth. [wizard power]
    26 | D:1      | Lost mutation: You evolve. [wizard power]
    26 | D:1      | Gained mutation: You are somewhat resistant to further mutation. [wizard power]
    26 | D:1      | Gained mutation: You are somewhat resistant to both further mutation and mutation removal. [wizard power]
    26 | D:1      | Gained mutation: You are almost entirely resistant to further mutation and mutation removal. [wizard power]
    26 | D:1      | Lost mutation: You are almost entirely resistant to further mutation and mutation removal. [wizard power]
    26 | D:1      | Lost mutation: You are somewhat resistant to both further mutation and mutation removal. [wizard power]
    26 | D:1      | Lost mutation: You are somewhat resistant to further mutation. [wizard power]
    26 | D:1      | Gained mutation: You evolve. [wizard power]
    26 | D:1      | Lost mutation: You evolve. [wizard power]
    26 | D:1      | Gained mutation: You are somewhat resistant to further mutation. [wizard power]
    26 | D:1      | Gained mutation: You are somewhat resistant to both further mutation and mutation removal. [wizard power]
    26 | D:1      | Gained mutation: You are almost entirely resistant to further mutation and mutation removal. [wizard power]
    26 | D:1      | Lost mutation: You are almost entirely resistant to further mutation and mutation removal. [wizard power]
    26 | D:1      | Lost mutation: You are somewhat resistant to both further mutation and mutation removal. [wizard power]
    26 | D:1      | Lost mutation: You are somewhat resistant to further mutation. [wizard power]
    26 | D:1      | Gained mutation: You evolve. [wizard power]
    26 | D:1      | Gained mutation: You rapidly evolve. [wizard power]
    26 | D:1      | Lost mutation: You rapidly evolve. [wizard power]
    26 | D:1      | Lost mutation: You evolve. [wizard power]
    26 | D:1      | Gained mutation: You are somewhat resistant to further mutation. [wizard power]
    26 | D:1      | Gained mutation: You are somewhat resistant to both further mutation and mutation removal. [wizard power]
    26 | D:1      | Gained mutation: You are almost entirely resistant to further mutation and mutation removal. [wizard power]
    26 | D:1      | Lost mutation: You are almost entirely resistant to further mutation and mutation removal. [wizard power]
    26 | D:1      | Lost mutation: You are somewhat resistant to both further mutation and mutation removal. [wizard power]
    26 | D:1      | Lost mutation: You are somewhat resistant to further mutation. [wizard power]
    26 | D:1      | Gained mutation: You evolve. [wizard power]
    26 | D:1      | Gained mutation: You rapidly evolve. [wizard power]
    26 | D:1      | Lost mutation: You rapidly evolve. [wizard power]
    26 | D:1      | Lost mutation: You evolve. [wizard power]
    26 | D:1      | Gained mutation: You are somewhat resistant to further mutation. [wizard power]
    26 | D:1      | Gained mutation: You are somewhat resistant to both further mutation and mutation removal. [wizard power]
    26 | D:1      | Lost mutation: You are somewhat resistant to both further mutation and mutation removal. [wizard power]
    26 | D:1      | Lost mutation: You are somewhat resistant to further mutation. [wizard power]
    26 | D:1      | Gained mutation: You evolve. [wizard power]
    26 | D:1      | Gained mutation: You rapidly evolve. [wizard power]
    26 | D:1      | Lost mutation: You rapidly evolve. [wizard power]
    26 | D:1      | Lost mutation: You evolve. [wizard power]
    26 | D:1      | Gained mutation: You are somewhat resistant to further mutation. [wizard power]
    26 | D:1      | Lost mutation: You are somewhat resistant to further mutation. [wizard power]
    26 | D:1      | Gained mutation: You evolve. [wizard power]
    26 | D:1      | Gained mutation: You rapidly evolve. [wizard power]
    26 | D:1      | Lost mutation: You rapidly evolve. [wizard power]
    26 | D:1      | Lost mutation: You evolve. [wizard power]
    26 | D:1      | Gained mutation: You are somewhat resistant to further mutation. [wizard power]
    26 | D:1      | Lost mutation: You have a beak for a mouth. [wizard power]
    26 | D:1      | Gained mutation: You have very sharp teeth. [wizard power]
    26 | D:1      | Gained mutation: You have extremely sharp teeth. [wizard power]
    26 | D:1      | Gained mutation: You are somewhat resistant to both further mutation and mutation removal. [wizard power]
    26 | D:1      | Lost mutation: You are somewhat resistant to both further mutation and mutation removal. [wizard power]
    26 | D:1      | Lost mutation: You are somewhat resistant to further mutation. [wizard power]
    26 | D:1      | Gained mutation: You evolve. [wizard power]
    26 | D:1      | Gained mutation: You rapidly evolve. [wizard power]
    26 | D:1      | Gained mutation: You have razor-sharp teeth. [wizard power]
    26 | D:1      | Lost mutation: You rapidly evolve. [wizard power]
    26 | D:1      | Lost mutation: You evolve. [wizard power]
    26 | D:1      | Gained mutation: You are somewhat resistant to further mutation. [wizard power]
    26 | D:1      | Gained mutation: You are somewhat resistant to both further mutation and mutation removal. [wizard power]
    26 | D:1      | Gained mutation: You are almost entirely resistant to further mutation and mutation removal. [wizard power]
    26 | D:1      | Lost mutation: You are almost entirely resistant to further mutation and mutation removal. [wizard power]
    26 | D:1      | Lost mutation: You are somewhat resistant to both further mutation and mutation removal. [wizard power]
    26 | D:1      | Lost mutation: You are somewhat resistant to further mutation. [wizard power]
    26 | D:1      | Gained mutation: You evolve. [wizard power]
    26 | D:1      | Gained mutation: You rapidly evolve. [wizard power]
    26 | D:1      | Lost mutation: You rapidly evolve. [wizard power]
    26 | D:1      | Lost mutation: You evolve. [wizard power]
    26 | D:1      | Gained mutation: You are somewhat resistant to further mutation. [wizard power]
    26 | D:1      | Gained mutation: You are somewhat resistant to both further mutation and mutation removal. [wizard power]
    26 | D:1      | Lost mutation: You are somewhat resistant to both further mutation and mutation removal. [wizard power]
    26 | D:1      | Lost mutation: You are somewhat resistant to further mutation. [wizard power]
    26 | D:1      | Gained mutation: You evolve. [wizard power]
    26 | D:1      | Lost mutation: You evolve. [wizard power]
    26 | D:1      | Gained mutation: You are somewhat resistant to further mutation. [wizard power]
    26 | D:1      | Gained mutation: You are somewhat resistant to both further mutation and mutation removal. [wizard power]
    26 | D:1      | Lost mutation: You are somewhat resistant to both further mutation and mutation removal. [wizard power]
    26 | D:1      | Lost mutation: You are somewhat resistant to further mutation. [wizard power]
    26 | D:1      | Gained mutation: You evolve. [wizard power]
    26 | D:1      | Gained mutation: You rapidly evolve. [wizard power]
    26 | D:1      | Lost mutation: You rapidly evolve. [wizard power]
    26 | D:1      | Lost mutation: You evolve. [wizard power]
    26 | D:1      | Gained mutation: You are somewhat resistant to further mutation. [wizard power]
    26 | D:1      | Lost mutation: You are somewhat resistant to further mutation. [wizard power]
    26 | D:1      | Gained mutation: You evolve. [wizard power]
    26 | D:1      | Gained mutation: You rapidly evolve. [wizard power]
    26 | D:1      | Lost mutation: You have razor-sharp teeth. [wizard power]
    26 | D:1      | Lost mutation: You have extremely sharp teeth. [wizard power]
    26 | D:1      | Lost mutation: You have very sharp teeth. [wizard power]
    26 | D:1      | Gained mutation: You have a beak for a mouth. [wizard power]
    26 | D:1      | Lost mutation: You rapidly evolve. [wizard power]
    26 | D:1      | Lost mutation: You evolve. [wizard power]
    26 | D:1      | Gained mutation: You are somewhat resistant to further mutation. [wizard power]
    26 | D:1      | Lost mutation: You are somewhat resistant to further mutation. [wizard power]
    26 | D:1      | Gained mutation: You evolve. [wizard power]
    26 | D:1      | Lost mutation: You evolve. [wizard power]
    26 | D:1      | Gained mutation: You are somewhat resistant to further mutation. [wizard power]
    26 | D:1      | Gained mutation: You are somewhat resistant to both further mutation and mutation removal. [wizard power]
    26 | D:1      | Lost mutation: You are somewhat resistant to both further mutation and mutation removal. [wizard power]
    26 | D:1      | Lost mutation: You are somewhat resistant to further mutation. [wizard power]
    26 | D:1      | Gained mutation: You evolve. [wizard power]
    26 | D:1      | Lost mutation: You evolve. [wizard power]
    26 | D:1      | Gained mutation: You are somewhat resistant to further mutation. [wizard power]
    26 | D:1      | Lost mutation: You are somewhat resistant to further mutation. [wizard power]
    26 | D:1      | Gained mutation: You evolve. [wizard power]
    26 | D:1      | Lost mutation: You evolve. [wizard power]
    26 | D:1      | Gained mutation: You are somewhat resistant to further mutation. [wizard power]
    26 | D:1      | Gained mutation: You are somewhat resistant to both further mutation and mutation removal. [wizard power]
    26 | D:1      | Lost mutation: You are somewhat resistant to both further mutation and mutation removal. [wizard power]
    26 | D:1      | Lost mutation: You are somewhat resistant to further mutation. [wizard power]
    26 | D:1      | Gained mutation: You evolve. [wizard power]
    26 | D:1      | Lost mutation: You evolve. [wizard power]
    26 | D:1      | Gained mutation: You are somewhat resistant to further mutation. [wizard power]
    26 | D:1      | Lost mutation: You are somewhat resistant to further mutation. [wizard power]
    26 | D:1      | Gained mutation: You evolve. [wizard power]
    26 | D:1      | Lost mutation: You evolve. [wizard power]
    26 | D:1      | Gained mutation: You are somewhat resistant to further mutation. [wizard power]
    26 | D:1      | Gained mutation: You are somewhat resistant to both further mutation and mutation removal. [wizard power]
    26 | D:1      | Gained mutation: You are almost entirely resistant to further mutation and mutation removal. [wizard power]
    26 | D:1      | Lost mutation: You are almost entirely resistant to further mutation and mutation removal. [wizard power]
    26 | D:1      | Lost mutation: You are somewhat resistant to both further mutation and mutation removal. [wizard power]
    26 | D:1      | Lost mutation: You are somewhat resistant to further mutation. [wizard power]
    26 | D:1      | Gained mutation: You evolve. [wizard power]
    26 | D:1      | Lost mutation: You have a beak for a mouth. [wizard power]
    26 | D:1      | Gained mutation: You have very sharp teeth. [wizard power]
    26 | D:1      | Gained mutation: You rapidly evolve. [wizard power]
    26 | D:1      | Lost mutation: You have very sharp teeth. [wizard power]
    26 | D:1      | Gained mutation: You have a beak for a mouth. [wizard power]
    26 | D:1      | Lost mutation: You rapidly evolve. [wizard power]
    26 | D:1      | Lost mutation: You evolve. [wizard power]
    26 | D:1      | Gained mutation: You are somewhat resistant to further mutation. [wizard power]
    26 | D:1      | Gained mutation: You are somewhat resistant to both further mutation and mutation removal. [wizard power]
    26 | D:1      | Gained mutation: You are almost entirely resistant to further mutation and mutation removal. [wizard power]
    26 | D:1      | Lost mutation: You have a beak for a mouth. [wizard power]
    26 | D:1      | Gained mutation: You have very sharp teeth. [wizard power]
    26 | D:1      | Lost mutation: You have very sharp teeth. [wizard power]
    26 | D:1      | Gained mutation: You have a beak for a mouth. [wizard power]
    26 | D:1      | Lost mutation: You have a beak for a mouth. [wizard power]
    26 | D:1      | Gained mutation: You have very sharp teeth. [wizard power]
    26 | D:1      | Lost mutation: You have very sharp teeth. [wizard power]
    26 | D:1      | Gained mutation: You have a beak for a mouth. [wizard power]
    26 | D:1      | Lost mutation: You have a beak for a mouth. [wizard power]
    26 | D:1      | Gained mutation: You have very sharp teeth. [wizard power]
    26 | D:1      | Lost mutation: You have very sharp teeth. [wizard power]
    26 | D:1      | Gained mutation: You have a beak for a mouth. [wizard power]
    26 | D:1      | Lost mutation: You are almost entirely resistant to further mutation and mutation removal. [wizard power]
    26 | D:1      | Lost mutation: You are somewhat resistant to both further mutation and mutation removal. [wizard power]
    26 | D:1      | Lost mutation: You are somewhat resistant to further mutation. [wizard power]
    26 | D:1      | Gained mutation: You evolve. [wizard power]
    26 | D:1      | Gained mutation: You rapidly evolve. [wizard power]
    26 | D:1      | Lost mutation: You rapidly evolve. [wizard power]
    26 | D:1      | Lost mutation: You evolve. [wizard power]
    26 | D:1      | Gained mutation: You are somewhat resistant to further mutation. [wizard power]
    26 | D:1      | Lost mutation: You are somewhat resistant to further mutation. [wizard power]
    26 | D:1      | Gained mutation: You evolve. [wizard power]
    26 | D:1      | Lost mutation: You evolve. [wizard power]
    26 | D:1      | Gained mutation: You are somewhat resistant to further mutation. [wizard power]
    26 | D:1      | Gained mutation: You are somewhat resistant to both further mutation and mutation removal. [wizard power]
    26 | D:1      | Lost mutation: You have a beak for a mouth. [wizard power]
    26 | D:1      | Gained mutation: You have very sharp teeth. [wizard power]
    26 | D:1      | Gained mutation: You are almost entirely resistant to further mutation and mutation removal. [wizard power]
    26 | D:1      | Lost mutation: You are almost entirely resistant to further mutation and mutation removal. [wizard power]
    26 | D:1      | Lost mutation: You are somewhat resistant to both further mutation and mutation removal. [wizard power]
    26 | D:1      | Lost mutation: You are somewhat resistant to further mutation. [wizard power]
    26 | D:1      | Gained mutation: You evolve. [wizard power]
    26 | D:1      | Lost mutation: You evolve. [wizard power]
    26 | D:1      | Gained mutation: You are somewhat resistant to further mutation. [wizard power]
    26 | D:1      | Lost mutation: You are somewhat resistant to further mutation. [wizard power]
    26 | D:1      | Gained mutation: You evolve. [wizard power]
    26 | D:1      | Gained mutation: You rapidly evolve. [wizard power]
    26 | D:1      | Gained mutation: You have extremely sharp teeth. [wizard power]
    26 | D:1      | Lost mutation: You rapidly evolve. [wizard power]
    26 | D:1      | Lost mutation: You evolve. [wizard power]
    26 | D:1      | Gained mutation: You are somewhat resistant to further mutation. [wizard power]
    26 | D:1      | Gained mutation: You are somewhat resistant to both further mutation and mutation removal. [wizard power]
    26 | D:1      | Gained mutation: You are almost entirely resistant to further mutation and mutation removal. [wizard power]
    26 | D:1      | Lost mutation: You are almost entirely resistant to further mutation and mutation removal. [wizard power]
    26 | D:1      | Lost mutation: You are somewhat resistant to both further mutation and mutation removal. [wizard power]
    26 | D:1      | Lost mutation: You are somewhat resistant to further mutation. [wizard power]
    26 | D:1      | Gained mutation: You evolve. [wizard power]
    26 | D:1      | Gained mutation: You rapidly evolve. [wizard power]
    26 | D:1      | Lost mutation: You rapidly evolve. [wizard power]
    26 | D:1      | Lost mutation: You evolve. [wizard power]
    26 | D:1      | Gained mutation: You are somewhat resistant to further mutation. [wizard power]
    26 | D:1      | Lost mutation: You are somewhat resistant to further mutation. [wizard power]
    26 | D:1      | Gained mutation: You evolve. [wizard power]
    26 | D:1      | Lost mutation: You evolve. [wizard power]
    26 | D:1      | Gained mutation: You are somewhat resistant to further mutation. [wizard power]
    26 | D:1      | Gained mutation: You are somewhat resistant to both further mutation and mutation removal. [wizard power]
    26 | D:1      | Gained mutation: You have razor-sharp teeth. [wizard power]
    26 | D:1      | Gained mutation: You are almost entirely resistant to further mutation and mutation removal. [wizard power]
    26 | D:1      | Lost mutation: You are almost entirely resistant to further mutation and mutation removal. [wizard power]
    26 | D:1      | Lost mutation: You are somewhat resistant to both further mutation and mutation removal. [wizard power]
    26 | D:1      | Lost mutation: You are somewhat resistant to further mutation. [wizard power]
    26 | D:1      | Gained mutation: You evolve. [wizard power]
    26 | D:1      | Gained mutation: You rapidly evolve. [wizard power]
    26 | D:1      | Lost mutation: You have razor-sharp teeth. [wizard power]
    26 | D:1      | Lost mutation: You have extremely sharp teeth. [wizard power]
    26 | D:1      | Lost mutation: You have very sharp teeth. [wizard power]
    26 | D:1      | Gained mutation: You have a beak for a mouth. [wizard power]
    26 | D:1      | Lost mutation: You have a beak for a mouth. [wizard power]
    26 | D:1      | Gained mutation: You have very sharp teeth. [wizard power]
    26 | D:1      | Lost mutation: You rapidly evolve. [wizard power]
    26 | D:1      | Lost mutation: You evolve. [wizard power]
    26 | D:1      | Gained mutation: You are somewhat resistant to further mutation. [wizard power]
    26 | D:1      | Gained mutation: You are somewhat resistant to both further mutation and mutation removal. [wizard power]
    26 | D:1      | Lost mutation: You have very sharp teeth. [wizard power]
    26 | D:1      | Gained mutation: You have a beak for a mouth. [wizard power]
    26 | D:1      | Gained mutation: You are almost entirely resistant to further mutation and mutation removal. [wizard power]
    26 | D:1      | Lost mutation: You are almost entirely resistant to further mutation and mutation removal. [wizard power]
    26 | D:1      | Lost mutation: You are somewhat resistant to both further mutation and mutation removal. [wizard power]
    26 | D:1      | Lost mutation: You are somewhat resistant to further mutation. [wizard power]
    26 | D:1      | Gained mutation: You evolve. [wizard power]
    26 | D:1      | Gained mutation: You rapidly evolve. [wizard power]
    26 | D:1      | Lost mutation: You rapidly evolve. [wizard power]
    26 | D:1      | Lost mutation: You evolve. [wizard power]
    26 | D:1      | Gained mutation: You are somewhat resistant to further mutation. [wizard power]
    26 | D:1      | Gained mutation: You are somewhat resistant to both further mutation and mutation removal. [wizard power]
    26 | D:1      | Lost mutation: You are somewhat resistant to both further mutation and mutation removal. [wizard power]
    26 | D:1      | Lost mutation: You are somewhat resistant to further mutation. [wizard power]
    26 | D:1      | Gained mutation: You evolve. [wizard power]
    26 | D:1      | Gained mutation: You rapidly evolve. [wizard power]
    26 | D:1      | Lost mutation: You have a beak for a mouth. [wizard power]
    26 | D:1      | Gained mutation: You have very sharp teeth. [wizard power]
    26 | D:1      | Lost mutation: You rapidly evolve. [wizard power]
    26 | D:1      | Lost mutation: You evolve. [wizard power]
    26 | D:1      | Gained mutation: You are somewhat resistant to further mutation. [wizard power]
    26 | D:1      | Gained mutation: You are somewhat resistant to both further mutation and mutation removal. [wizard power]
    26 | D:1      | Lost mutation: You are somewhat resistant to both further mutation and mutation removal. [wizard power]
    26 | D:1      | Lost mutation: You are somewhat resistant to further mutation. [wizard power]
    26 | D:1      | Gained mutation: You evolve. [wizard power]
    26 | D:1      | Lost mutation: You evolve. [wizard power]
    26 | D:1      | Gained mutation: You are somewhat resistant to further mutation. [wizard power]
    26 | D:1      | Lost mutation: You are somewhat resistant to further mutation. [wizard power]
    26 | D:1      | Gained mutation: You evolve. [wizard power]
    26 | D:1      | Lost mutation: You have very sharp teeth. [wizard power]
    26 | D:1      | Gained mutation: You have a beak for a mouth. [wizard power]
    26 | D:1      | Gained mutation: You rapidly evolve. [wizard power]
    26 | D:1      | Lost mutation: You rapidly evolve. [wizard power]
    26 | D:1      | Lost mutation: You evolve. [wizard power]
    26 | D:1      | Gained mutation: You are somewhat resistant to further mutation. [wizard power]
    26 | D:1      | Lost mutation: You are somewhat resistant to further mutation. [wizard power]
    26 | D:1      | Gained mutation: You evolve. [wizard power]
    26 | D:1      | Lost mutation: You evolve. [wizard power]
    26 | D:1      | Gained mutation: You are somewhat resistant to further mutation. [wizard power]
    26 | D:1      | Lost mutation: You are somewhat resistant to further mutation. [wizard power]
    26 | D:1      | Gained mutation: You evolve. [wizard power]
    26 | D:1      | Gained mutation: You rapidly evolve. [wizard power]
    26 | D:1      | Lost mutation: You rapidly evolve. [wizard power]
    26 | D:1      | Lost mutation: You evolve. [wizard power]
    26 | D:1      | Gained mutation: You are somewhat resistant to further mutation. [wizard power]
    26 | D:1      | Lost mutation: You are somewhat resistant to further mutation. [wizard power]
    26 | D:1      | Gained mutation: You evolve. [wizard power]
    26 | D:1      | Gained mutation: You rapidly evolve. [wizard power]
    26 | D:1      | Lost mutation: You rapidly evolve. [wizard power]
    26 | D:1      | Lost mutation: You evolve. [wizard power]
    26 | D:1      | Gained mutation: You are somewhat resistant to further mutation. [wizard power]
    26 | D:1      | Lost mutation: You are somewhat resistant to further mutation. [wizard power]
    26 | D:1      | Gained mutation: You evolve. [wizard power]
    26 | D:1      | Lost mutation: You evolve. [wizard power]
    26 | D:1      | Gained mutation: You are somewhat resistant to further mutation. [wizard power]
    26 | D:1      | Lost mutation: You are somewhat resistant to further mutation. [wizard power]
    26 | D:1      | Gained mutation: You evolve. [wizard power]
    26 | D:1      | Gained mutation: You rapidly evolve. [wizard power]
    26 | D:1      | Lost mutation: You rapidly evolve. [wizard power]
    26 | D:1      | Lost mutation: You evolve. [wizard power]
    26 | D:1      | Gained mutation: You are somewhat resistant to further mutation. [wizard power]
    26 | D:1      | Lost mutation: You have a beak for a mouth. [wizard power]
    26 | D:1      | Gained mutation: You have very sharp teeth. [wizard power]
    26 | D:1      | Gained mutation: You are somewhat resistant to both further mutation and mutation removal. [wizard power]
    26 | D:1      | Gained mutation: You are almost entirely resistant to further mutation and mutation removal. [wizard power]
    26 | D:1      | Gained mutation: You have extremely sharp teeth. [wizard power]
    26 | D:1      | Lost mutation: You are almost entirely resistant to further mutation and mutation removal. [wizard power]
    26 | D:1      | Lost mutation: You are somewhat resistant to both further mutation and mutation removal. [wizard power]
    26 | D:1      | Lost mutation: You are somewhat resistant to further mutation. [wizard power]
    26 | D:1      | Gained mutation: You evolve. [wizard power]
    26 | D:1      | Gained mutation: You rapidly evolve. [wizard power]
    26 | D:1      | Gained mutation: You have razor-sharp teeth. [wizard power]
    26 | D:1      | Lost mutation: You rapidly evolve. [wizard power]
    26 | D:1      | Lost mutation: You evolve. [wizard power]
    26 | D:1      | Gained mutation: You are somewhat resistant to further mutation. [wizard power]
    26 | D:1      | Lost mutation: You have razor-sharp teeth. [wizard power]
    26 | D:1      | Lost mutation: You have extremely sharp teeth. [wizard power]
    26 | D:1      | Lost mutation: You have very sharp teeth. [wizard power]
    26 | D:1      | Gained mutation: You have a beak for a mouth. [wizard power]
    26 | D:1      | Lost mutation: You have a beak for a mouth. [wizard power]
    26 | D:1      | Gained mutation: You have very sharp teeth. [wizard power]
    26 | D:1      | Lost mutation: You have very sharp teeth. [wizard power]
    26 | D:1      | Gained mutation: You have a beak for a mouth. [wizard power]
    26 | D:1      | Lost mutation: You are somewhat resistant to further mutation. [wizard power]
    26 | D:1      | Gained mutation: You evolve. [wizard power]
    26 | D:1      | Gained mutation: You rapidly evolve. [wizard power]
    26 | D:1      | Lost mutation: You rapidly evolve. [wizard power]
    26 | D:1      | Lost mutation: You evolve. [wizard power]
    26 | D:1      | Gained mutation: You are somewhat resistant to further mutation. [wizard power]
    26 | D:1      | Lost mutation: You are somewhat resistant to further mutation. [wizard power]
    26 | D:1      | Gained mutation: You evolve. [wizard power]
    26 | D:1      | Gained mutation: You rapidly evolve. [wizard power]
    26 | D:1      | Lost mutation: You have a beak for a mouth. [wizard power]
    26 | D:1      | Gained mutation: You have very sharp teeth. [wizard power]
    26 | D:1      | Lost mutation: You rapidly evolve. [wizard power]
    26 | D:1      | Lost mutation: You evolve. [wizard power]
    26 | D:1      | Gained mutation: You are somewhat resistant to further mutation. [wizard power]
    26 | D:1      | Gained mutation: You are somewhat resistant to both further mutation and mutation removal. [wizard power]
    26 | D:1      | Gained mutation: You are almost entirely resistant to further mutation and mutation removal. [wizard power]
    26 | D:1      | Lost mutation: You are almost entirely resistant to further mutation and mutation removal. [wizard power]
    26 | D:1      | Lost mutation: You are somewhat resistant to both further mutation and mutation removal. [wizard power]
    26 | D:1      | Lost mutation: You are somewhat resistant to further mutation. [wizard power]
    26 | D:1      | Gained mutation: You evolve. [wizard power]
    26 | D:1      | Gained mutation: You have extremely sharp teeth. [wizard power]
    26 | D:1      | Lost mutation: You have extremely sharp teeth. [wizard power]
    26 | D:1      | Lost mutation: You have very sharp teeth. [wizard power]
    26 | D:1      | Gained mutation: You have a beak for a mouth. [wizard power]
    26 | D:1      | Gained mutation: You rapidly evolve. [wizard power]
    26 | D:1      | Lost mutation: You rapidly evolve. [wizard power]
    26 | D:1      | Lost mutation: You evolve. [wizard power]
    26 | D:1      | Gained mutation: You are somewhat resistant to further mutation. [wizard power]
    26 | D:1      | Gained mutation: You are somewhat resistant to both further mutation and mutation removal. [wizard power]
    26 | D:1      | Lost mutation: You are somewhat resistant to both further mutation and mutation removal. [wizard power]
    26 | D:1      | Lost mutation: You are somewhat resistant to further mutation. [wizard power]
    26 | D:1      | Gained mutation: You evolve. [wizard power]
    26 | D:1      | Gained mutation: You rapidly evolve. [wizard power]
    26 | D:1      | Lost mutation: You rapidly evolve. [wizard power]
    26 | D:1      | Lost mutation: You evolve. [wizard power]
    26 | D:1      | Gained mutation: You are somewhat resistant to further mutation. [wizard power]
    26 | D:1      | Lost mutation: You are somewhat resistant to further mutation. [wizard power]
    26 | D:1      | Gained mutation: You evolve. [wizard power]
    26 | D:1      | Gained mutation: You rapidly evolve. [wizard power]
    26 | D:1      | Lost mutation: You rapidly evolve. [wizard power]
    26 | D:1      | Lost mutation: You evolve. [wizard power]
    26 | D:1      | Gained mutation: You are somewhat resistant to further mutation. [wizard power]
    26 | D:1      | Gained mutation: You are somewhat resistant to both further mutation and mutation removal. [wizard power]
    26 | D:1      | Gained mutation: You are almost entirely resistant to further mutation and mutation removal. [wizard power]
    26 | D:1      | Lost mutation: You are almost entirely resistant to further mutation and mutation removal. [wizard power]
    26 | D:1      | Lost mutation: You are somewhat resistant to both further mutation and mutation removal. [wizard power]
    26 | D:1      | Lost mutation: You are somewhat resistant to further mutation. [wizard power]
    26 | D:1      | Gained mutation: You evolve. [wizard power]
    26 | D:1      | Lost mutation: You evolve. [wizard power]
    26 | D:1      | Gained mutation: You are somewhat resistant to further mutation. [wizard power]
    26 | D:1      | Gained mutation: You are somewhat resistant to both further mutation and mutation removal. [wizard power]
    26 | D:1      | Lost mutation: You are somewhat resistant to both further mutation and mutation removal. [wizard power]
    26 | D:1      | Lost mutation: You are somewhat resistant to further mutation. [wizard power]
    26 | D:1      | Gained mutation: You evolve. [wizard power]
    26 | D:1      | Gained mutation: You rapidly evolve. [wizard power]
    26 | D:1      | Lost mutation: You rapidly evolve. [wizard power]
    26 | D:1      | Lost mutation: You evolve. [wizard power]
    26 | D:1      | Gained mutation: You are somewhat resistant to further mutation. [wizard power]
    26 | D:1      | Lost mutation: You are somewhat resistant to further mutation. [wizard power]
    26 | D:1      | Gained mutation: You evolve. [wizard power]
    26 | D:1      | Lost mutation: You evolve. [wizard power]
    26 | D:1      | Gained mutation: You are somewhat resistant to further mutation. [wizard power]
    26 | D:1      | Gained mutation: You are somewhat resistant to both further mutation and mutation removal. [wizard power]
    26 | D:1      | Lost mutation: You are somewhat resistant to both further mutation and mutation removal. [wizard power]
    26 | D:1      | Lost mutation: You are somewhat resistant to further mutation. [wizard power]
    26 | D:1      | Gained mutation: You evolve. [wizard power]
    26 | D:1      | Lost mutation: You evolve. [wizard power]
    26 | D:1      | Gained mutation: You are somewhat resistant to further mutation. [wizard power]
    26 | D:1      | Lost mutation: You are somewhat resistant to further mutation. [wizard power]
    26 | D:1      | Gained mutation: You evolve. [wizard power]
    26 | D:1      | Lost mutation: You have a beak for a mouth. [wizard power]
    26 | D:1      | Gained mutation: You have very sharp teeth. [wizard power]
    26 | D:1      | Gained mutation: You rapidly evolve. [wizard power]
    26 | D:1      | Lost mutation: You rapidly evolve. [wizard power]
    26 | D:1      | Lost mutation: You evolve. [wizard power]
    26 | D:1      | Gained mutation: You are somewhat resistant to further mutation. [wizard power]
    26 | D:1      | Gained mutation: You are somewhat resistant to both further mutation and mutation removal. [wizard power]
    26 | D:1      | Gained mutation: You are almost entirely resistant to further mutation and mutation removal. [wizard power]
    26 | D:1      | Gained mutation: You have extremely sharp teeth. [wizard power]
    26 | D:1      | Lost mutation: You are almost entirely resistant to further mutation and mutation removal. [wizard power]
    26 | D:1      | Lost mutation: You are somewhat resistant to both further mutation and mutation removal. [wizard power]
    26 | D:1      | Lost mutation: You are somewhat resistant to further mutation. [wizard power]
    26 | D:1      | Gained mutation: You evolve. [wizard power]
    26 | D:1      | Lost mutation: You evolve. [wizard power]
    26 | D:1      | Gained mutation: You are somewhat resistant to further mutation. [wizard power]
    26 | D:1      | Gained mutation: You are somewhat resistant to both further mutation and mutation removal. [wizard power]
    26 | D:1      | Gained mutation: You have razor-sharp teeth. [wizard power]
    26 | D:1      | Gained mutation: You are almost entirely resistant to further mutation and mutation removal. [wizard power]
    26 | D:1      | Lost mutation: You are almost entirely resistant to further mutation and mutation removal. [wizard power]
    26 | D:1      | Lost mutation: You are somewhat resistant to both further mutation and mutation removal. [wizard power]
    26 | D:1      | Lost mutation: You are somewhat resistant to further mutation. [wizard power]
    26 | D:1      | Gained mutation: You evolve. [wizard power]
    26 | D:1      | Lost mutation: You evolve. [wizard power]
    26 | D:1      | Gained mutation: You are somewhat resistant to further mutation. [wizard power]
    26 | D:1      | Lost mutation: You are somewhat resistant to further mutation. [wizard power]
    26 | D:1      | Gained mutation: You evolve. [wizard power]
    26 | D:1      | Gained mutation: You rapidly evolve. [wizard power]
    26 | D:1      | Lost mutation: You rapidly evolve. [wizard power]
    26 | D:1      | Lost mutation: You evolve. [wizard power]
    26 | D:1      | Gained mutation: You are somewhat resistant to further mutation. [wizard power]
    26 | D:1      | Lost mutation: You are somewhat resistant to further mutation. [wizard power]
    26 | D:1      | Gained mutation: You evolve. [wizard power]
    26 | D:1      | Lost mutation: You evolve. [wizard power]
    26 | D:1      | Gained mutation: You are somewhat resistant to further mutation. [wizard power]
    26 | D:1      | Lost mutation: You are somewhat resistant to further mutation. [wizard power]
    26 | D:1      | Gained mutation: You evolve. [wizard power]
    26 | D:1      | Lost mutation: You evolve. [wizard power]
    26 | D:1      | Gained mutation: You are somewhat resistant to further mutation. [wizard power]
    26 | D:1      | Lost mutation: You are somewhat resistant to further mutation. [wizard power]
    26 | D:1      | Gained mutation: You evolve. [wizard power]
    26 | D:1      | Gained mutation: You rapidly evolve. [wizard power]
    26 | D:1      | Lost mutation: You rapidly evolve. [wizard power]
    26 | D:1      | Lost mutation: You evolve. [wizard power]
    26 | D:1      | Gained mutation: You are somewhat resistant to further mutation. [wizard power]
    26 | D:1      | Gained mutation: You are somewhat resistant to both further mutation and mutation removal. [wizard power]
    26 | D:1      | Lost mutation: You are somewhat resistant to both further mutation and mutation removal. [wizard power]
    26 | D:1      | Lost mutation: You are somewhat resistant to further mutation. [wizard power]
    26 | D:1      | Gained mutation: You evolve. [wizard power]
    26 | D:1      | Gained mutation: You rapidly evolve. [wizard power]
    26 | D:1      | Lost mutation: You rapidly evolve. [wizard power]
    26 | D:1      | Lost mutation: You evolve. [wizard power]
    26 | D:1      | Gained mutation: You are somewhat resistant to further mutation. [wizard power]
    26 | D:1      | Gained mutation: You are somewhat resistant to both further mutation and mutation removal. [wizard power]
    26 | D:1      | Gained mutation: You are almost entirely resistant to further mutation and mutation removal. [wizard power]
    26 | D:1      | Lost mutation: You are almost entirely resistant to further mutation and mutation removal. [wizard power]
    26 | D:1      | Lost mutation: You are somewhat resistant to both further mutation and mutation removal. [wizard power]
    26 | D:1      | Lost mutation: You are somewhat resistant to further mutation. [wizard power]
    26 | D:1      | Gained mutation: You evolve. [wizard power]
    26 | D:1      | Gained mutation: You rapidly evolve. [wizard power]
    26 | D:1      | Lost mutation: You rapidly evolve. [wizard power]
    26 | D:1      | Lost mutation: You evolve. [wizard power]
    26 | D:1      | Gained mutation: You are somewhat resistant to further mutation. [wizard power]
    26 | D:1      | Gained mutation: You are somewhat resistant to both further mutation and mutation removal. [wizard power]
    26 | D:1      | Lost mutation: You are somewhat resistant to both further mutation and mutation removal. [wizard power]
    26 | D:1      | Lost mutation: You are somewhat resistant to further mutation. [wizard power]
    26 | D:1      | Gained mutation: You evolve. [wizard power]
    26 | D:1      | Lost mutation: You evolve. [wizard power]
    26 | D:1      | Gained mutation: You are somewhat resistant to further mutation. [wizard power]
    26 | D:1      | Lost mutation: You are somewhat resistant to further mutation. [wizard power]
    26 | D:1      | Gained mutation: You evolve. [wizard power]
    26 | D:1      | Gained mutation: You rapidly evolve. [wizard power]
    26 | D:1      | Lost mutation: You rapidly evolve. [wizard power]
    26 | D:1      | Lost mutation: You evolve. [wizard power]
    26 | D:1      | Gained mutation: You are somewhat resistant to further mutation. [wizard power]
    26 | D:1      | Lost mutation: You are somewhat resistant to further mutation. [wizard power]
    26 | D:1      | Gained mutation: You evolve. [wizard power]
    26 | D:1      | Lost mutation: You have razor-sharp teeth. [wizard power]
    26 | D:1      | Lost mutation: You have extremely sharp teeth. [wizard power]
    26 | D:1      | Lost mutation: You have very sharp teeth. [wizard power]
    26 | D:1      | Gained mutation: You have a beak for a mouth. [wizard power]
    26 | D:1      | Lost mutation: You evolve. [wizard power]
    26 | D:1      | Gained mutation: You are somewhat resistant to further mutation. [wizard power]
    26 | D:1      | Lost mutation: You are somewhat resistant to further mutation. [wizard power]
    26 | D:1      | Gained mutation: You evolve. [wizard power]
    26 | D:1      | Gained mutation: You rapidly evolve. [wizard power]
    26 | D:1      | Lost mutation: You rapidly evolve. [wizard power]
    26 | D:1      | Lost mutation: You evolve. [wizard power]
    26 | D:1      | Gained mutation: You are somewhat resistant to further mutation. [wizard power]
    26 | D:1      | Lost mutation: You are somewhat resistant to further mutation. [wizard power]
    26 | D:1      | Gained mutation: You evolve. [wizard power]
    26 | D:1      | Gained mutation: You rapidly evolve. [wizard power]
    26 | D:1      | Lost mutation: You rapidly evolve. [wizard power]
    26 | D:1      | Lost mutation: You evolve. [wizard power]
    26 | D:1      | Gained mutation: You are somewhat resistant to further mutation. [wizard power]
    26 | D:1      | Lost mutation: You are somewhat resistant to further mutation. [wizard power]
    26 | D:1      | Gained mutation: You evolve. [wizard power]
    26 | D:1      | Lost mutation: You evolve. [wizard power]
    26 | D:1      | Gained mutation: You are somewhat resistant to further mutation. [wizard power]
    26 | D:1      | Lost mutation: You have a beak for a mouth. [wizard power]
    26 | D:1      | Gained mutation: You have very sharp teeth. [wizard power]
    26 | D:1      | Gained mutation: You are somewhat resistant to both further mutation and mutation removal. [wizard power]
    26 | D:1      | Lost mutation: You have very sharp teeth. [wizard power]
    26 | D:1      | Gained mutation: You have a beak for a mouth. [wizard power]
    26 | D:1      | Gained mutation: You are almost entirely resistant to further mutation and mutation removal. [wizard power]
    26 | D:1      | Lost mutation: You are almost entirely resistant to further mutation and mutation removal. [wizard power]
    26 | D:1      | Lost mutation: You are somewhat resistant to both further mutation and mutation removal. [wizard power]
    26 | D:1      | Lost mutation: You are somewhat resistant to further mutation. [wizard power]
    26 | D:1      | Gained mutation: You evolve. [wizard power]
    26 | D:1      | Gained mutation: You rapidly evolve. [wizard power]
    26 | D:1      | Lost mutation: You rapidly evolve. [wizard power]
    26 | D:1      | Lost mutation: You evolve. [wizard power]
    26 | D:1      | Gained mutation: You are somewhat resistant to further mutation. [wizard power]
    26 | D:1      | Gained mutation: You are somewhat resistant to both further mutation and mutation removal. [wizard power]
    26 | D:1      | Gained mutation: You are almost entirely resistant to further mutation and mutation removal. [wizard power]
    26 | D:1      | Lost mutation: You have a beak for a mouth. [wizard power]
    26 | D:1      | Gained mutation: You have very sharp teeth. [wizard power]
    26 | D:1      | Lost mutation: You have very sharp teeth. [wizard power]
    26 | D:1      | Gained mutation: You have a beak for a mouth. [wizard power]
    26 | D:1      | Lost mutation: You are almost entirely resistant to further mutation and mutation removal. [wizard power]
    26 | D:1      | Lost mutation: You are somewhat resistant to both further mutation and mutation removal. [wizard power]
    26 | D:1      | Lost mutation: You are somewhat resistant to further mutation. [wizard power]
    26 | D:1      | Gained mutation: You evolve. [wizard power]
    26 | D:1      | Gained mutation: You rapidly evolve. [wizard power]
    26 | D:1      | Lost mutation: You have a beak for a mouth. [wizard power]
    26 | D:1      | Gained mutation: You have very sharp teeth. [wizard power]
    26 | D:1      | Gained mutation: You have extremely sharp teeth. [wizard power]
    26 | D:1      | Lost mutation: You have extremely sharp teeth. [wizard power]
    26 | D:1      | Lost mutation: You have very sharp teeth. [wizard power]
    26 | D:1      | Gained mutation: You have a beak for a mouth. [wizard power]
    26 | D:1      | Lost mutation: You have a beak for a mouth. [wizard power]
    26 | D:1      | Gained mutation: You have very sharp teeth. [wizard power]
    26 | D:1      | Lost mutation: You rapidly evolve. [wizard power]
    26 | D:1      | Lost mutation: You evolve. [wizard power]
    26 | D:1      | Gained mutation: You are somewhat resistant to further mutation. [wizard power]
    26 | D:1      | Gained mutation: You have extremely sharp teeth. [wizard power]
    26 | D:1      | Gained mutation: You are somewhat resistant to both further mutation and mutation removal. [wizard power]
    26 | D:1      | Lost mutation: You have extremely sharp teeth. [wizard power]
    26 | D:1      | Lost mutation: You have very sharp teeth. [wizard power]
    26 | D:1      | Gained mutation: You have a beak for a mouth. [wizard power]
    26 | D:1      | Gained mutation: You are almost entirely resistant to further mutation and mutation removal. [wizard power]
    26 | D:1      | Lost mutation: You have a beak for a mouth. [wizard power]
    26 | D:1      | Gained mutation: You have very sharp teeth. [wizard power]
    26 | D:1      | Lost mutation: You are almost entirely resistant to further mutation and mutation removal. [wizard power]
    26 | D:1      | Lost mutation: You are somewhat resistant to both further mutation and mutation removal. [wizard power]
    26 | D:1      | Lost mutation: You are somewhat resistant to further mutation. [wizard power]
    26 | D:1      | Gained mutation: You evolve. [wizard power]
    26 | D:1      | Lost mutation: You evolve. [wizard power]
    26 | D:1      | Gained mutation: You are somewhat resistant to further mutation. [wizard power]
    26 | D:1      | Gained mutation: You are somewhat resistant to both further mutation and mutation removal. [wizard power]
    26 | D:1      | Gained mutation: You are almost entirely resistant to further mutation and mutation removal. [wizard power]
    26 | D:1      | Lost mutation: You are almost entirely resistant to further mutation and mutation removal. [wizard power]
    26 | D:1      | Lost mutation: You are somewhat resistant to both further mutation and mutation removal. [wizard power]
    26 | D:1      | Lost mutation: You are somewhat resistant to further mutation. [wizard power]
    26 | D:1      | Gained mutation: You evolve. [wizard power]
    26 | D:1      | Gained mutation: You rapidly evolve. [wizard power]
    26 | D:1      | Lost mutation: You rapidly evolve. [wizard power]
    26 | D:1      | Lost mutation: You evolve. [wizard power]
    26 | D:1      | Gained mutation: You are somewhat resistant to further mutation. [wizard power]
    26 | D:1      | Gained mutation: You have extremely sharp teeth. [wizard power]
    26 | D:1      | Lost mutation: You have extremely sharp teeth. [wizard power]
    26 | D:1      | Lost mutation: You have very sharp teeth. [wizard power]
    26 | D:1      | Gained mutation: You have a beak for a mouth. [wizard power]
    26 | D:1      | Lost mutation: You are somewhat resistant to further mutation. [wizard power]
    26 | D:1      | Gained mutation: You evolve. [wizard power]
    26 | D:1      | Gained mutation: You rapidly evolve. [wizard power]
    26 | D:1      | Lost mutation: You rapidly evolve. [wizard power]
    26 | D:1      | Lost mutation: You evolve. [wizard power]
    26 | D:1      | Gained mutation: You are somewhat resistant to further mutation. [wizard power]
    26 | D:1      | Gained mutation: You are somewhat resistant to both further mutation and mutation removal. [wizard power]
    26 | D:1      | Gained mutation: You are almost entirely resistant to further mutation and mutation removal. [wizard power]
    26 | D:1      | Lost mutation: You have a beak for a mouth. [wizard power]
    26 | D:1      | Gained mutation: You have very sharp teeth. [wizard power]
    26 | D:1      | Lost mutation: You are almost entirely resistant to further mutation and mutation removal. [wizard power]
    26 | D:1      | Lost mutation: You are somewhat resistant to both further mutation and mutation removal. [wizard power]
    26 | D:1      | Lost mutation: You are somewhat resistant to further mutation. [wizard power]
    26 | D:1      | Gained mutation: You evolve. [wizard power]
    26 | D:1      | Lost mutation: You have very sharp teeth. [wizard power]
    26 | D:1      | Gained mutation: You have a beak for a mouth. [wizard power]
    26 | D:1      | Gained mutation: You rapidly evolve. [wizard power]
    26 | D:1      | Lost mutation: You have a beak for a mouth. [wizard power]
    26 | D:1      | Gained mutation: You have very sharp teeth. [wizard power]
    26 | D:1      | Lost mutation: You rapidly evolve. [wizard power]
    26 | D:1      | Lost mutation: You evolve. [wizard power]
    26 | D:1      | Gained mutation: You are somewhat resistant to further mutation. [wizard power]
    26 | D:1      | Lost mutation: You are somewhat resistant to further mutation. [wizard power]
    26 | D:1      | Gained mutation: You evolve. [wizard power]
    26 | D:1      | Gained mutation: You rapidly evolve. [wizard power]
    26 | D:1      | Lost mutation: You rapidly evolve. [wizard power]
    26 | D:1      | Lost mutation: You evolve. [wizard power]
    26 | D:1      | Gained mutation: You are somewhat resistant to further mutation. [wizard power]
    26 | D:1      | Gained mutation: You are somewhat resistant to both further mutation and mutation removal. [wizard power]
    26 | D:1      | Lost mutation: You are somewhat resistant to both further mutation and mutation removal. [wizard power]
    26 | D:1      | Lost mutation: You are somewhat resistant to further mutation. [wizard power]
    26 | D:1      | Gained mutation: You evolve. [wizard power]
    26 | D:1      | Gained mutation: You rapidly evolve. [wizard power]
    26 | D:1      | Gained mutation: You have extremely sharp teeth. [wizard power]
    26 | D:1      | Lost mutation: You rapidly evolve. [wizard power]
    26 | D:1      | Lost mutation: You evolve. [wizard power]
    26 | D:1      | Gained mutation: You are somewhat resistant to further mutation. [wizard power]
    26 | D:1      | Gained mutation: You are somewhat resistant to both further mutation and mutation removal. [wizard power]
    26 | D:1      | Lost mutation: You are somewhat resistant to both further mutation and mutation removal. [wizard power]
    26 | D:1      | Lost mutation: You are somewhat resistant to further mutation. [wizard power]
    26 | D:1      | Gained mutation: You evolve. [wizard power]
    26 | D:1      | Gained mutation: You rapidly evolve. [wizard power]
    26 | D:1      | Lost mutation: You rapidly evolve. [wizard power]
    26 | D:1      | Lost mutation: You evolve. [wizard power]
    26 | D:1      | Gained mutation: You are somewhat resistant to further mutation. [wizard power]
    26 | D:1      | Gained mutation: You have razor-sharp teeth. [wizard power]
    26 | D:1      | Lost mutation: You are somewhat resistant to further mutation. [wizard power]
    26 | D:1      | Gained mutation: You evolve. [wizard power]
    26 | D:1      | Lost mutation: You evolve. [wizard power]
    26 | D:1      | Gained mutation: You are somewhat resistant to further mutation. [wizard power]
    26 | D:1      | Gained mutation: You are somewhat resistant to both further mutation and mutation removal. [wizard power]
    26 | D:1      | Lost mutation: You are somewhat resistant to both further mutation and mutation removal. [wizard power]
    26 | D:1      | Lost mutation: You are somewhat resistant to further mutation. [wizard power]
    26 | D:1      | Gained mutation: You evolve. [wizard power]
    26 | D:1      | Gained mutation: You rapidly evolve. [wizard power]
    26 | D:1      | Lost mutation: You rapidly evolve. [wizard power]
    26 | D:1      | Lost mutation: You evolve. [wizard power]
    26 | D:1      | Gained mutation: You are somewhat resistant to further mutation. [wizard power]
    26 | D:1      | Lost mutation: You are somewhat resistant to further mutation. [wizard power]
    26 | D:1      | Gained mutation: You evolve. [wizard power]
    26 | D:1      | Gained mutation: You rapidly evolve. [wizard power]
    26 | D:1      | Lost mutation: You rapidly evolve. [wizard power]
    26 | D:1      | Lost mutation: You evolve. [wizard power]
    26 | D:1      | Gained mutation: You are somewhat resistant to further mutation. [wizard power]
    26 | D:1      | Lost mutation: You have razor-sharp teeth. [wizard power]
    26 | D:1      | Lost mutation: You have extremely sharp teeth. [wizard power]
    26 | D:1      | Lost mutation: You have very sharp teeth. [wizard power]
    26 | D:1      | Gained mutation: You have a beak for a mouth. [wizard power]
    26 | D:1      | Lost mutation: You are somewhat resistant to further mutation. [wizard power]
    26 | D:1      | Gained mutation: You evolve. [wizard power]
    26 | D:1      | Lost mutation: You evolve. [wizard power]
    26 | D:1      | Gained mutation: You are somewhat resistant to further mutation. [wizard power]
    26 | D:1      | Gained mutation: You are somewhat resistant to both further mutation and mutation removal. [wizard power]
    26 | D:1      | Gained mutation: You are almost entirely resistant to further mutation and mutation removal. [wizard power]
    26 | D:1      | Lost mutation: You are almost entirely resistant to further mutation and mutation removal. [wizard power]
    26 | D:1      | Lost mutation: You are somewhat resistant to both further mutation and mutation removal. [wizard power]
    26 | D:1      | Lost mutation: You are somewhat resistant to further mutation. [wizard power]
    26 | D:1      | Gained mutation: You evolve. [wizard power]
    26 | D:1      | Gained mutation: You rapidly evolve. [wizard power]
    26 | D:1      | Lost mutation: You rapidly evolve. [wizard power]
    26 | D:1      | Lost mutation: You evolve. [wizard power]
    26 | D:1      | Gained mutation: You are somewhat resistant to further mutation. [wizard power]
    26 | D:1      | Lost mutation: You are somewhat resistant to further mutation. [wizard power]
    26 | D:1      | Gained mutation: You evolve. [wizard power]
    26 | D:1      | Gained mutation: You rapidly evolve. [wizard power]
    26 | D:1      | Lost mutation: You rapidly evolve. [wizard power]
    26 | D:1      | Lost mutation: You evolve. [wizard power]
    26 | D:1      | Gained mutation: You are somewhat resistant to further mutation. [wizard power]
    26 | D:1      | Lost mutation: You have a beak for a mouth. [wizard power]
    26 | D:1      | Gained mutation: You have very sharp teeth. [wizard power]
    26 | D:1      | Gained mutation: You are somewhat resistant to both further mutation and mutation removal. [wizard power]
    26 | D:1      | Lost mutation: You are somewhat resistant to both further mutation and mutation removal. [wizard power]
    26 | D:1      | Lost mutation: You are somewhat resistant to further mutation. [wizard power]
    26 | D:1      | Gained mutation: You evolve. [wizard power]
    26 | D:1      | Lost mutation: You evolve. [wizard power]
    26 | D:1      | Gained mutation: You are somewhat resistant to further mutation. [wizard power]
    26 | D:1      | Gained mutation: You are somewhat resistant to both further mutation and mutation removal. [wizard power]
    26 | D:1      | Gained mutation: You have extremely sharp teeth. [wizard power]
    26 | D:1      | Gained mutation: You have razor-sharp teeth. [wizard power]
    26 | D:1      | Gained mutation: You are almost entirely resistant to further mutation and mutation removal. [wizard power]
    26 | D:1      | Lost mutation: You are almost entirely resistant to further mutation and mutation removal. [wizard power]
    26 | D:1      | Lost mutation: You are somewhat resistant to both further mutation and mutation removal. [wizard power]
    26 | D:1      | Lost mutation: You are somewhat resistant to further mutation. [wizard power]
    26 | D:1      | Gained mutation: You evolve. [wizard power]
    26 | D:1      | Lost mutation: You evolve. [wizard power]
    26 | D:1      | Gained mutation: You are somewhat resistant to further mutation. [wizard power]
    26 | D:1      | Lost mutation: You are somewhat resistant to further mutation. [wizard power]
    26 | D:1      | Gained mutation: You evolve. [wizard power]
    26 | D:1      | Gained mutation: You rapidly evolve. [wizard power]
    26 | D:1      | Lost mutation: You rapidly evolve. [wizard power]
    26 | D:1      | Lost mutation: You evolve. [wizard power]
    26 | D:1      | Gained mutation: You are somewhat resistant to further mutation. [wizard power]
    26 | D:1      | Lost mutation: You have razor-sharp teeth. [wizard power]
    26 | D:1      | Lost mutation: You have extremely sharp teeth. [wizard power]
    26 | D:1      | Lost mutation: You have very sharp teeth. [wizard power]
    26 | D:1      | Gained mutation: You have a beak for a mouth. [wizard power]
    26 | D:1      | Lost mutation: You are somewhat resistant to further mutation. [wizard power]
    26 | D:1      | Gained mutation: You evolve. [wizard power]
    26 | D:1      | Gained mutation: You rapidly evolve. [wizard power]
    26 | D:1      | Lost mutation: You rapidly evolve. [wizard power]
    26 | D:1      | Lost mutation: You evolve. [wizard power]
    26 | D:1      | Gained mutation: You are somewhat resistant to further mutation. [wizard power]
    26 | D:1      | Lost mutation: You are somewhat resistant to further mutation. [wizard power]
    26 | D:1      | Gained mutation: You evolve. [wizard power]
    26 | D:1      | Lost mutation: You evolve. [wizard power]
    26 | D:1      | Gained mutation: You are somewhat resistant to further mutation. [wizard power]
    26 | D:1      | Gained mutation: You are somewhat resistant to both further mutation and mutation removal. [wizard power]
    26 | D:1      | Gained mutation: You are almost entirely resistant to further mutation and mutation removal. [wizard power]
    26 | D:1      | Lost mutation: You are almost entirely resistant to further mutation and mutation removal. [wizard power]
    26 | D:1      | Lost mutation: You are somewhat resistant to both further mutation and mutation removal. [wizard power]
    26 | D:1      | Lost mutation: You are somewhat resistant to further mutation. [wizard power]
    26 | D:1      | Gained mutation: You evolve. [wizard power]
    26 | D:1      | Lost mutation: You evolve. [wizard power]
    26 | D:1      | Gained mutation: You are somewhat resistant to further mutation. [wizard power]
    26 | D:1      | Lost mutation: You are somewhat resistant to further mutation. [wizard power]
    26 | D:1      | Gained mutation: You evolve. [wizard power]
    26 | D:1      | Gained mutation: You rapidly evolve. [wizard power]
    26 | D:1      | Lost mutation: You rapidly evolve. [wizard power]
    26 | D:1      | Lost mutation: You evolve. [wizard power]
    26 | D:1      | Gained mutation: You are somewhat resistant to further mutation. [wizard power]
    26 | D:1      | Gained mutation: You are somewhat resistant to both further mutation and mutation removal. [wizard power]
    26 | D:1      | Gained mutation: You are almost entirely resistant to further mutation and mutation removal. [wizard power]
    26 | D:1      | Lost mutation: You are almost entirely resistant to further mutation and mutation removal. [wizard power]
    26 | D:1      | Lost mutation: You are somewhat resistant to both further mutation and mutation removal. [wizard power]
    26 | D:1      | Lost mutation: You are somewhat resistant to further mutation. [wizard power]
    26 | D:1      | Gained mutation: You evolve. [wizard power]
    26 | D:1      | Gained mutation: You rapidly evolve. [wizard power]
    26 | D:1      | Lost mutation: You rapidly evolve. [wizard power]
    26 | D:1      | Lost mutation: You evolve. [wizard power]
    26 | D:1      | Gained mutation: You are somewhat resistant to further mutation. [wizard power]
    26 | D:1      | Gained mutation: You are somewhat resistant to both further mutation and mutation removal. [wizard power]
    26 | D:1      | Lost mutation: You are somewhat resistant to both further mutation and mutation removal. [wizard power]
    26 | D:1      | Lost mutation: You are somewhat resistant to further mutation. [wizard power]
    26 | D:1      | Gained mutation: You evolve. [wizard power]
    26 | D:1      | Gained mutation: You rapidly evolve. [wizard power]
    26 | D:1      | Lost mutation: You rapidly evolve. [wizard power]
    26 | D:1      | Lost mutation: You evolve. [wizard power]
    26 | D:1      | Gained mutation: You are somewhat resistant to further mutation. [wizard power]
    26 | D:1      | Lost mutation: You are somewhat resistant to further mutation. [wizard power]
    26 | D:1      | Gained mutation: You evolve. [wizard power]
    26 | D:1      | Lost mutation: You evolve. [wizard power]
    26 | D:1      | Gained mutation: You are somewhat resistant to further mutation. [wizard power]
    26 | D:1      | Lost mutation: You are somewhat resistant to further mutation. [wizard power]
    26 | D:1      | Gained mutation: You evolve. [wizard power]
    26 | D:1      | Gained mutation: You rapidly evolve. [wizard power]
    26 | D:1      | Lost mutation: You have a beak for a mouth. [wizard power]
    26 | D:1      | Gained mutation: You have very sharp teeth. [wizard power]
    26 | D:1      | Gained mutation: You have extremely sharp teeth. [wizard power]
    26 | D:1      | Gained mutation: You have razor-sharp teeth. [wizard power]
    26 | D:1      | Lost mutation: You rapidly evolve. [wizard power]
    26 | D:1      | Lost mutation: You evolve. [wizard power]
    26 | D:1      | Gained mutation: You are somewhat resistant to further mutation. [wizard power]
    26 | D:1      | Lost mutation: You are somewhat resistant to further mutation. [wizard power]
    26 | D:1      | Gained mutation: You evolve. [wizard power]
    26 | D:1      | Lost mutation: You evolve. [wizard power]
    26 | D:1      | Gained mutation: You are somewhat resistant to further mutation. [wizard power]
    26 | D:1      | Gained mutation: You are somewhat resistant to both further mutation and mutation removal. [wizard power]
    26 | D:1      | Lost mutation: You are somewhat resistant to both further mutation and mutation removal. [wizard power]
    26 | D:1      | Lost mutation: You are somewhat resistant to further mutation. [wizard power]
    26 | D:1      | Gained mutation: You evolve. [wizard power]
    26 | D:1      | Lost mutation: You evolve. [wizard power]
    26 | D:1      | Gained mutation: You are somewhat resistant to further mutation. [wizard power]
    26 | D:1      | Gained mutation: You are somewhat resistant to both further mutation and mutation removal. [wizard power]
    26 | D:1      | Lost mutation: You are somewhat resistant to both further mutation and mutation removal. [wizard power]
    26 | D:1      | Lost mutation: You are somewhat resistant to further mutation. [wizard power]
    26 | D:1      | Gained mutation: You evolve. [wizard power]
    26 | D:1      | Gained mutation: You rapidly evolve. [wizard power]
    26 | D:1      | Lost mutation: You have razor-sharp teeth. [wizard power]
    26 | D:1      | Lost mutation: You have extremely sharp teeth. [wizard power]
    26 | D:1      | Lost mutation: You have very sharp teeth. [wizard power]
    26 | D:1      | Gained mutation: You have a beak for a mouth. [wizard power]
    26 | D:1      | Lost mutation: You rapidly evolve. [wizard power]
    26 | D:1      | Lost mutation: You evolve. [wizard power]
    26 | D:1      | Gained mutation: You are somewhat resistant to further mutation. [wizard power]
    26 | D:1      | Gained mutation: You are somewhat resistant to both further mutation and mutation removal. [wizard power]
    26 | D:1      | Gained mutation: You are almost entirely resistant to further mutation and mutation removal. [wizard power]
    26 | D:1      | Lost mutation: You are almost entirely resistant to further mutation and mutation removal. [wizard power]
    26 | D:1      | Lost mutation: You are somewhat resistant to both further mutation and mutation removal. [wizard power]
    26 | D:1      | Lost mutation: You are somewhat resistant to further mutation. [wizard power]
    26 | D:1      | Gained mutation: You evolve. [wizard power]
    26 | D:1      | Lost mutation: You evolve. [wizard power]
    26 | D:1      | Gained mutation: You are somewhat resistant to further mutation. [wizard power]
    26 | D:1      | Gained mutation: You are somewhat resistant to both further mutation and mutation removal. [wizard power]
    26 | D:1      | Lost mutation: You are somewhat resistant to both further mutation and mutation removal. [wizard power]
    26 | D:1      | Lost mutation: You are somewhat resistant to further mutation. [wizard power]
    26 | D:1      | Gained mutation: You evolve. [wizard power]
    26 | D:1      | Lost mutation: You evolve. [wizard power]
    26 | D:1      | Gained mutation: You are somewhat resistant to further mutation. [wizard power]
    26 | D:1      | Lost mutation: You have a beak for a mouth. [wizard power]
    26 | D:1      | Gained mutation: You have very sharp teeth. [wizard power]
    26 | D:1      | Lost mutation: You are somewhat resistant to further mutation. [wizard power]
    26 | D:1      | Gained mutation: You evolve. [wizard power]
    26 | D:1      | Gained mutation: You rapidly evolve. [wizard power]
    26 | D:1      | Lost mutation: You rapidly evolve. [wizard power]
    26 | D:1      | Lost mutation: You evolve. [wizard power]
    26 | D:1      | Gained mutation: You are somewhat resistant to further mutation. [wizard power]
    26 | D:1      | Gained mutation: You have extremely sharp teeth. [wizard power]
    26 | D:1      | Gained mutation: You are somewhat resistant to both further mutation and mutation removal. [wizard power]
    26 | D:1      | Gained mutation: You are almost entirely resistant to further mutation and mutation removal. [wizard power]
    26 | D:1      | Gained mutation: You have razor-sharp teeth. [wizard power]
    26 | D:1      | Lost mutation: You are almost entirely resistant to further mutation and mutation removal. [wizard power]
    26 | D:1      | Lost mutation: You are somewhat resistant to both further mutation and mutation removal. [wizard power]
    26 | D:1      | Lost mutation: You are somewhat resistant to further mutation. [wizard power]
    26 | D:1      | Gained mutation: You evolve. [wizard power]
    26 | D:1      | Lost mutation: You have razor-sharp teeth. [wizard power]
    26 | D:1      | Lost mutation: You have extremely sharp teeth. [wizard power]
    26 | D:1      | Lost mutation: You have very sharp teeth. [wizard power]
    26 | D:1      | Gained mutation: You have a beak for a mouth. [wizard power]
    26 | D:1      | Gained mutation: You rapidly evolve. [wizard power]
    26 | D:1      | Lost mutation: You rapidly evolve. [wizard power]
    26 | D:1      | Lost mutation: You evolve. [wizard power]
    26 | D:1      | Gained mutation: You are somewhat resistant to further mutation. [wizard power]
    26 | D:1      | Gained mutation: You are somewhat resistant to both further mutation and mutation removal. [wizard power]
    26 | D:1      | Lost mutation: You are somewhat resistant to both further mutation and mutation removal. [wizard power]
    26 | D:1      | Lost mutation: You are somewhat resistant to further mutation. [wizard power]
    26 | D:1      | Gained mutation: You evolve. [wizard power]
    26 | D:1      | Lost mutation: You have a beak for a mouth. [wizard power]
    26 | D:1      | Gained mutation: You have very sharp teeth. [wizard power]
    26 | D:1      | Lost mutation: You evolve. [wizard power]
    26 | D:1      | Gained mutation: You are somewhat resistant to further mutation. [wizard power]
    26 | D:1      | Gained mutation: You are somewhat resistant to both further mutation and mutation removal. [wizard power]
    26 | D:1      | Lost mutation: You are somewhat resistant to both further mutation and mutation removal. [wizard power]
    26 | D:1      | Lost mutation: You are somewhat resistant to further mutation. [wizard power]
    26 | D:1      | Gained mutation: You evolve. [wizard power]
    26 | D:1      | Lost mutation: You evolve. [wizard power]
    26 | D:1      | Gained mutation: You are somewhat resistant to further mutation. [wizard power]
    26 | D:1      | Lost mutation: You are somewhat resistant to further mutation. [wizard power]
    26 | D:1      | Gained mutation: You evolve. [wizard power]
    26 | D:1      | Gained mutation: You have extremely sharp teeth. [wizard power]
    26 | D:1      | Gained mutation: You rapidly evolve. [wizard power]
    26 | D:1      | Lost mutation: You rapidly evolve. [wizard power]
    26 | D:1      | Lost mutation: You evolve. [wizard power]
    26 | D:1      | Gained mutation: You are somewhat resistant to further mutation. [wizard power]
    26 | D:1      | Lost mutation: You are somewhat resistant to further mutation. [wizard power]
    26 | D:1      | Gained mutation: You evolve. [wizard power]
    26 | D:1      | Lost mutation: You evolve. [wizard power]
    26 | D:1      | Gained mutation: You are somewhat resistant to further mutation. [wizard power]
    26 | D:1      | Gained mutation: You have razor-sharp teeth. [wizard power]
    26 | D:1      | Gained mutation: You are somewhat resistant to both further mutation and mutation removal. [wizard power]
    26 | D:1      | Gained mutation: You are almost entirely resistant to further mutation and mutation removal. [wizard power]
    26 | D:1      | Lost mutation: You have razor-sharp teeth. [wizard power]
    26 | D:1      | Lost mutation: You have extremely sharp teeth. [wizard power]
    26 | D:1      | Lost mutation: You have very sharp teeth. [wizard power]
    26 | D:1      | Gained mutation: You have a beak for a mouth. [wizard power]
    26 | D:1      | Lost mutation: You are almost entirely resistant to further mutation and mutation removal. [wizard power]
    26 | D:1      | Lost mutation: You are somewhat resistant to both further mutation and mutation removal. [wizard power]
    26 | D:1      | Lost mutation: You are somewhat resistant to further mutation. [wizard power]
    26 | D:1      | Gained mutation: You evolve. [wizard power]
    26 | D:1      | Lost mutation: You evolve. [wizard power]
    26 | D:1      | Gained mutation: You are somewhat resistant to further mutation. [wizard power]
    26 | D:1      | Lost mutation: You are somewhat resistant to further mutation. [wizard power]
    26 | D:1      | Gained mutation: You evolve. [wizard power]
    26 | D:1      | Lost mutation: You evolve. [wizard power]
    26 | D:1      | Gained mutation: You are somewhat resistant to further mutation. [wizard power]
    26 | D:1      | Gained mutation: You are somewhat resistant to both further mutation and mutation removal. [wizard power]
    26 | D:1      | Lost mutation: You are somewhat resistant to both further mutation and mutation removal. [wizard power]
    26 | D:1      | Lost mutation: You are somewhat resistant to further mutation. [wizard power]
    26 | D:1      | Gained mutation: You evolve. [wizard power]
    26 | D:1      | Gained mutation: You rapidly evolve. [wizard power]
    26 | D:1      | Lost mutation: You rapidly evolve. [wizard power]
    26 | D:1      | Lost mutation: You evolve. [wizard power]
    26 | D:1      | Gained mutation: You are somewhat resistant to further mutation. [wizard power]
    26 | D:1      | Lost mutation: You are somewhat resistant to further mutation. [wizard power]
    26 | D:1      | Gained mutation: You evolve. [wizard power]
    26 | D:1      | Gained mutation: You rapidly evolve. [wizard power]
    26 | D:1      | Lost mutation: You rapidly evolve. [wizard power]
    26 | D:1      | Lost mutation: You evolve. [wizard power]
    26 | D:1      | Gained mutation: You are somewhat resistant to further mutation. [wizard power]
    26 | D:1      | Lost mutation: You are somewhat resistant to further mutation. [wizard power]
    26 | D:1      | Gained mutation: You evolve. [wizard power]
    26 | D:1      | Gained mutation: You rapidly evolve. [wizard power]
    26 | D:1      | Lost mutation: You rapidly evolve. [wizard power]
    26 | D:1      | Lost mutation: You evolve. [wizard power]
    26 | D:1      | Gained mutation: You are somewhat resistant to further mutation. [wizard power]
    26 | D:1      | Lost mutation: You are somewhat resistant to further mutation. [wizard power]
    26 | D:1      | Gained mutation: You evolve. [wizard power]
    26 | D:1      | Gained mutation: You rapidly evolve. [wizard power]
    26 | D:1      | Lost mutation: You rapidly evolve. [wizard power]
    26 | D:1      | Lost mutation: You evolve. [wizard power]
    26 | D:1      | Gained mutation: You are somewhat resistant to further mutation. [wizard power]
    26 | D:1      | Gained mutation: You are somewhat resistant to both further mutation and mutation removal. [wizard power]
    26 | D:1      | Gained mutation: You are almost entirely resistant to further mutation and mutation removal. [wizard power]
    26 | D:1      | Lost mutation: You are almost entirely resistant to further mutation and mutation removal. [wizard power]
    26 | D:1      | Lost mutation: You are somewhat resistant to both further mutation and mutation removal. [wizard power]
    26 | D:1      | Lost mutation: You are somewhat resistant to further mutation. [wizard power]
    26 | D:1      | Gained mutation: You evolve. [wizard power]
    26 | D:1      | Lost mutation: You evolve. [wizard power]
    26 | D:1      | Gained mutation: You are somewhat resistant to further mutation. [wizard power]
    26 | D:1      | Lost mutation: You are somewhat resistant to further mutation. [wizard power]
    26 | D:1      | Gained mutation: You evolve. [wizard power]
    26 | D:1      | Lost mutation: You evolve. [wizard power]
    26 | D:1      | Gained mutation: You are somewhat resistant to further mutation. [wizard power]
    26 | D:1      | Gained mutation: You are somewhat resistant to both further mutation and mutation removal. [wizard power]
    26 | D:1      | Lost mutation: You are somewhat resistant to both further mutation and mutation removal. [wizard power]
    26 | D:1      | Lost mutation: You are somewhat resistant to further mutation. [wizard power]
    26 | D:1      | Gained mutation: You evolve. [wizard power]
    26 | D:1      | Gained mutation: You rapidly evolve. [wizard power]
    26 | D:1      | Lost mutation: You rapidly evolve. [wizard power]
    26 | D:1      | Lost mutation: You evolve. [wizard power]
    26 | D:1      | Gained mutation: You are somewhat resistant to further mutation. [wizard power]
    26 | D:1      | Lost mutation: You are somewhat resistant to further mutation. [wizard power]
    26 | D:1      | Gained mutation: You evolve. [wizard power]
    26 | D:1      | Gained mutation: You rapidly evolve. [wizard power]
    26 | D:1      | Lost mutation: You rapidly evolve. [wizard power]
    26 | D:1      | Lost mutation: You evolve. [wizard power]
    26 | D:1      | Gained mutation: You are somewhat resistant to further mutation. [wizard power]
    26 | D:1      | Lost mutation: You have a beak for a mouth. [wizard power]
    26 | D:1      | Gained mutation: You have very sharp teeth. [wizard power]
    26 | D:1      | Gained mutation: You have extremely sharp teeth. [wizard power]
    26 | D:1      | Gained mutation: You are somewhat resistant to both further mutation and mutation removal. [wizard power]
    26 | D:1      | Gained mutation: You are almost entirely resistant to further mutation and mutation removal. [wizard power]
    26 | D:1      | Lost mutation: You are almost entirely resistant to further mutation and mutation removal. [wizard power]
    26 | D:1      | Lost mutation: You are somewhat resistant to both further mutation and mutation removal. [wizard power]
    26 | D:1      | Lost mutation: You are somewhat resistant to further mutation. [wizard power]
    26 | D:1      | Gained mutation: You evolve. [wizard power]
    26 | D:1      | Lost mutation: You evolve. [wizard power]
    26 | D:1      | Gained mutation: You are somewhat resistant to further mutation. [wizard power]
    26 | D:1      | Lost mutation: You have extremely sharp teeth. [wizard power]
    26 | D:1      | Lost mutation: You have very sharp teeth. [wizard power]
    26 | D:1      | Gained mutation: You have a beak for a mouth. [wizard power]
    26 | D:1      | Gained mutation: You are somewhat resistant to both further mutation and mutation removal. [wizard power]
    26 | D:1      | Gained mutation: You are almost entirely resistant to further mutation and mutation removal. [wizard power]
    26 | D:1      | Lost mutation: You are almost entirely resistant to further mutation and mutation removal. [wizard power]
    26 | D:1      | Lost mutation: You are somewhat resistant to both further mutation and mutation removal. [wizard power]
    26 | D:1      | Lost mutation: You are somewhat resistant to further mutation. [wizard power]
    26 | D:1      | Gained mutation: You evolve. [wizard power]
    26 | D:1      | Gained mutation: You rapidly evolve. [wizard power]
    26 | D:1      | Lost mutation: You have a beak for a mouth. [wizard power]
    26 | D:1      | Gained mutation: You have very sharp teeth. [wizard power]
    26 | D:1      | Lost mutation: You rapidly evolve. [wizard power]
    26 | D:1      | Lost mutation: You evolve. [wizard power]
    26 | D:1      | Gained mutation: You are somewhat resistant to further mutation. [wizard power]
    26 | D:1      | Gained mutation: You are somewhat resistant to both further mutation and mutation removal. [wizard power]
    26 | D:1      | Lost mutation: You are somewhat resistant to both further mutation and mutation removal. [wizard power]
    26 | D:1      | Lost mutation: You are somewhat resistant to further mutation. [wizard power]
    26 | D:1      | Gained mutation: You evolve. [wizard power]
    26 | D:1      | Gained mutation: You rapidly evolve. [wizard power]
    26 | D:1      | Lost mutation: You have very sharp teeth. [wizard power]
    26 | D:1      | Gained mutation: You have a beak for a mouth. [wizard power]
    26 | D:1      | Lost mutation: You have a beak for a mouth. [wizard power]
    26 | D:1      | Gained mutation: You have very sharp teeth. [wizard power]
    26 | D:1      | Lost mutation: You rapidly evolve. [wizard power]
    26 | D:1      | Lost mutation: You evolve. [wizard power]
    26 | D:1      | Gained mutation: You are somewhat resistant to further mutation. [wizard power]
    26 | D:1      | Lost mutation: You are somewhat resistant to further mutation. [wizard power]
    26 | D:1      | Gained mutation: You evolve. [wizard power]
    26 | D:1      | Lost mutation: You evolve. [wizard power]
    26 | D:1      | Gained mutation: You are somewhat resistant to further mutation. [wizard power]
    26 | D:1      | Lost mutation: You are somewhat resistant to further mutation. [wizard power]
    26 | D:1      | Gained mutation: You evolve. [wizard power]
    26 | D:1      | Gained mutation: You rapidly evolve. [wizard power]
    26 | D:1      | Lost mutation: You rapidly evolve. [wizard power]
    26 | D:1      | Lost mutation: You evolve. [wizard power]
    26 | D:1      | Gained mutation: You are somewhat resistant to further mutation. [wizard power]
    26 | D:1      | Lost mutation: You are somewhat resistant to further mutation. [wizard power]
    26 | D:1      | Gained mutation: You evolve. [wizard power]
    26 | D:1      | Lost mutation: You evolve. [wizard power]
    26 | D:1      | Gained mutation: You are somewhat resistant to further mutation. [wizard power]
    26 | D:1      | Lost mutation: You have very sharp teeth. [wizard power]
    26 | D:1      | Gained mutation: You have a beak for a mouth. [wizard power]
    26 | D:1      | Gained mutation: You are somewhat resistant to both further mutation and mutation removal. [wizard power]
    26 | D:1      | Gained mutation: You are almost entirely resistant to further mutation and mutation removal. [wizard power]
    26 | D:1      | Lost mutation: You are almost entirely resistant to further mutation and mutation removal. [wizard power]
    26 | D:1      | Lost mutation: You are somewhat resistant to both further mutation and mutation removal. [wizard power]
    26 | D:1      | Lost mutation: You are somewhat resistant to further mutation. [wizard power]
    26 | D:1      | Gained mutation: You evolve. [wizard power]
    26 | D:1      | Gained mutation: You rapidly evolve. [wizard power]
    26 | D:1      | Lost mutation: You rapidly evolve. [wizard power]
    26 | D:1      | Lost mutation: You evolve. [wizard power]
    26 | D:1      | Gained mutation: You are somewhat resistant to further mutation. [wizard power]
    26 | D:1      | Lost mutation: You have a beak for a mouth. [wizard power]
    26 | D:1      | Gained mutation: You have very sharp teeth. [wizard power]
    26 | D:1      | Lost mutation: You are somewhat resistant to further mutation. [wizard power]
    26 | D:1      | Gained mutation: You evolve. [wizard power]
    26 | D:1      | Lost mutation: You evolve. [wizard power]
    26 | D:1      | Gained mutation: You are somewhat resistant to further mutation. [wizard power]
    26 | D:1      | Gained mutation: You are somewhat resistant to both further mutation and mutation removal. [wizard power]
    26 | D:1      | Gained mutation: You are almost entirely resistant to further mutation and mutation removal. [wizard power]
    26 | D:1      | Lost mutation: You are almost entirely resistant to further mutation and mutation removal. [wizard power]
    26 | D:1      | Lost mutation: You are somewhat resistant to both further mutation and mutation removal. [wizard power]
    26 | D:1      | Lost mutation: You are somewhat resistant to further mutation. [wizard power]
    26 | D:1      | Gained mutation: You evolve. [wizard power]
    26 | D:1      | Gained mutation: You rapidly evolve. [wizard power]
    26 | D:1      | Lost mutation: You rapidly evolve. [wizard power]
    26 | D:1      | Lost mutation: You evolve. [wizard power]
    26 | D:1      | Gained mutation: You are somewhat resistant to further mutation. [wizard power]
    26 | D:1      | Gained mutation: You have extremely sharp teeth. [wizard power]
    26 | D:1      | Lost mutation: You are somewhat resistant to further mutation. [wizard power]
    26 | D:1      | Gained mutation: You evolve. [wizard power]
    26 | D:1      | Lost mutation: You have extremely sharp teeth. [wizard power]
    26 | D:1      | Lost mutation: You have very sharp teeth. [wizard power]
    26 | D:1      | Gained mutation: You have a beak for a mouth. [wizard power]
    26 | D:1      | Gained mutation: You rapidly evolve. [wizard power]
    26 | D:1      | Lost mutation: You rapidly evolve. [wizard power]
    26 | D:1      | Lost mutation: You evolve. [wizard power]
    26 | D:1      | Gained mutation: You are somewhat resistant to further mutation. [wizard power]
    26 | D:1      | Gained mutation: You are somewhat resistant to both further mutation and mutation removal. [wizard power]
    26 | D:1      | Lost mutation: You are somewhat resistant to both further mutation and mutation removal. [wizard power]
    26 | D:1      | Lost mutation: You are somewhat resistant to further mutation. [wizard power]
    26 | D:1      | Gained mutation: You evolve. [wizard power]
    26 | D:1      | Lost mutation: You evolve. [wizard power]
    26 | D:1      | Gained mutation: You are somewhat resistant to further mutation. [wizard power]
    26 | D:1      | Lost mutation: You have a beak for a mouth. [wizard power]
    26 | D:1      | Gained mutation: You have very sharp teeth. [wizard power]
    26 | D:1      | Lost mutation: You are somewhat resistant to further mutation. [wizard power]
    26 | D:1      | Gained mutation: You evolve. [wizard power]
    26 | D:1      | Gained mutation: You rapidly evolve. [wizard power]
    26 | D:1      | Lost mutation: You have very sharp teeth. [wizard power]
    26 | D:1      | Gained mutation: You have a beak for a mouth. [wizard power]
    26 | D:1      | Lost mutation: You rapidly evolve. [wizard power]
    26 | D:1      | Lost mutation: You evolve. [wizard power]
    26 | D:1      | Gained mutation: You are somewhat resistant to further mutation. [wizard power]
    26 | D:1      | Gained mutation: You are somewhat resistant to both further mutation and mutation removal. [wizard power]
    26 | D:1      | Gained mutation: You are almost entirely resistant to further mutation and mutation removal. [wizard power]
    26 | D:1      | Lost mutation: You are almost entirely resistant to further mutation and mutation removal. [wizard power]
    26 | D:1      | Lost mutation: You are somewhat resistant to both further mutation and mutation removal. [wizard power]
    26 | D:1      | Lost mutation: You are somewhat resistant to further mutation. [wizard power]
    26 | D:1      | Gained mutation: You evolve. [wizard power]
    26 | D:1      | Gained mutation: You rapidly evolve. [wizard power]
    26 | D:1      | Lost mutation: You rapidly evolve. [wizard power]
    26 | D:1      | Lost mutation: You evolve. [wizard power]
    26 | D:1      | Gained mutation: You are somewhat resistant to further mutation. [wizard power]
    26 | D:1      | Lost mutation: You are somewhat resistant to further mutation. [wizard power]
    26 | D:1      | Gained mutation: You evolve. [wizard power]
    26 | D:1      | Gained mutation: You rapidly evolve. [wizard power]
    26 | D:1      | Lost mutation: You rapidly evolve. [wizard power]
    26 | D:1      | Lost mutation: You evolve. [wizard power]
    26 | D:1      | Gained mutation: You are somewhat resistant to further mutation. [wizard power]
    26 | D:1      | Gained mutation: You are somewhat resistant to both further mutation and mutation removal. [wizard power]
    26 | D:1      | Gained mutation: You are almost entirely resistant to further mutation and mutation removal. [wizard power]
    26 | D:1      | Lost mutation: You are almost entirely resistant to further mutation and mutation removal. [wizard power]
    26 | D:1      | Lost mutation: You are somewhat resistant to both further mutation and mutation removal. [wizard power]
    26 | D:1      | Lost mutation: You are somewhat resistant to further mutation. [wizard power]
    26 | D:1      | Gained mutation: You evolve. [wizard power]
    26 | D:1      | Lost mutation: You evolve. [wizard power]
    26 | D:1      | Gained mutation: You are somewhat resistant to further mutation. [wizard power]
    26 | D:1      | Gained mutation: You are somewhat resistant to both further mutation and mutation removal. [wizard power]
    26 | D:1      | Lost mutation: You have a beak for a mouth. [wizard power]
    26 | D:1      | Gained mutation: You have very sharp teeth. [wizard power]
    26 | D:1      | Lost mutation: You have very sharp teeth. [wizard power]
    26 | D:1      | Gained mutation: You have a beak for a mouth. [wizard power]
    26 | D:1      | Lost mutation: You are somewhat resistant to both further mutation and mutation removal. [wizard power]
    26 | D:1      | Lost mutation: You are somewhat resistant to further mutation. [wizard power]
    26 | D:1      | Gained mutation: You evolve. [wizard power]
    26 | D:1      | Gained mutation: You rapidly evolve. [wizard power]
    26 | D:1      | Lost mutation: You rapidly evolve. [wizard power]
    26 | D:1      | Lost mutation: You evolve. [wizard power]
    26 | D:1      | Gained mutation: You are somewhat resistant to further mutation. [wizard power]
    26 | D:1      | Lost mutation: You are somewhat resistant to further mutation. [wizard power]
    26 | D:1      | Gained mutation: You evolve. [wizard power]
    26 | D:1      | Gained mutation: You rapidly evolve. [wizard power]
    26 | D:1      | Lost mutation: You rapidly evolve. [wizard power]
    26 | D:1      | Lost mutation: You evolve. [wizard power]
    26 | D:1      | Gained mutation: You are somewhat resistant to further mutation. [wizard power]
    26 | D:1      | Lost mutation: You are somewhat resistant to further mutation. [wizard power]
    26 | D:1      | Gained mutation: You evolve. [wizard power]
    26 | D:1      | Gained mutation: You rapidly evolve. [wizard power]
    26 | D:1      | Lost mutation: You rapidly evolve. [wizard power]
    26 | D:1      | Lost mutation: You evolve. [wizard power]
    26 | D:1      | Gained mutation: You are somewhat resistant to further mutation. [wizard power]
    26 | D:1      | Lost mutation: You are somewhat resistant to further mutation. [wizard power]
    26 | D:1      | Gained mutation: You evolve. [wizard power]
    26 | D:1      | Gained mutation: You rapidly evolve. [wizard power]
    26 | D:1      | Lost mutation: You rapidly evolve. [wizard power]
    26 | D:1      | Lost mutation: You evolve. [wizard power]
    26 | D:1      | Gained mutation: You are somewhat resistant to further mutation. [wizard power]
    26 | D:1      | Gained mutation: You are somewhat resistant to both further mutation and mutation removal. [wizard power]
    26 | D:1      | Lost mutation: You have a beak for a mouth. [wizard power]
    26 | D:1      | Gained mutation: You have very sharp teeth. [wizard power]
    26 | D:1      | Gained mutation: You have extremely sharp teeth. [wizard power]
    26 | D:1      | Gained mutation: You have razor-sharp teeth. [wizard power]
    26 | D:1      | Gained mutation: You are almost entirely resistant to further mutation and mutation removal. [wizard power]
    26 | D:1      | Lost mutation: You are almost entirely resistant to further mutation and mutation removal. [wizard power]
    26 | D:1      | Lost mutation: You are somewhat resistant to both further mutation and mutation removal. [wizard power]
    26 | D:1      | Lost mutation: You are somewhat resistant to further mutation. [wizard power]
    26 | D:1      | Gained mutation: You evolve. [wizard power]
    26 | D:1      | Gained mutation: You rapidly evolve. [wizard power]
    26 | D:1      | Lost mutation: You rapidly evolve. [wizard power]
    26 | D:1      | Lost mutation: You evolve. [wizard power]
    26 | D:1      | Gained mutation: You are somewhat resistant to further mutation. [wizard power]
    26 | D:1      | Gained mutation: You are somewhat resistant to both further mutation and mutation removal. [wizard power]
    26 | D:1      | Gained mutation: You are almost entirely resistant to further mutation and mutation removal. [wizard power]
    26 | D:1      | Lost mutation: You are almost entirely resistant to further mutation and mutation removal. [wizard power]
    26 | D:1      | Lost mutation: You are somewhat resistant to both further mutation and mutation removal. [wizard power]
    26 | D:1      | Lost mutation: You are somewhat resistant to further mutation. [wizard power]
    26 | D:1      | Gained mutation: You evolve. [wizard power]
    26 | D:1      | Lost mutation: You evolve. [wizard power]
    26 | D:1      | Gained mutation: You are somewhat resistant to further mutation. [wizard power]
    26 | D:1      | Lost mutation: You are somewhat resistant to further mutation. [wizard power]
    26 | D:1      | Gained mutation: You evolve. [wizard power]
    26 | D:1      | Gained mutation: You rapidly evolve. [wizard power]
    26 | D:1      | Lost mutation: You rapidly evolve. [wizard power]
    26 | D:1      | Lost mutation: You evolve. [wizard power]
    26 | D:1      | Gained mutation: You are somewhat resistant to further mutation. [wizard power]
    26 | D:1      | Lost mutation: You are somewhat resistant to further mutation. [wizard power]
    26 | D:1      | Gained mutation: You evolve. [wizard power]
    26 | D:1      | Gained mutation: You rapidly evolve. [wizard power]
    26 | D:1      | Lost mutation: You rapidly evolve. [wizard power]
    26 | D:1      | Lost mutation: You evolve. [wizard power]
    26 | D:1      | Gained mutation: You are somewhat resistant to further mutation. [wizard power]
    26 | D:1      | Lost mutation: You are somewhat resistant to further mutation. [wizard power]
    26 | D:1      | Gained mutation: You evolve. [wizard power]
    26 | D:1      | Gained mutation: You rapidly evolve. [wizard power]
    26 | D:1      | Lost mutation: You rapidly evolve. [wizard power]
    26 | D:1      | Lost mutation: You evolve. [wizard power]
    26 | D:1      | Gained mutation: You are somewhat resistant to further mutation. [wizard power]
    26 | D:1      | Lost mutation: You are somewhat resistant to further mutation. [wizard power]
    26 | D:1      | Gained mutation: You evolve. [wizard power]
    26 | D:1      | Lost mutation: You have razor-sharp teeth. [wizard power]
    26 | D:1      | Lost mutation: You have extremely sharp teeth. [wizard power]
    26 | D:1      | Lost mutation: You have very sharp teeth. [wizard power]
    26 | D:1      | Gained mutation: You have a beak for a mouth. [wizard power]
    26 | D:1      | Lost mutation: You evolve. [wizard power]
    26 | D:1      | Gained mutation: You are somewhat resistant to further mutation. [wizard power]
    26 | D:1      | Lost mutation: You have a beak for a mouth. [wizard power]
    26 | D:1      | Gained mutation: You have very sharp teeth. [wizard power]
    26 | D:1      | Lost mutation: You are somewhat resistant to further mutation. [wizard power]
    26 | D:1      | Gained mutation: You evolve. [wizard power]
    26 | D:1      | Lost mutation: You evolve. [wizard power]
    26 | D:1      | Gained mutation: You are somewhat resistant to further mutation. [wizard power]
    26 | D:1      | Lost mutation: You are somewhat resistant to further mutation. [wizard power]
    26 | D:1      | Gained mutation: You evolve. [wizard power]
    26 | D:1      | Lost mutation: You evolve. [wizard power]
    26 | D:1      | Gained mutation: You are somewhat resistant to further mutation. [wizard power]
    26 | D:1      | Lost mutation: You are somewhat resistant to further mutation. [wizard power]
    26 | D:1      | Gained mutation: You evolve. [wizard power]
    26 | D:1      | Lost mutation: You evolve. [wizard power]
    26 | D:1      | Gained mutation: You are somewhat resistant to further mutation. [wizard power]
    26 | D:1      | Gained mutation: You have extremely sharp teeth. [wizard power]
    26 | D:1      | Lost mutation: You have extremely sharp teeth. [wizard power]
    26 | D:1      | Lost mutation: You have very sharp teeth. [wizard power]
    26 | D:1      | Gained mutation: You have a beak for a mouth. [wizard power]
    26 | D:1      | Lost mutation: You are somewhat resistant to further mutation. [wizard power]
    26 | D:1      | Gained mutation: You evolve. [wizard power]
    26 | D:1      | Gained mutation: You rapidly evolve. [wizard power]
    26 | D:1      | Lost mutation: You rapidly evolve. [wizard power]
    26 | D:1      | Lost mutation: You evolve. [wizard power]
    26 | D:1      | Gained mutation: You are somewhat resistant to further mutation. [wizard power]
    26 | D:1      | Gained mutation: You are somewhat resistant to both further mutation and mutation removal. [wizard power]
    26 | D:1      | Lost mutation: You have a beak for a mouth. [wizard power]
    26 | D:1      | Gained mutation: You have very sharp teeth. [wizard power]
    26 | D:1      | Lost mutation: You are somewhat resistant to both further mutation and mutation removal. [wizard power]
    26 | D:1      | Lost mutation: You are somewhat resistant to further mutation. [wizard power]
    26 | D:1      | Gained mutation: You evolve. [wizard power]
    26 | D:1      | Gained mutation: You rapidly evolve. [wizard power]
    26 | D:1      | Lost mutation: You have very sharp teeth. [wizard power]
    26 | D:1      | Gained mutation: You have a beak for a mouth. [wizard power]
    26 | D:1      | Lost mutation: You rapidly evolve. [wizard power]
    26 | D:1      | Lost mutation: You evolve. [wizard power]
    26 | D:1      | Gained mutation: You are somewhat resistant to further mutation. [wizard power]
    26 | D:1      | Lost mutation: You are somewhat resistant to further mutation. [wizard power]
    26 | D:1      | Gained mutation: You evolve. [wizard power]
    26 | D:1      | Lost mutation: You evolve. [wizard power]
    26 | D:1      | Gained mutation: You are somewhat resistant to further mutation. [wizard power]
    26 | D:1      | Gained mutation: You are somewhat resistant to both further mutation and mutation removal. [wizard power]
    26 | D:1      | Gained mutation: You are almost entirely resistant to further mutation and mutation removal. [wizard power]
    26 | D:1      | Lost mutation: You are almost entirely resistant to further mutation and mutation removal. [wizard power]
    26 | D:1      | Lost mutation: You are somewhat resistant to both further mutation and mutation removal. [wizard power]
    26 | D:1      | Lost mutation: You are somewhat resistant to further mutation. [wizard power]
    26 | D:1      | Gained mutation: You evolve. [wizard power]
    26 | D:1      | Lost mutation: You evolve. [wizard power]
    26 | D:1      | Gained mutation: You are somewhat resistant to further mutation. [wizard power]
    26 | D:1      | Gained mutation: You are somewhat resistant to both further mutation and mutation removal. [wizard power]
    26 | D:1      | Gained mutation: You are almost entirely resistant to further mutation and mutation removal. [wizard power]
    26 | D:1      | Lost mutation: You have a beak for a mouth. [wizard power]
    26 | D:1      | Gained mutation: You have very sharp teeth. [wizard power]
    26 | D:1      | Lost mutation: You are almost entirely resistant to further mutation and mutation removal. [wizard power]
    26 | D:1      | Lost mutation: You are somewhat resistant to both further mutation and mutation removal. [wizard power]
    26 | D:1      | Lost mutation: You are somewhat resistant to further mutation. [wizard power]
    26 | D:1      | Gained mutation: You evolve. [wizard power]
    26 | D:1      | Gained mutation: You rapidly evolve. [wizard power]
    26 | D:1      | Lost mutation: You have very sharp teeth. [wizard power]
    26 | D:1      | Gained mutation: You have a beak for a mouth. [wizard power]
    26 | D:1      | Lost mutation: You rapidly evolve. [wizard power]
    26 | D:1      | Lost mutation: You evolve. [wizard power]
    26 | D:1      | Gained mutation: You are somewhat resistant to further mutation. [wizard power]
    26 | D:1      | Gained mutation: You are somewhat resistant to both further mutation and mutation removal. [wizard power]
    26 | D:1      | Lost mutation: You are somewhat resistant to both further mutation and mutation removal. [wizard power]
    26 | D:1      | Lost mutation: You are somewhat resistant to further mutation. [wizard power]
    26 | D:1      | Gained mutation: You evolve. [wizard power]
    26 | D:1      | Lost mutation: You evolve. [wizard power]
    26 | D:1      | Gained mutation: You are somewhat resistant to further mutation. [wizard power]
    26 | D:1      | Lost mutation: You are somewhat resistant to further mutation. [wizard power]
    26 | D:1      | Gained mutation: You evolve. [wizard power]
    26 | D:1      | Lost mutation: You evolve. [wizard power]
    26 | D:1      | Gained mutation: You are somewhat resistant to further mutation. [wizard power]
    26 | D:1      | Gained mutation: You are somewhat resistant to both further mutation and mutation removal. [wizard power]
    26 | D:1      | Lost mutation: You are somewhat resistant to both further mutation and mutation removal. [wizard power]
    26 | D:1      | Lost mutation: You are somewhat resistant to further mutation. [wizard power]
    26 | D:1      | Gained mutation: You evolve. [wizard power]
    26 | D:1      | Lost mutation: You evolve. [wizard power]
    26 | D:1      | Gained mutation: You are somewhat resistant to further mutation. [wizard power]
    26 | D:1      | Lost mutation: You are somewhat resistant to further mutation. [wizard power]
    26 | D:1      | Gained mutation: You evolve. [wizard power]
    26 | D:1      | Gained mutation: You rapidly evolve. [wizard power]
    26 | D:1      | Lost mutation: You have a beak for a mouth. [wizard power]
    26 | D:1      | Gained mutation: You have very sharp teeth. [wizard power]
    26 | D:1      | Lost mutation: You have very sharp teeth. [wizard power]
    26 | D:1      | Gained mutation: You have a beak for a mouth. [wizard power]
    26 | D:1      | Lost mutation: You have a beak for a mouth. [wizard power]
    26 | D:1      | Gained mutation: You have very sharp teeth. [wizard power]
    26 | D:1      | Gained mutation: You have extremely sharp teeth. [wizard power]
    26 | D:1      | Lost mutation: You have extremely sharp teeth. [wizard power]
    26 | D:1      | Lost mutation: You have very sharp teeth. [wizard power]
    26 | D:1      | Gained mutation: You have a beak for a mouth. [wizard power]
    26 | D:1      | Lost mutation: You rapidly evolve. [wizard power]
    26 | D:1      | Lost mutation: You evolve. [wizard power]
    26 | D:1      | Gained mutation: You are somewhat resistant to further mutation. [wizard power]
    26 | D:1      | Lost mutation: You are somewhat resistant to further mutation. [wizard power]
    26 | D:1      | Gained mutation: You evolve. [wizard power]
    26 | D:1      | Lost mutation: You evolve. [wizard power]
    26 | D:1      | Gained mutation: You are somewhat resistant to further mutation. [wizard power]
    26 | D:1      | Lost mutation: You are somewhat resistant to further mutation. [wizard power]
    26 | D:1      | Gained mutation: You evolve. [wizard power]
    26 | D:1      | Gained mutation: You rapidly evolve. [wizard power]
    26 | D:1      | Lost mutation: You rapidly evolve. [wizard power]
    26 | D:1      | Lost mutation: You evolve. [wizard power]
    26 | D:1      | Gained mutation: You are somewhat resistant to further mutation. [wizard power]
    26 | D:1      | Lost mutation: You have a beak for a mouth. [wizard power]
    26 | D:1      | Gained mutation: You have very sharp teeth. [wizard power]
    26 | D:1      | Gained mutation: You have extremely sharp teeth. [wizard power]
    26 | D:1      | Gained mutation: You are somewhat resistant to both further mutation and mutation removal. [wizard power]
    26 | D:1      | Gained mutation: You are almost entirely resistant to further mutation and mutation removal. [wizard power]
    26 | D:1      | Lost mutation: You are almost entirely resistant to further mutation and mutation removal. [wizard power]
    26 | D:1      | Lost mutation: You are somewhat resistant to both further mutation and mutation removal. [wizard power]
    26 | D:1      | Lost mutation: You are somewhat resistant to further mutation. [wizard power]
    26 | D:1      | Gained mutation: You evolve. [wizard power]
    26 | D:1      | Gained mutation: You have razor-sharp teeth. [wizard power]
    26 | D:1      | Gained mutation: You rapidly evolve. [wizard power]
    26 | D:1      | Lost mutation: You rapidly evolve. [wizard power]
    26 | D:1      | Lost mutation: You evolve. [wizard power]
    26 | D:1      | Gained mutation: You are somewhat resistant to further mutation. [wizard power]
    26 | D:1      | Gained mutation: You are somewhat resistant to both further mutation and mutation removal. [wizard power]
    26 | D:1      | Gained mutation: You are almost entirely resistant to further mutation and mutation removal. [wizard power]
    26 | D:1      | Lost mutation: You are almost entirely resistant to further mutation and mutation removal. [wizard power]
    26 | D:1      | Lost mutation: You are somewhat resistant to both further mutation and mutation removal. [wizard power]
    26 | D:1      | Lost mutation: You are somewhat resistant to further mutation. [wizard power]
    26 | D:1      | Gained mutation: You evolve. [wizard power]
    26 | D:1      | Lost mutation: You evolve. [wizard power]
    26 | D:1      | Gained mutation: You are somewhat resistant to further mutation. [wizard power]
    26 | D:1      | Lost mutation: You are somewhat resistant to further mutation. [wizard power]
    26 | D:1      | Gained mutation: You evolve. [wizard power]
    26 | D:1      | Lost mutation: You evolve. [wizard power]
    26 | D:1      | Gained mutation: You are somewhat resistant to further mutation. [wizard power]
    26 | D:1      | Lost mutation: You are somewhat resistant to further mutation. [wizard power]
    26 | D:1      | Gained mutation: You evolve. [wizard power]
    26 | D:1      | Lost mutation: You evolve. [wizard power]
    26 | D:1      | Gained mutation: You are somewhat resistant to further mutation. [wizard power]
    26 | D:1      | Lost mutation: You are somewhat resistant to further mutation. [wizard power]
    26 | D:1      | Gained mutation: You evolve. [wizard power]
    26 | D:1      | Lost mutation: You have razor-sharp teeth. [wizard power]
    26 | D:1      | Lost mutation: You have extremely sharp teeth. [wizard power]
    26 | D:1      | Lost mutation: You have very sharp teeth. [wizard power]
    26 | D:1      | Gained mutation: You have a beak for a mouth. [wizard power]
    26 | D:1      | Gained mutation: You rapidly evolve. [wizard power]
    26 | D:1      | Lost mutation: You rapidly evolve. [wizard power]
    26 | D:1      | Lost mutation: You evolve. [wizard power]
    26 | D:1      | Gained mutation: You are somewhat resistant to further mutation. [wizard power]
    26 | D:1      | Lost mutation: You are somewhat resistant to further mutation. [wizard power]
    26 | D:1      | Gained mutation: You evolve. [wizard power]
    26 | D:1      | Lost mutation: You evolve. [wizard power]
    26 | D:1      | Gained mutation: You are somewhat resistant to further mutation. [wizard power]
    26 | D:1      | Lost mutation: You are somewhat resistant to further mutation. [wizard power]
    26 | D:1      | Gained mutation: You evolve. [wizard power]
    26 | D:1      | Lost mutation: You evolve. [wizard power]
    26 | D:1      | Gained mutation: You are somewhat resistant to further mutation. [wizard power]
    26 | D:1      | Lost mutation: You are somewhat resistant to further mutation. [wizard power]
    26 | D:1      | Gained mutation: You evolve. [wizard power]
    26 | D:1      | Gained mutation: You rapidly evolve. [wizard power]
    26 | D:1      | Lost mutation: You rapidly evolve. [wizard power]
    26 | D:1      | Lost mutation: You evolve. [wizard power]
    26 | D:1      | Gained mutation: You are somewhat resistant to further mutation. [wizard power]
    26 | D:1      | Lost mutation: You are somewhat resistant to further mutation. [wizard power]
    26 | D:1      | Gained mutation: You evolve. [wizard power]
    26 | D:1      | Gained mutation: You rapidly evolve. [wizard power]
    26 | D:1      | Lost mutation: You rapidly evolve. [wizard power]
    26 | D:1      | Lost mutation: You evolve. [wizard power]
    26 | D:1      | Gained mutation: You are somewhat resistant to further mutation. [wizard power]
    26 | D:1      | Lost mutation: You are somewhat resistant to further mutation. [wizard power]
    26 | D:1      | Gained mutation: You evolve. [wizard power]
    26 | D:1      | Lost mutation: You evolve. [wizard power]
    26 | D:1      | Gained mutation: You are somewhat resistant to further mutation. [wizard power]
    26 | D:1      | Lost mutation: You are somewhat resistant to further mutation. [wizard power]
    26 | D:1      | Gained mutation: You evolve. [wizard power]
    26 | D:1      | Lost mutation: You evolve. [wizard power]
    26 | D:1      | Gained mutation: You are somewhat resistant to further mutation. [wizard power]
    26 | D:1      | Lost mutation: You are somewhat resistant to further mutation. [wizard power]
    26 | D:1      | Gained mutation: You evolve. [wizard power]
    26 | D:1      | Gained mutation: You rapidly evolve. [wizard power]
    26 | D:1      | Lost mutation: You rapidly evolve. [wizard power]
    26 | D:1      | Lost mutation: You evolve. [wizard power]
    26 | D:1      | Gained mutation: You are somewhat resistant to further mutation. [wizard power]
    26 | D:1      | Lost mutation: You are somewhat resistant to further mutation. [wizard power]
    26 | D:1      | Gained mutation: You evolve. [wizard power]
    26 | D:1      | Gained mutation: You rapidly evolve. [wizard power]
    26 | D:1      | Lost mutation: You rapidly evolve. [wizard power]
    26 | D:1      | Lost mutation: You evolve. [wizard power]
    26 | D:1      | Gained mutation: You are somewhat resistant to further mutation. [wizard power]
    26 | D:1      | Lost mutation: You are somewhat resistant to further mutation. [wizard power]
    26 | D:1      | Gained mutation: You evolve. [wizard power]
    26 | D:1      | Lost mutation: You evolve. [wizard power]
    26 | D:1      | Gained mutation: You are somewhat resistant to further mutation. [wizard power]
    26 | D:1      | Gained mutation: You are somewhat resistant to both further mutation and mutation removal. [wizard power]
    26 | D:1      | Lost mutation: You are somewhat resistant to both further mutation and mutation removal. [wizard power]
    26 | D:1      | Lost mutation: You are somewhat resistant to further mutation. [wizard power]
    26 | D:1      | Gained mutation: You evolve. [wizard power]
    26 | D:1      | Gained mutation: You rapidly evolve. [wizard power]
    26 | D:1      | Lost mutation: You rapidly evolve. [wizard power]
    26 | D:1      | Lost mutation: You evolve. [wizard power]
    26 | D:1      | Gained mutation: You are somewhat resistant to further mutation. [wizard power]
    26 | D:1      | Gained mutation: You are somewhat resistant to both further mutation and mutation removal. [wizard power]
    26 | D:1      | Gained mutation: You are almost entirely resistant to further mutation and mutation removal. [wizard power]
    26 | D:1      | Lost mutation: You have a beak for a mouth. [wizard power]
    26 | D:1      | Gained mutation: You have very sharp teeth. [wizard power]
    26 | D:1      | Gained mutation: You have extremely sharp teeth. [wizard power]
    26 | D:1      | Lost mutation: You are almost entirely resistant to further mutation and mutation removal. [wizard power]
    26 | D:1      | Lost mutation: You are somewhat resistant to both further mutation and mutation removal. [wizard power]
    26 | D:1      | Lost mutation: You are somewhat resistant to further mutation. [wizard power]
    26 | D:1      | Gained mutation: You evolve. [wizard power]
    26 | D:1      | Gained mutation: You have razor-sharp teeth. [wizard power]
    26 | D:1      | Lost mutation: You evolve. [wizard power]
    26 | D:1      | Gained mutation: You are somewhat resistant to further mutation. [wizard power]
    26 | D:1      | Lost mutation: You are somewhat resistant to further mutation. [wizard power]
    26 | D:1      | Gained mutation: You evolve. [wizard power]
    26 | D:1      | Lost mutation: You evolve. [wizard power]
    26 | D:1      | Gained mutation: You are somewhat resistant to further mutation. [wizard power]
    26 | D:1      | Lost mutation: You are somewhat resistant to further mutation. [wizard power]
    26 | D:1      | Gained mutation: You evolve. [wizard power]
    26 | D:1      | Lost mutation: You evolve. [wizard power]
    26 | D:1      | Gained mutation: You are somewhat resistant to further mutation. [wizard power]
    26 | D:1      | Lost mutation: You are somewhat resistant to further mutation. [wizard power]
    26 | D:1      | Gained mutation: You evolve. [wizard power]
    26 | D:1      | Gained mutation: You rapidly evolve. [wizard power]
    26 | D:1      | Lost mutation: You rapidly evolve. [wizard power]
    26 | D:1      | Lost mutation: You evolve. [wizard power]
    26 | D:1      | Gained mutation: You are somewhat resistant to further mutation. [wizard power]
    26 | D:1      | Lost mutation: You are somewhat resistant to further mutation. [wizard power]
    26 | D:1      | Gained mutation: You evolve. [wizard power]
    26 | D:1      | Lost mutation: You evolve. [wizard power]
    26 | D:1      | Gained mutation: You are somewhat resistant to further mutation. [wizard power]
    26 | D:1      | Gained mutation: You are somewhat resistant to both further mutation and mutation removal. [wizard power]
    26 | D:1      | Lost mutation: You are somewhat resistant to both further mutation and mutation removal. [wizard power]
    26 | D:1      | Lost mutation: You are somewhat resistant to further mutation. [wizard power]
    26 | D:1      | Gained mutation: You evolve. [wizard power]
    26 | D:1      | Gained mutation: You rapidly evolve. [wizard power]
    26 | D:1      | Lost mutation: You rapidly evolve. [wizard power]
    26 | D:1      | Lost mutation: You evolve. [wizard power]
    26 | D:1      | Gained mutation: You are somewhat resistant to further mutation. [wizard power]
    26 | D:1      | Lost mutation: You are somewhat resistant to further mutation. [wizard power]
    26 | D:1      | Gained mutation: You evolve. [wizard power]
    26 | D:1      | Lost mutation: You evolve. [wizard power]
    26 | D:1      | Gained mutation: You are somewhat resistant to further mutation. [wizard power]
    26 | D:1      | Lost mutation: You are somewhat resistant to further mutation. [wizard power]
    26 | D:1      | Gained mutation: You evolve. [wizard power]
    26 | D:1      | Gained mutation: You rapidly evolve. [wizard power]
    26 | D:1      | Lost mutation: You rapidly evolve. [wizard power]
    26 | D:1      | Lost mutation: You evolve. [wizard power]
    26 | D:1      | Gained mutation: You are somewhat resistant to further mutation. [wizard power]
    26 | D:1      | Lost mutation: You have razor-sharp teeth. [wizard power]
    26 | D:1      | Lost mutation: You have extremely sharp teeth. [wizard power]
    26 | D:1      | Lost mutation: You have very sharp teeth. [wizard power]
    26 | D:1      | Gained mutation: You have a beak for a mouth. [wizard power]
    26 | D:1      | Lost mutation: You have a beak for a mouth. [wizard power]
    26 | D:1      | Gained mutation: You have very sharp teeth. [wizard power]
    26 | D:1      | Lost mutation: You are somewhat resistant to further mutation. [wizard power]
    26 | D:1      | Gained mutation: You evolve. [wizard power]
    26 | D:1      | Gained mutation: You rapidly evolve. [wizard power]
    26 | D:1      | Lost mutation: You rapidly evolve. [wizard power]
    26 | D:1      | Lost mutation: You evolve. [wizard power]
    26 | D:1      | Gained mutation: You are somewhat resistant to further mutation. [wizard power]
    26 | D:1      | Gained mutation: You have extremely sharp teeth. [wizard power]
    26 | D:1      | Gained mutation: You are somewhat resistant to both further mutation and mutation removal. [wizard power]
    26 | D:1      | Gained mutation: You are almost entirely resistant to further mutation and mutation removal. [wizard power]
    26 | D:1      | Lost mutation: You are almost entirely resistant to further mutation and mutation removal. [wizard power]
    26 | D:1      | Lost mutation: You are somewhat resistant to both further mutation and mutation removal. [wizard power]
    26 | D:1      | Lost mutation: You are somewhat resistant to further mutation. [wizard power]
    26 | D:1      | Gained mutation: You evolve. [wizard power]
    26 | D:1      | Lost mutation: You evolve. [wizard power]
    26 | D:1      | Gained mutation: You are somewhat resistant to further mutation. [wizard power]
    26 | D:1      | Lost mutation: You are somewhat resistant to further mutation. [wizard power]
    26 | D:1      | Gained mutation: You evolve. [wizard power]
    26 | D:1      | Gained mutation: You rapidly evolve. [wizard power]
    26 | D:1      | Lost mutation: You rapidly evolve. [wizard power]
    26 | D:1      | Lost mutation: You evolve. [wizard power]
    26 | D:1      | Gained mutation: You are somewhat resistant to further mutation. [wizard power]
    26 | D:1      | Gained mutation: You are somewhat resistant to both further mutation and mutation removal. [wizard power]
    26 | D:1      | Gained mutation: You have razor-sharp teeth. [wizard power]
    26 | D:1      | Lost mutation: You are somewhat resistant to both further mutation and mutation removal. [wizard power]
    26 | D:1      | Lost mutation: You are somewhat resistant to further mutation. [wizard power]
    26 | D:1      | Gained mutation: You evolve. [wizard power]
    26 | D:1      | Lost mutation: You evolve. [wizard power]
    26 | D:1      | Gained mutation: You are somewhat resistant to further mutation. [wizard power]
    26 | D:1      | Lost mutation: You are somewhat resistant to further mutation. [wizard power]
    26 | D:1      | Gained mutation: You evolve. [wizard power]
    26 | D:1      | Gained mutation: You rapidly evolve. [wizard power]
    26 | D:1      | Lost mutation: You rapidly evolve. [wizard power]
    26 | D:1      | Lost mutation: You evolve. [wizard power]
    26 | D:1      | Gained mutation: You are somewhat resistant to further mutation. [wizard power]
    26 | D:1      | Lost mutation: You are somewhat resistant to further mutation. [wizard power]
    26 | D:1      | Gained mutation: You evolve. [wizard power]
    26 | D:1      | Gained mutation: You rapidly evolve. [wizard power]
    26 | D:1      | Lost mutation: You rapidly evolve. [wizard power]
    26 | D:1      | Lost mutation: You evolve. [wizard power]
    26 | D:1      | Gained mutation: You are somewhat resistant to further mutation. [wizard power]
    26 | D:1      | Gained mutation: You are somewhat resistant to both further mutation and mutation removal. [wizard power]
    26 | D:1      | Lost mutation: You are somewhat resistant to both further mutation and mutation removal. [wizard power]
    26 | D:1      | Lost mutation: You are somewhat resistant to further mutation. [wizard power]
    26 | D:1      | Gained mutation: You evolve. [wizard power]
    26 | D:1      | Gained mutation: You rapidly evolve. [wizard power]
    26 | D:1      | Lost mutation: You rapidly evolve. [wizard power]
    26 | D:1      | Lost mutation: You evolve. [wizard power]
    26 | D:1      | Gained mutation: You are somewhat resistant to further mutation. [wizard power]
    26 | D:1      | Gained mutation: You are somewhat resistant to both further mutation and mutation removal. [wizard power]
    26 | D:1      | Lost mutation: You are somewhat resistant to both further mutation and mutation removal. [wizard power]
    26 | D:1      | Lost mutation: You are somewhat resistant to further mutation. [wizard power]
    26 | D:1      | Gained mutation: You evolve. [wizard power]
    26 | D:1      | Lost mutation: You evolve. [wizard power]
    26 | D:1      | Gained mutation: You are somewhat resistant to further mutation. [wizard power]
    26 | D:1      | Gained mutation: You are somewhat resistant to both further mutation and mutation removal. [wizard power]
    26 | D:1      | Lost mutation: You are somewhat resistant to both further mutation and mutation removal. [wizard power]
    26 | D:1      | Lost mutation: You are somewhat resistant to further mutation. [wizard power]
    26 | D:1      | Gained mutation: You evolve. [wizard power]
    26 | D:1      | Gained mutation: You rapidly evolve. [wizard power]
    26 | D:1      | Lost mutation: You rapidly evolve. [wizard power]
    26 | D:1      | Lost mutation: You evolve. [wizard power]
    26 | D:1      | Gained mutation: You are somewhat resistant to further mutation. [wizard power]
    26 | D:1      | Lost mutation: You are somewhat resistant to further mutation. [wizard power]
    26 | D:1      | Gained mutation: You evolve. [wizard power]
    26 | D:1      | Lost mutation: You evolve. [wizard power]
    26 | D:1      | Gained mutation: You are somewhat resistant to further mutation. [wizard power]
    26 | D:1      | Gained mutation: You are somewhat resistant to both further mutation and mutation removal. [wizard power]
    26 | D:1      | Gained mutation: You are almost entirely resistant to further mutation and mutation removal. [wizard power]
    26 | D:1      | Lost mutation: You have razor-sharp teeth. [wizard power]
    26 | D:1      | Lost mutation: You have extremely sharp teeth. [wizard power]
    26 | D:1      | Lost mutation: You have very sharp teeth. [wizard power]
    26 | D:1      | Gained mutation: You have a beak for a mouth. [wizard power]
    26 | D:1      | Lost mutation: You are almost entirely resistant to further mutation and mutation removal. [wizard power]
    26 | D:1      | Lost mutation: You are somewhat resistant to both further mutation and mutation removal. [wizard power]
    26 | D:1      | Lost mutation: You are somewhat resistant to further mutation. [wizard power]
    26 | D:1      | Gained mutation: You evolve. [wizard power]
    26 | D:1      | Lost mutation: You evolve. [wizard power]
    26 | D:1      | Gained mutation: You are somewhat resistant to further mutation. [wizard power]
    26 | D:1      | Gained mutation: You are somewhat resistant to both further mutation and mutation removal. [wizard power]
    26 | D:1      | Gained mutation: You are almost entirely resistant to further mutation and mutation removal. [wizard power]
    26 | D:1      | Lost mutation: You have a beak for a mouth. [wizard power]
    26 | D:1      | Gained mutation: You have very sharp teeth. [wizard power]
    26 | D:1      | Gained mutation: You have extremely sharp teeth. [wizard power]
    26 | D:1      | Gained mutation: You have razor-sharp teeth. [wizard power]
    26 | D:1      | Lost mutation: You are almost entirely resistant to further mutation and mutation removal. [wizard power]
    26 | D:1      | Lost mutation: You are somewhat resistant to both further mutation and mutation removal. [wizard power]
    26 | D:1      | Lost mutation: You are somewhat resistant to further mutation. [wizard power]
    26 | D:1      | Gained mutation: You evolve. [wizard power]
    26 | D:1      | Lost mutation: You have razor-sharp teeth. [wizard power]
    26 | D:1      | Lost mutation: You have extremely sharp teeth. [wizard power]
    26 | D:1      | Lost mutation: You have very sharp teeth. [wizard power]
    26 | D:1      | Gained mutation: You have a beak for a mouth. [wizard power]
    26 | D:1      | Gained mutation: You rapidly evolve. [wizard power]
    26 | D:1      | Lost mutation: You rapidly evolve. [wizard power]
    26 | D:1      | Lost mutation: You evolve. [wizard power]
    26 | D:1      | Gained mutation: You are somewhat resistant to further mutation. [wizard power]
    26 | D:1      | Gained mutation: You are somewhat resistant to both further mutation and mutation removal. [wizard power]
    26 | D:1      | Gained mutation: You are almost entirely resistant to further mutation and mutation removal. [wizard power]
    26 | D:1      | Lost mutation: You have a beak for a mouth. [wizard power]
    26 | D:1      | Gained mutation: You have very sharp teeth. [wizard power]
    26 | D:1      | Gained mutation: You have extremely sharp teeth. [wizard power]
    26 | D:1      | Lost mutation: You are almost entirely resistant to further mutation and mutation removal. [wizard power]
    26 | D:1      | Lost mutation: You are somewhat resistant to both further mutation and mutation removal. [wizard power]
    26 | D:1      | Lost mutation: You are somewhat resistant to further mutation. [wizard power]
    26 | D:1      | Gained mutation: You evolve. [wizard power]
    26 | D:1      | Gained mutation: You rapidly evolve. [wizard power]
    26 | D:1      | Lost mutation: You have extremely sharp teeth. [wizard power]
    26 | D:1      | Lost mutation: You have very sharp teeth. [wizard power]
    26 | D:1      | Gained mutation: You have a beak for a mouth. [wizard power]
    26 | D:1      | Lost mutation: You rapidly evolve. [wizard power]
    26 | D:1      | Lost mutation: You evolve. [wizard power]
    26 | D:1      | Gained mutation: You are somewhat resistant to further mutation. [wizard power]
    26 | D:1      | Gained mutation: You are somewhat resistant to both further mutation and mutation removal. [wizard power]
    26 | D:1      | Lost mutation: You are somewhat resistant to both further mutation and mutation removal. [wizard power]
    26 | D:1      | Lost mutation: You are somewhat resistant to further mutation. [wizard power]
    26 | D:1      | Gained mutation: You evolve. [wizard power]
    26 | D:1      | Gained mutation: You rapidly evolve. [wizard power]
    26 | D:1      | Lost mutation: You rapidly evolve. [wizard power]
    26 | D:1      | Lost mutation: You evolve. [wizard power]
    26 | D:1      | Gained mutation: You are somewhat resistant to further mutation. [wizard power]
    26 | D:1      | Gained mutation: You are somewhat resistant to both further mutation and mutation removal. [wizard power]
    26 | D:1      | Lost mutation: You are somewhat resistant to both further mutation and mutation removal. [wizard power]
    26 | D:1      | Lost mutation: You are somewhat resistant to further mutation. [wizard power]
    26 | D:1      | Gained mutation: You evolve. [wizard power]
    26 | D:1      | Lost mutation: You evolve. [wizard power]
    26 | D:1      | Gained mutation: You are somewhat resistant to further mutation. [wizard power]
    26 | D:1      | Gained mutation: You are somewhat resistant to both further mutation and mutation removal. [wizard power]
    26 | D:1      | Lost mutation: You are somewhat resistant to both further mutation and mutation removal. [wizard power]
    26 | D:1      | Lost mutation: You are somewhat resistant to further mutation. [wizard power]
    26 | D:1      | Gained mutation: You evolve. [wizard power]
    26 | D:1      | Lost mutation: You evolve. [wizard power]
    26 | D:1      | Gained mutation: You are somewhat resistant to further mutation. [wizard power]
    26 | D:1      | Lost mutation: You are somewhat resistant to further mutation. [wizard power]
    26 | D:1      | Gained mutation: You evolve. [wizard power]
    26 | D:1      | Lost mutation: You evolve. [wizard power]
    26 | D:1      | Gained mutation: You are somewhat resistant to further mutation. [wizard power]
    26 | D:1      | Lost mutation: You are somewhat resistant to further mutation. [wizard power]
    26 | D:1      | Gained mutation: You evolve. [wizard power]
    26 | D:1      | Lost mutation: You evolve. [wizard power]
    26 | D:1      | Gained mutation: You are somewhat resistant to further mutation. [wizard power]
    26 | D:1      | Lost mutation: You are somewhat resistant to further mutation. [wizard power]
    26 | D:1      | Gained mutation: You evolve. [wizard power]
    26 | D:1      | Gained mutation: You rapidly evolve. [wizard power]
    26 | D:1      | Lost mutation: You have a beak for a mouth. [wizard power]
    26 | D:1      | Gained mutation: You have very sharp teeth. [wizard power]
    26 | D:1      | Lost mutation: You rapidly evolve. [wizard power]
    26 | D:1      | Lost mutation: You evolve. [wizard power]
    26 | D:1      | Gained mutation: You are somewhat resistant to further mutation. [wizard power]
    26 | D:1      | Lost mutation: You have very sharp teeth. [wizard power]
    26 | D:1      | Gained mutation: You have a beak for a mouth. [wizard power]
    26 | D:1      | Gained mutation: You are somewhat resistant to both further mutation and mutation removal. [wizard power]
    26 | D:1      | Gained mutation: You are almost entirely resistant to further mutation and mutation removal. [wizard power]
    26 | D:1      | Lost mutation: You are almost entirely resistant to further mutation and mutation removal. [wizard power]
    26 | D:1      | Lost mutation: You are somewhat resistant to both further mutation and mutation removal. [wizard power]
    26 | D:1      | Lost mutation: You are somewhat resistant to further mutation. [wizard power]
    26 | D:1      | Gained mutation: You evolve. [wizard power]
    26 | D:1      | Gained mutation: You rapidly evolve. [wizard power]
    26 | D:1      | Lost mutation: You rapidly evolve. [wizard power]
    26 | D:1      | Lost mutation: You evolve. [wizard power]
    26 | D:1      | Gained mutation: You are somewhat resistant to further mutation. [wizard power]
    26 | D:1      | Lost mutation: You are somewhat resistant to further mutation. [wizard power]
    26 | D:1      | Gained mutation: You evolve. [wizard power]
    26 | D:1      | Lost mutation: You evolve. [wizard power]
    26 | D:1      | Gained mutation: You are somewhat resistant to further mutation. [wizard power]
    26 | D:1      | Gained mutation: You are somewhat resistant to both further mutation and mutation removal. [wizard power]
    26 | D:1      | Lost mutation: You are somewhat resistant to both further mutation and mutation removal. [wizard power]
    26 | D:1      | Lost mutation: You are somewhat resistant to further mutation. [wizard power]
    26 | D:1      | Gained mutation: You evolve. [wizard power]
    26 | D:1      | Lost mutation: You evolve. [wizard power]
    26 | D:1      | Gained mutation: You are somewhat resistant to further mutation. [wizard power]
    26 | D:1      | Lost mutation: You are somewhat resistant to further mutation. [wizard power]
    26 | D:1      | Gained mutation: You evolve. [wizard power]
    26 | D:1      | Gained mutation: You rapidly evolve. [wizard power]
    26 | D:1      | Lost mutation: You rapidly evolve. [wizard power]
    26 | D:1      | Lost mutation: You evolve. [wizard power]
    26 | D:1      | Gained mutation: You are somewhat resistant to further mutation. [wizard power]
    26 | D:1      | Lost mutation: You are somewhat resistant to further mutation. [wizard power]
    26 | D:1      | Gained mutation: You evolve. [wizard power]
    26 | D:1      | Gained mutation: You rapidly evolve. [wizard power]
    26 | D:1      | Lost mutation: You have a beak for a mouth. [wizard power]
    26 | D:1      | Gained mutation: You have very sharp teeth. [wizard power]
    26 | D:1      | Lost mutation: You rapidly evolve. [wizard power]
    26 | D:1      | Lost mutation: You evolve. [wizard power]
    26 | D:1      | Gained mutation: You are somewhat resistant to further mutation. [wizard power]
    26 | D:1      | Lost mutation: You are somewhat resistant to further mutation. [wizard power]
    26 | D:1      | Gained mutation: You evolve. [wizard power]
    26 | D:1      | Lost mutation: You evolve. [wizard power]
    26 | D:1      | Gained mutation: You are somewhat resistant to further mutation. [wizard power]
    26 | D:1      | Gained mutation: You are somewhat resistant to both further mutation and mutation removal. [wizard power]
    26 | D:1      | Gained mutation: You are almost entirely resistant to further mutation and mutation removal. [wizard power]
    26 | D:1      | Lost mutation: You are almost entirely resistant to further mutation and mutation removal. [wizard power]
    26 | D:1      | Lost mutation: You are somewhat resistant to both further mutation and mutation removal. [wizard power]
    26 | D:1      | Lost mutation: You are somewhat resistant to further mutation. [wizard power]
    26 | D:1      | Gained mutation: You evolve. [wizard power]
    26 | D:1      | Lost mutation: You have very sharp teeth. [wizard power]
    26 | D:1      | Gained mutation: You have a beak for a mouth. [wizard power]
    26 | D:1      | Lost mutation: You evolve. [wizard power]
    26 | D:1      | Gained mutation: You are somewhat resistant to further mutation. [wizard power]
    26 | D:1      | Gained mutation: You are somewhat resistant to both further mutation and mutation removal. [wizard power]
    26 | D:1      | Lost mutation: You are somewhat resistant to both further mutation and mutation removal. [wizard power]
    26 | D:1      | Lost mutation: You are somewhat resistant to further mutation. [wizard power]
    26 | D:1      | Gained mutation: You evolve. [wizard power]
    26 | D:1      | Lost mutation: You evolve. [wizard power]
    26 | D:1      | Gained mutation: You are somewhat resistant to further mutation. [wizard power]
    26 | D:1      | Lost mutation: You have a beak for a mouth. [wizard power]
    26 | D:1      | Gained mutation: You have very sharp teeth. [wizard power]
    26 | D:1      | Lost mutation: You are somewhat resistant to further mutation. [wizard power]
    26 | D:1      | Gained mutation: You evolve. [wizard power]
    26 | D:1      | Gained mutation: You rapidly evolve. [wizard power]
    26 | D:1      | Lost mutation: You rapidly evolve. [wizard power]
    26 | D:1      | Lost mutation: You evolve. [wizard power]
    26 | D:1      | Gained mutation: You are somewhat resistant to further mutation. [wizard power]
    26 | D:1      | Lost mutation: You are somewhat resistant to further mutation. [wizard power]
    26 | D:1      | Gained mutation: You evolve. [wizard power]
    26 | D:1      | Gained mutation: You rapidly evolve. [wizard power]
    26 | D:1      | Lost mutation: You rapidly evolve. [wizard power]
    26 | D:1      | Lost mutation: You evolve. [wizard power]
    26 | D:1      | Gained mutation: You are somewhat resistant to further mutation. [wizard power]
    26 | D:1      | Lost mutation: You have very sharp teeth. [wizard power]
    26 | D:1      | Gained mutation: You have a beak for a mouth. [wizard power]
    26 | D:1      | Gained mutation: You are somewhat resistant to both further mutation and mutation removal. [wizard power]
    26 | D:1      | Gained mutation: You are almost entirely resistant to further mutation and mutation removal. [wizard power]
    26 | D:1      | Lost mutation: You are almost entirely resistant to further mutation and mutation removal. [wizard power]
    26 | D:1      | Lost mutation: You are somewhat resistant to both further mutation and mutation removal. [wizard power]
    26 | D:1      | Lost mutation: You are somewhat resistant to further mutation. [wizard power]
    26 | D:1      | Gained mutation: You evolve. [wizard power]
    26 | D:1      | Lost mutation: You evolve. [wizard power]
    26 | D:1      | Gained mutation: You are somewhat resistant to further mutation. [wizard power]
    26 | D:1      | Gained mutation: You are somewhat resistant to both further mutation and mutation removal. [wizard power]
    26 | D:1      | Lost mutation: You are somewhat resistant to both further mutation and mutation removal. [wizard power]
    26 | D:1      | Lost mutation: You are somewhat resistant to further mutation. [wizard power]
    26 | D:1      | Gained mutation: You evolve. [wizard power]
    26 | D:1      | Gained mutation: You rapidly evolve. [wizard power]
    26 | D:1      | Lost mutation: You rapidly evolve. [wizard power]
    26 | D:1      | Lost mutation: You evolve. [wizard power]
    26 | D:1      | Gained mutation: You are somewhat resistant to further mutation. [wizard power]
    26 | D:1      | Gained mutation: You are somewhat resistant to both further mutation and mutation removal. [wizard power]
    26 | D:1      | Lost mutation: You have a beak for a mouth. [wizard power]
    26 | D:1      | Gained mutation: You have very sharp teeth. [wizard power]
    26 | D:1      | Lost mutation: You are somewhat resistant to both further mutation and mutation removal. [wizard power]
    26 | D:1      | Lost mutation: You are somewhat resistant to further mutation. [wizard power]
    26 | D:1      | Gained mutation: You evolve. [wizard power]
    26 | D:1      | Gained mutation: You rapidly evolve. [wizard power]
    26 | D:1      | Lost mutation: You have very sharp teeth. [wizard power]
    26 | D:1      | Gained mutation: You have a beak for a mouth. [wizard power]
    26 | D:1      | Lost mutation: You rapidly evolve. [wizard power]
    26 | D:1      | Lost mutation: You evolve. [wizard power]
    26 | D:1      | Gained mutation: You are somewhat resistant to further mutation. [wizard power]
    26 | D:1      | Gained mutation: You are somewhat resistant to both further mutation and mutation removal. [wizard power]
    26 | D:1      | Lost mutation: You are somewhat resistant to both further mutation and mutation removal. [wizard power]
    26 | D:1      | Lost mutation: You are somewhat resistant to further mutation. [wizard power]
    26 | D:1      | Gained mutation: You evolve. [wizard power]
    26 | D:1      | Lost mutation: You have a beak for a mouth. [wizard power]
    26 | D:1      | Gained mutation: You have very sharp teeth. [wizard power]
    26 | D:1      | Lost mutation: You evolve. [wizard power]
    26 | D:1      | Gained mutation: You are somewhat resistant to further mutation. [wizard power]
    26 | D:1      | Lost mutation: You are somewhat resistant to further mutation. [wizard power]
    26 | D:1      | Gained mutation: You evolve. [wizard power]
    26 | D:1      | Lost mutation: You evolve. [wizard power]
    26 | D:1      | Gained mutation: You are somewhat resistant to further mutation. [wizard power]
    26 | D:1      | Lost mutation: You are somewhat resistant to further mutation. [wizard power]
    26 | D:1      | Gained mutation: You evolve. [wizard power]
    26 | D:1      | Gained mutation: You have extremely sharp teeth. [wizard power]
    26 | D:1      | Gained mutation: You rapidly evolve. [wizard power]
    26 | D:1      | Gained mutation: You have razor-sharp teeth. [wizard power]
    26 | D:1      | Lost mutation: You rapidly evolve. [wizard power]
    26 | D:1      | Lost mutation: You evolve. [wizard power]
    26 | D:1      | Gained mutation: You are somewhat resistant to further mutation. [wizard power]
    26 | D:1      | Gained mutation: You are somewhat resistant to both further mutation and mutation removal. [wizard power]
    26 | D:1      | Lost mutation: You are somewhat resistant to both further mutation and mutation removal. [wizard power]
    26 | D:1      | Lost mutation: You are somewhat resistant to further mutation. [wizard power]
    26 | D:1      | Gained mutation: You evolve. [wizard power]
    26 | D:1      | Gained mutation: You rapidly evolve. [wizard power]
    26 | D:1      | Lost mutation: You rapidly evolve. [wizard power]
    26 | D:1      | Lost mutation: You evolve. [wizard power]
    26 | D:1      | Gained mutation: You are somewhat resistant to further mutation. [wizard power]
    26 | D:1      | Lost mutation: You are somewhat resistant to further mutation. [wizard power]
    26 | D:1      | Gained mutation: You evolve. [wizard power]
    26 | D:1      | Lost mutation: You evolve. [wizard power]
    26 | D:1      | Gained mutation: You are somewhat resistant to further mutation. [wizard power]
    26 | D:1      | Lost mutation: You are somewhat resistant to further mutation. [wizard power]
    26 | D:1      | Gained mutation: You evolve. [wizard power]
    26 | D:1      | Gained mutation: You rapidly evolve. [wizard power]
    26 | D:1      | Lost mutation: You rapidly evolve. [wizard power]
    26 | D:1      | Lost mutation: You evolve. [wizard power]
    26 | D:1      | Gained mutation: You are somewhat resistant to further mutation. [wizard power]
    26 | D:1      | Lost mutation: You are somewhat resistant to further mutation. [wizard power]
    26 | D:1      | Gained mutation: You evolve. [wizard power]
    26 | D:1      | Gained mutation: You rapidly evolve. [wizard power]
    26 | D:1      | Lost mutation: You rapidly evolve. [wizard power]
    26 | D:1      | Lost mutation: You evolve. [wizard power]
    26 | D:1      | Gained mutation: You are somewhat resistant to further mutation. [wizard power]
    26 | D:1      | Lost mutation: You have razor-sharp teeth. [wizard power]
    26 | D:1      | Lost mutation: You have extremely sharp teeth. [wizard power]
    26 | D:1      | Lost mutation: You have very sharp teeth. [wizard power]
    26 | D:1      | Gained mutation: You have a beak for a mouth. [wizard power]
    26 | D:1      | Lost mutation: You are somewhat resistant to further mutation. [wizard power]
    26 | D:1      | Gained mutation: You evolve. [wizard power]
    26 | D:1      | Lost mutation: You evolve. [wizard power]
    26 | D:1      | Gained mutation: You are somewhat resistant to further mutation. [wizard power]
    26 | D:1      | Lost mutation: You have a beak for a mouth. [wizard power]
    26 | D:1      | Gained mutation: You have very sharp teeth. [wizard power]
    26 | D:1      | Gained mutation: You are somewhat resistant to both further mutation and mutation removal. [wizard power]
    26 | D:1      | Lost mutation: You are somewhat resistant to both further mutation and mutation removal. [wizard power]
    26 | D:1      | Lost mutation: You are somewhat resistant to further mutation. [wizard power]
    26 | D:1      | Gained mutation: You evolve. [wizard power]
    26 | D:1      | Gained mutation: You rapidly evolve. [wizard power]
    26 | D:1      | Lost mutation: You rapidly evolve. [wizard power]
    26 | D:1      | Lost mutation: You evolve. [wizard power]
    26 | D:1      | Gained mutation: You are somewhat resistant to further mutation. [wizard power]
    26 | D:1      | Gained mutation: You have extremely sharp teeth. [wizard power]
    26 | D:1      | Gained mutation: You are somewhat resistant to both further mutation and mutation removal. [wizard power]
    26 | D:1      | Lost mutation: You are somewhat resistant to both further mutation and mutation removal. [wizard power]
    26 | D:1      | Lost mutation: You are somewhat resistant to further mutation. [wizard power]
    26 | D:1      | Gained mutation: You evolve. [wizard power]
    26 | D:1      | Gained mutation: You rapidly evolve. [wizard power]
    26 | D:1      | Lost mutation: You rapidly evolve. [wizard power]
    26 | D:1      | Lost mutation: You evolve. [wizard power]
    26 | D:1      | Gained mutation: You are somewhat resistant to further mutation. [wizard power]
    26 | D:1      | Gained mutation: You are somewhat resistant to both further mutation and mutation removal. [wizard power]
    26 | D:1      | Lost mutation: You are somewhat resistant to both further mutation and mutation removal. [wizard power]
    26 | D:1      | Lost mutation: You are somewhat resistant to further mutation. [wizard power]
    26 | D:1      | Gained mutation: You evolve. [wizard power]
    26 | D:1      | Lost mutation: You evolve. [wizard power]
    26 | D:1      | Gained mutation: You are somewhat resistant to further mutation. [wizard power]
    26 | D:1      | Gained mutation: You are somewhat resistant to both further mutation and mutation removal. [wizard power]
    26 | D:1      | Lost mutation: You are somewhat resistant to both further mutation and mutation removal. [wizard power]
    26 | D:1      | Lost mutation: You are somewhat resistant to further mutation. [wizard power]
    26 | D:1      | Gained mutation: You evolve. [wizard power]
    26 | D:1      | Gained mutation: You rapidly evolve. [wizard power]
    26 | D:1      | Gained mutation: You have razor-sharp teeth. [wizard power]
    26 | D:1      | Lost mutation: You rapidly evolve. [wizard power]
    26 | D:1      | Lost mutation: You evolve. [wizard power]
    26 | D:1      | Gained mutation: You are somewhat resistant to further mutation. [wizard power]
    26 | D:1      | Gained mutation: You are somewhat resistant to both further mutation and mutation removal. [wizard power]
    26 | D:1      | Gained mutation: You are almost entirely resistant to further mutation and mutation removal. [wizard power]
    26 | D:1      | Lost mutation: You are almost entirely resistant to further mutation and mutation removal. [wizard power]
    26 | D:1      | Lost mutation: You are somewhat resistant to both further mutation and mutation removal. [wizard power]
    26 | D:1      | Lost mutation: You are somewhat resistant to further mutation. [wizard power]
    26 | D:1      | Gained mutation: You evolve. [wizard power]
    26 | D:1      | Gained mutation: You rapidly evolve. [wizard power]
    26 | D:1      | Lost mutation: You rapidly evolve. [wizard power]
    26 | D:1      | Lost mutation: You evolve. [wizard power]
    26 | D:1      | Gained mutation: You are somewhat resistant to further mutation. [wizard power]
    26 | D:1      | Lost mutation: You are somewhat resistant to further mutation. [wizard power]
    26 | D:1      | Gained mutation: You evolve. [wizard power]
    26 | D:1      | Gained mutation: You rapidly evolve. [wizard power]
    26 | D:1      | Lost mutation: You have razor-sharp teeth. [wizard power]
    26 | D:1      | Lost mutation: You have extremely sharp teeth. [wizard power]
    26 | D:1      | Lost mutation: You have very sharp teeth. [wizard power]
    26 | D:1      | Gained mutation: You have a beak for a mouth. [wizard power]
    26 | D:1      | Lost mutation: You rapidly evolve. [wizard power]
    26 | D:1      | Lost mutation: You evolve. [wizard power]
    26 | D:1      | Gained mutation: You are somewhat resistant to further mutation. [wizard power]
    26 | D:1      | Gained mutation: You are somewhat resistant to both further mutation and mutation removal. [wizard power]
    26 | D:1      | Lost mutation: You have a beak for a mouth. [wizard power]
    26 | D:1      | Gained mutation: You have very sharp teeth. [wizard power]
    26 | D:1      | Gained mutation: You have extremely sharp teeth. [wizard power]
    26 | D:1      | Gained mutation: You have razor-sharp teeth. [wizard power]
    26 | D:1      | Gained mutation: You are almost entirely resistant to further mutation and mutation removal. [wizard power]
    26 | D:1      | Lost mutation: You are almost entirely resistant to further mutation and mutation removal. [wizard power]
    26 | D:1      | Lost mutation: You are somewhat resistant to both further mutation and mutation removal. [wizard power]
    26 | D:1      | Lost mutation: You are somewhat resistant to further mutation. [wizard power]
    26 | D:1      | Gained mutation: You evolve. [wizard power]
    26 | D:1      | Gained mutation: You rapidly evolve. [wizard power]
    26 | D:1      | Lost mutation: You rapidly evolve. [wizard power]
    26 | D:1      | Lost mutation: You evolve. [wizard power]
    26 | D:1      | Gained mutation: You are somewhat resistant to further mutation. [wizard power]
    26 | D:1      | Gained mutation: You are somewhat resistant to both further mutation and mutation removal. [wizard power]
    26 | D:1      | Gained mutation: You are almost entirely resistant to further mutation and mutation removal. [wizard power]
    42 | D:1      | Gained mutation: You resist negative energy. (rN+) [wizard power]
    42 | D:1      | Gained mutation: You are quite resistant to negative energy. (rN++) [wizard power]
    42 | D:1      | Gained mutation: You are immune to negative energy. (rN+++) [wizard power]
    45 | D:1      | Gained mutation: You have acidic saliva. [wizard power]
   602 | D:4      | Noticed Eustachio
   605 | D:4      | Killed Eustachio
   605 | D:4      | Reached XP level 4. HP: 40/40 MP: 12/12
   605 | D:4      | Reached XP level 5. HP: 46/46 MP: 13/13
   710 | D:4      | Found a glowing golden altar of the Shining One.
   788 | D:4      | Reached XP level 6. HP: 54/54 MP: 15/15
   875 | D:4      | Found a staircase to the Ecumenical Temple.
  1160 | D:4      | Found a shimmering altar of Xom.
  1167 | D:4      | Noticed minmay's ghost (amateur OpVM)
  1170 | D:4      | Killed minmay's ghost
  1204 | D:4      | Reached skill level 5 in Dodging
  1204 | D:4      | Reached skill level 5 in Unarmed Combat
  1204 | D:4      | Reached XP level 7. HP: 59/59 MP: 16/16
  1272 | D:4      | Noticed Blork the orc
  1277 | D:4      | Killed Blork the orc
  1392 | D:5      | Entered Level 5 of the Dungeon
  1637 | D:5      | Noticed a slime creature
  1639 | D:5      | Killed a slime creature
  1907 | D:5      | Noticed the 27-headed Lernaean hydra
  1914 | D:5      | Upgraded the game from 0.19-a0-594-g235f30c to 0.19-a0-724-g04d1648
  1915 | Zot:5    | Entered Level 5 of the Realm of Zot
  1915 | Zot:5    | Cast into level 1 of the Abyss (wizard command)
  1915 | Zot:5    | Escaped the Abyss
  1915 | Zot:5    | Noticed a fire dragon
  1915 | Zot:5    | Noticed a black draconian
  1915 | Zot:5    | Noticed a tentacled monstrosity
  1916 | Zot:5    | Noticed an Orb Guardian
  1917 | Zot:5    | Noticed an Orb Guardian
  1917 | Zot:5    | Noticed a red draconian shifter
  1917 | Zot:5    | Learned a level 9 spell: Dragon's Call
  1917 | Zot:5    | Killed a fire dragon
  1917 | Zot:5    | Reached XP level 8. HP: 67/67 MP: 8/17
  1919 | Zot:5    | Noticed an Orb Guardian
  1921 | Zot:5    | Noticed a Killer Klown
  1922 | Zot:5    | Noticed a storm dragon
  1923 | Zot:5    | Killed an Orb Guardian
  1923 | Zot:5    | Reached XP level 9. HP: 74/74 MP: 3/19
  1923 | Zot:5    | Killed a black draconian
  1924 | Zot:5    | Killed an Orb Guardian
  1924 | Zot:5    | Reached XP level 10. HP: 81/81 MP: 0/20
  1927 | Zot:5    | Noticed an orb of fire
  1927 | Zot:5    | Killed an Orb Guardian
  1927 | Zot:5    | Killed a storm dragon
  1936 | Zot:5    | Noticed a golden dragon
  1947 | Zot:5    | Lost mutation: You have a greatly increased reservoir of magic. (+30% MP) [an orb of fire]
  1950 | Zot:5    | Cast into level 3 of the Abyss (the power of Zot)
  1951 | Zot:5    | Escaped the Abyss
  1951 | Zot:5    | Noticed an orb of fire
  1952 | Zot:5    | Gained mutation: You tend to lose your temper in combat. [an orb of fire]
  1955 | Zot:5    | Noticed an ancient lich
  1959 | Zot:5    | Noticed a Killer Klown
  1963 | Zot:5    | Entered Level 5 of the Realm of Zot
  1963 | Zot:5    | Noticed a ghost moth
  1963 | Zot:5    | Noticed a purple draconian shifter
  1963 | Zot:5    | Noticed a white draconian
  1963 | Zot:5    | Noticed a green draconian zealot
  1963 | Zot:5    | Noticed a black draconian
  1963 | Zot:5    | Noticed a black draconian annihilator
  1963 | Zot:5    | Noticed a black draconian scorcher
  1963 | Zot:5    | Noticed a white draconian
  1963 | Zot:5    | Noticed a purple draconian caller
  1963 | Zot:5    | Noticed a green draconian
  1963 | Zot:5    | Noticed a white draconian zealot
  1963 | Zot:5    | Noticed a green draconian annihilator
  1963 | Zot:5    | Noticed a golden dragon
  1963 | Zot:5    | Noticed an ancient lich
  1963 | Zot:5    | Noticed a death cob
  1963 | Zot:5    | Noticed a purple draconian zealot
  1963 | Zot:5    | Noticed a green draconian
  1963 | Zot:5    | Noticed a green draconian zealot
  1963 | Zot:5    | Noticed an Orb Guardian
  1963 | Zot:5    | Noticed an Orb Guardian
  1963 | Zot:5    | Noticed an Orb Guardian
  1963 | Zot:5    | Noticed a moth of wrath
  1963 | Zot:5    | Noticed a tentacled monstrosity
  1968 | Zot:5    | Noticed an Orb Guardian
  1969 | Zot:5    | Noticed an Orb Guardian
  1969 | Zot:5    | Noticed an Orb Guardian
  1969 | Zot:5    | Killed an Orb Guardian
  1972 | Zot:5    | Noticed an Orb Guardian
  1972 | Zot:5    | Killed a moth of wrath
  1974 | Zot:5    | Killed an Orb Guardian
  1974 | Zot:5    | Reached XP level 11. HP: 120/152 MP: 28/50
  1975 | Zot:5    | Killed an Orb Guardian
  1976 | Zot:5    | Killed an Orb Guardian
  1978 | Zot:5    | Killed a tentacled monstrosity
  1981 | Zot:5    | Noticed a moth of wrath
  1981 | Zot:5    | Killed an Orb Guardian
  1981 | Zot:5    | Killed an Orb Guardian
  1982 | Zot:5    | Reached XP level 12. HP: 89/161 MP: 25/51
  1982 | Volcano  | Entered a volcano
  1995 | WizLab   | Entered The Hall of the Hellbinder
  1996 | WizLab   | Lost mutation: You tend to lose your temper in combat. [wizard power]
  1997 | WizLab   | Gained mutation: You are somewhat resistant to further mutation. [potion of beneficial mutation]
  1999 | WizLab   | Gained mutation: You are somewhat resistant to both further mutation and mutation removal. [potion of beneficial mutation]
  2001 | WizLab   | Gained mutation: You have a greatly increased reservoir of magic. (+30% MP) [potion of beneficial mutation]
  2002 | WizLab   | Gained mutation: You have sharp fingernails. [potion of beneficial mutation]
  2004 | WizLab   | Gained mutation: You have very sharp fingernails. [potion of beneficial mutation]
  2005 | WizLab   | Gained mutation: You are almost entirely resistant to further mutation and mutation removal. [potion of beneficial mutation]
  2238 | WizLab   | Lost mutation: You have a pair of large antennae on your head. (SInv) [wizard power]
  2240 | WizLab   | Learned a level 6 spell: Haste
  2250 | WizLab   | Noticed a blizzard demon
  2256 | WizLab   | Killed a blizzard demon
  2263 | WizLab   | Noticed a hell beast
  2263 | WizLab   | Noticed a hell beast
  2267 | WizLab   | Killed a hell beast
  2270 | WizLab   | Killed a hell beast
  2279 | WizLab   | Noticed a deep elf demonologist
  2287 | WizLab   | Killed a deep elf demonologist
  2309 | WizLab   | Noticed a balrug
  2349 | WizLab   | Killed a balrug
  2349 | WizLab   | Reached XP level 13. HP: 188/188 MP: 57/57
  2393 | WizLab   | Noticed a hell beast
  2416 | WizLab   | Killed a hell beast
  2418 | WizLab   | Noticed a hell beast
  2427 | WizLab   | Killed a hell beast
  2430 | WizLab   | Noticed a reaper
  2431 | WizLab   | Killed a reaper
  2448 | WizLab   | Noticed Lemily
  2450 | WizLab   | Found a burning altar of Makhleb.
  2456 | WizLab   | Killed Lemily the Hellbinder
  2461 | Temple   | Entered the Ecumenical Temple
  2472 | Temple   | Noticed a deep elf high priest
  2479 | Temple   | Noticed a yellow draconian scorcher
  2479 | Temple   | Noticed a red draconian scorcher
  2492 | Temple   | Noticed an azure jelly
  2500 | Temple   | Noticed a black draconian zealot
  2500 | Temple   | Noticed a red draconian scorcher
  2511 | Temple   | Noticed a ghost moth
  2511 | Temple   | Noticed a ghost moth
  2514 | Temple   | Noticed an azure jelly
  2522 | Temple   | Noticed a thorn hunter
  2536 | Temple   | Noticed a catoblepas
  2543 | Temple   | Noticed a deep elf death mage
  2543 | Temple   | Noticed a vampire knight
  2566 | Temple   | Noticed a mummy priest
  2568 | Temple   | Noticed a deep elf master archer
  2570 | Temple   | Noticed a white draconian zealot
  2593 | Temple   | Noticed a sphinx
  2597 | Temple   | Noticed a merfolk javelineer
  2618 | Temple   | Noticed an emperor scorpion
  2618 | Temple   | Noticed an emperor scorpion
  2619 | Temple   | Noticed a catoblepas
  2632 | Temple   | Noticed a deep elf death mage
  2656 | Temple   | Noticed a deep elf blademaster
  2656 | Temple   | Noticed a deep elf blademaster
  2657 | Temple   | Noticed an ancient champion
  2657 | Temple   | Noticed a war gargoyle
  2658 | Temple   | Noticed a greater naga
  2660 | Temple   | Reached XP level 14. HP: 124/198 MP: 1/58
  2660 | Temple   | Reached XP level 15. HP: 129/206 MP: 1/59
  2686 | Temple   | Noticed an Ice Fiend
  2695 | Temple   | Killed an Ice Fiend
  2695 | Temple   | Reached XP level 16. HP: 217/217 MP: 61/61
  2696 | Temple   | Noticed Cerebov
  2718 | Temple   | Killed Cerebov
  2720 | Volcano  | Found a bloodstained altar of Trog.
  2773 | Volcano  | Reached XP level 15. HP: 244/244 MP: 0/0
  2786 | Volcano  | Upgraded the game from 0.19-a0-724-g04d1648 to 0.20-a0-386-g2d247ea
  2805 | Volcano  | Quit the game

Vault maps used:
D:1:      erik_arrival_triangle_large
D:4:      nicolae_overflow_crystal_walls, overflow_temple_1_default,
          minmay_temple_entry_fiery, uniq_blork_the_orc, uniq_eustachio
D:5:      first_bread, uniq_menkaure
D:6:      nicolae_gozag_cash_rules_everything_around_me, basic_altar,
          eino_tiny_chamber, grunt_dithmenos_smoke, uniq_edmund
Temple:   nicolae_temple_elliptical
Abyss:3:  evilmike_abyss_exit_smiterflies, nicolae_abyss_rune_star_stuff,
          evilmike_abyss_exit_plants
Volcano:  volcano_lake
WizLab:   wizlab_demon

Skill      XL: |  1  2  3  4  5  6  7  8  9 10 11 12 13 14 15 16 |
---------------+-------------------------------------------------+-----
Fighting       | 3 | 27.0
Throwing       | 3 | 27.0
Dodging        | 4 5 | 27.0
Stealth        | 5 26 | 26.9
Unarmed Combat | 3 4 5 6 | 27.0
Spellcasting   | 3 | 27.0
Ice Magic      | 4 | 27.0
Poison Magic   | 26 | 27.0
Evocations     | 26 | 27.0
Invocations    | 26 | 26.9
Short Blades   | | 27.0
Long Blades    | | 27.0
Axes           | | 27.0
Maces & Flails | | 27.0
Polearms       | | 27.0
Staves         | | 27.0
Slings         | | 27.0
Bows           | | 27.0
Crossbows      | | 27.0
Armour         | | 27.0
Shields        | | 27.0
Conjurations   | | 27.0
Hexes          | | 27.0
Charms         | | 27.0
Summonings     | | 27.0
Necromancy     | | 27.0
Translocations | | 27.0
Transmutations | | 27.0
Fire Magic     | | 27.0
Air Magic      | | 27.0
Earth Magic    | | 27.0

Action                   |  1- 3 |  4- 6 |  7- 9 | 10-12 | 13-15 | 16-18 || total
-------------------------+-------+-------+-------+-------+-------+-------++-------
Melee: Unarmed           |    24 |    17 |    15 |     5 |    48 |       ||   109
       Kick              |     5 |     6 |     4 |    72 |   113 | 11362 || 11562
       Constrict         |     4 |     6 |     2 |       |       |       ||    12
       Tentacles         |     2 |       |     2 |       |       |       ||     4
       Bite              |     1 |     4 |     1 |    27 |    39 |  4621 ||  4693
       Punch             |     1 |       |       |    23 |    32 |  3287 ||  3343
       Quick blade       |       |       |       |    79 |   185 | 12047 || 12311
       Maul              |       |       |       |       |    46 |       ||    46
       Tailslap          |       |       |       |       |     2 |       ||     2
 Cast: Dragon's Call     |       |       |       |     1 |       |       ||     1
       Haste             |       |       |       |     1 |       |       ||     1
  Use: Potion            |       |       |       |   113 |       |       ||   113
 Stab: Sleeping          |    20 |    10 |     7 |     1 |     2 |     8 ||    48
       Invisible         |     1 |       |       |       |       |       ||     1
       Distracted        |       |     2 |     1 |     2 |    31 |       ||    36
Armor: Skin              |       |       |     1 |       |       |       ||     1
       Crystal plate arm |       |       |       |     1 |    22 |  3909 ||  3932
Dodge: Dodged            |     1 |     2 |   102 |   101 |   162 |  9178 ||  9546
Block: Other             |       |       |     1 |     1 |     7 |   488 ||   497
